Workbook
Name _Hlk111537703: 'Table 1'!$A$1
Name _Hlk111537721: 'Table 2'!$A$1
Name _Hlk111537733: 'Table 3'!$A$1
Name _Hlk111537756: 'Table 6'!$A$4
Name _Hlk111537767: 'Table 7'!$A$1
Name _Hlk99103046: 'Table 7'!$A$17
Name SourcesTable1: 'Table 1'!$B$92
Name SourcesTable2: 'Table 2'!$B$93
Name SourcesTable3: 'Table 3'!$B$58
Name SourcesTable4: 'Table 4'!$B$91
Name SourcesTable5: 'Table 5'!$B$92
Name SourcesTable6: 'Table 6'!$B$95
Name SourcesTable7: 'Table 7'!$B$93
Name SourcesTable8: 'Table 8'!$B$85
Name SourcesTable9: 'Table 9'!$B$84

Sheet Contents
A1: Tables and sources for
A2: The Employment Contracts Act 1991 and the labour share of output in Aotearoa/New Zealand
A3: Geoff Bertram and Bill Rosenberg
A5: Contents
A7: Table 1: Deriving the labour participation ratio and Wage Ratio for employees, 1939-2023
A8: Table 2: Components of the Wage Ratio, in real terms (2020 dollar values)
A9: Table 3: Wage Ratios by gender
A10: Table 4. Analysis using estimated full-time workers in place of ‘employees’
A11: Table 5: Imputation of labour income to the self-employed
A12: Table 6: Aggregating employees and self-employed
A13: Table 7: Calculation of the Wage Ratio for various combinations of employees, self-employed and unemployed
A14: Table 8: Industry composition of employment of wage and salary workers, various sources 1947-2020, thousands of employed workers
A15: Table 9: Distribution of value added between labour and surplus by industry, March years 1947-2021

Sheet Table 1
A1: Table 1: Deriving the labour participation ratio and Wage Ratio for employees, 1939-2023
A2: Click for table sources
B3: 1 | C3: 2 | D3: 3 | E3: 4 | F3: 5 | G3: 6 | H3: 7 | I3: 8 | J3: 9 | K3: 10 | L3: 11 | M3: 12 | N3: 13 | O3: 14 | P3: 15 | Q3: 16 | R3: (17) | S3: (18)
B4: Adult population aged 16 and over | C4: Employed wage and salary workers | D4: Employees employment rate, (2) ÷ (1) | E4: Net domestic income at factor cost $m | F4: Net Imputed rent of owner-occupied property, $m | G4: Adjusted NDI (excluding owner-occupied property), (4) - (5) | H4: Adjusted NDI per adult $, (6) ÷ (1) | I4: Compensation of employees $m | J4: Labour income per employee $, (8) ÷ (2) | K4: Wage Ratio (9) ÷ (7) | L4: Labour share of NDI (8)÷(4) | M4: Labour share of adjusted NDI, (3) x (10) = (8)÷(6) | N4: Unemployed | O4: Employees plus unemployed, (2) + (13) | P4: Participation rate for employees plus unemployed, (14) ÷ (1) | Q4: Wage Ratio for employees plus unemployed | R4: Detrended labour income share, LIS' | S4: Detrended employment rate, EMP'
A5: 1939 | B5: 1206080.4 | C5: 562511.97 | D5: =C5/B5 -> 0.46639675 | E5: 390.16684 | F5: 14.846154 | G5: =E5-F5 -> 375.32069 | H5: =G5*1000000/B5 -> 311.19044 | I5: 215.47126 | J5: =I5*1000000/C5 -> 383.05187 | K5: =J5/H5 -> 1.2309243 | L5: =I5/E5 -> 0.55225417 | M5: =I5/G5 -> 0.57409909 | R5: 0.6033 | S5: 0.4918
A6: 1940 | B6: 1209705.7 | C6: 569196.07 | D6: =C6/B6 -> 0.4705244 | E6: 420.77654 | F6: 14.846154 | G6: =E6-F6 -> 405.93039 | H6: =G6*1000000/B6 -> 335.56127 | I6: 218.35704 | J6: =I6*1000000/C6 -> 383.62359 | K6: =J6/H6 -> 1.1432297 | L6: =I6/E6 -> 0.51893824 | M6: =I6/G6 -> 0.53791745 | R6: 0.5664 | S6: 0.4953
A7: 1941 | B7: 1195968.1 | C7: 575974.69 | D7: =C7/B7 -> 0.48159703 | E7: 458.29756 | F7: 17.130178 | G7: =E7-F7 -> 441.16738 | H7: =G7*1000000/B7 -> 368.87888 | I7: 256.83405 | J7: =I7*1000000/C7 -> 445.91205 | K7: =J7/H7 -> 1.2088305 | L7: =I7/E7 -> 0.56040895 | M7: =I7/G7 -> 0.58216918 | R7: 0.61 | S7: 0.5058
A8: 1942 | B8: 1194909 | C8: 582849.86 | D8: =C8/B8 -> 0.4877776 | E8: 500.50964 | F8: 17.130178 | G8: =E8-F8 -> 483.37946 | H8: =G8*1000000/B8 -> 404.53244 | I8: 280.88218 | J8: =I8*1000000/C8 -> 481.91173 | K8: =J8/H8 -> 1.1912808 | L8: =I8/E8 -> 0.56119235 | M8: =I8/G8 -> 0.58108009 | R8: 0.6082 | S8: 0.5114
A9: 1943 | B9: 1188065.7 | C9: 589823.65 | D9: =C9/B9 -> 0.49645711 | E9: 575.39755 | F9: 18.272189 | G9: =E9-F9 -> 557.12536 | H9: =G9*1000000/B9 -> 468.93482 | I9: 332.82615 | J9: =I9*1000000/C9 -> 564.28078 | K9: =J9/H9 -> 1.2033246 | L9: =I9/E9 -> 0.57842817 | M9: =I9/G9 -> 0.59739903 | R9: 0.6238 | S9: 0.5195
A10: 1944 | B10: 1202261.6 | C10: 596898.2 | D10: =C10/B10 -> 0.49647949 | E10: 641.66962 | F10: 19.414201 | G10: =E10-F10 -> 622.25542 | H10: =G10*1000000/B10 -> 517.57075 | I10: 382.84626 | J10: =I10*1000000/C10 -> 641.3929 | K10: =J10/H10 -> 1.2392371 | L10: =I10/E10 -> 0.59664078 | M10: =I10/G10 -> 0.61525582 | R10: 0.641 | S10: 0.5189
A11: 1945 | B11: 1233616.7 | C11: 604075.71 | D11: =C11/B11 -> 0.48967859 | E11: 646.86926 | F11: 20.556213 | G11: =E11-F11 -> 626.31305 | H11: =G11*1000000/B11 -> 507.70472 | I11: 376.11279 | J11: =I11*1000000/C11 -> 622.62524 | K11: =J11/H11 -> 1.2263531 | L11: =I11/E11 -> 0.58143555 | M11: =I11/G11 -> 0.60051884 | R11: 0.6256 | S11: 0.5115
A12: 1946 | B12: 1282426.6 | C12: 613889.47 | D12: =C12/B12 -> 0.47869366 | E12: 679.00579 | F12: 21.698225 | G12: =E12-F12 -> 657.30756 | H12: =G12*1000000/B12 -> 512.54986 | I12: 387.65589 | J12: =I12*1000000/C12 -> 631.47506 | K12: =J12/H12 -> 1.2320266 | L12: =I12/E12 -> 0.57091692 | M12: =I12/G12 -> 0.58976332 | R12: 0.6141 | S12: 0.4999
A13: 1947 | B13: 1304412.9 | C13: 623647.97 | D13: =C13/B13 -> 0.47810626 | E13: 716.88198 | F13: 22.840237 | G13: =E13-F13 -> 694.04174 | H13: =G13*1000000/B13 -> 532.07213 | I13: 375.15086 | J13: =I13*1000000/C13 -> 601.54266 | K13: =J13/H13 -> 1.130566 | L13: =I13/E13 -> 0.5233091 | M13: =I13/G13 -> 0.54053069 | R13: 0.5642 | S13: 0.4987
A14: 1948 | B14: 1320676 | C14: 628247.08 | D14: =C14/B14 -> 0.47570112 | E14: 806.13264 | F14: 25.12426 | G14: =E14-F14 -> 781.00838 | H14: =G14*1000000/B14 -> 591.37014 | I14: 416.51365 | J14: =I14*1000000/C14 -> 662.97745 | K14: =J14/H14 -> 1.1210871 | L14: =I14/E14 -> 0.51668128 | M14: =I14/G14 -> 0.53330241 | R14: 0.5563 | S14: 0.4957
A15: 1949 | B15: 1336929 | C15: 633828.31 | D15: =C15/B15 -> 0.47409271 | E15: 822.56244 | F15: 26.266272 | G15: =E15-F15 -> 796.29616 | H15: =G15*1000000/B15 -> 595.61589 | I15: 445.37141 | J15: =I15*1000000/C15 -> 702.66885 | K15: =J15/H15 -> 1.1797349 | L15: =I15/E15 -> 0.54144389 | M15: =I15/G15 -> 0.55930372 | R15: 0.5816 | S15: 0.4935
A16: 1950 | B16: 1352234.9 | C16: 643118.08 | D16: =C16/B16 -> 0.47559641 | E16: 927.73082 | F16: 28.550296 | G16: =E16-F16 -> 899.18052 | H16: =G16*1000000/B16 -> 664.95881 | I16: 489.61997 | J16: =I16*1000000/C16 -> 761.32205 | K16: =J16/H16 -> 1.1449161 | L16: =I16/E16 -> 0.52776081 | M16: =I16/G16 -> 0.54451799 | R16: 0.5661 | S16: 0.4944
... A21: 1955 | B21: 1462920.1 | C21: 709579.2 | D21: =C21/B21 -> 0.48504303 | E21: 1553.716 | F21: 45.680473 | G21: =E21-F21 -> 1508.0355 | H21: =G21*1000000/B21 -> 1030.8393 | I21: 852.2658 | J21: =I21*1000000/C21 -> 1201.0862 | K21: =J21/H21 -> 1.1651537 | L21: =I21/E21 -> 0.54853385 | M21: =I21/G21 -> 0.56514969 | R21: 0.5832 | S21: 0.5008
A22: 1956 | B22: 1486026.6 | C22: 724611.72 | D22: =C22/B22 -> 0.48761693 | E22: 1633.4204 | F22: 49.106509 | G22: =E22-F22 -> 1584.3138 | H22: =G22*1000000/B22 -> 1066.141 | I22: 924.4102 | J22: =I22*1000000/C22 -> 1275.7318 | K22: =J22/H22 -> 1.1965883 | L22: =I22/E22 -> 0.56593528 | M22: =I22/G22 -> 0.58347669 | N22: 5270 | O22: =C22+N22 -> 729881.72 | P22: =O22/B22 -> 0.4911633 | Q22: =(I22*1000000/O22)/H22 -> 1.1879485 | R22: 0.6009 | S22: 0.5028
A23: 1957 | B23: 1515172 | C23: 745510.46 | D23: =C23/B23 -> 0.49203026 | E23: 1717.9943 | F23: 52.532544 | G23: =E23-F23 -> 1665.4618 | H23: =G23*1000000/B23 -> 1099.1899 | I23: 975.39224 | J23: =I23*1000000/C23 -> 1308.3549 | K23: =J23/H23 -> 1.1902901 | L23: =I23/E23 -> 0.56775057 | M23: =I23/G23 -> 0.58565874 | N23: 5154.25 | O23: =C23+N23 -> 750664.71 | P23: =O23/B23 -> 0.49543202 | Q23: =(I23*1000000/O23)/H23 -> 1.1821173 | R23: 0.6024 | S23: 0.5066
A24: 1958 | B24: 1544510.8 | C24: 758842.5 | D24: =C24/B24 -> 0.49131576 | E24: 1834.1442 | F24: 54.816568 | G24: =E24-F24 -> 1779.3277 | H24: =G24*1000000/B24 -> 1152.0331 | I24: 1052.3463 | J24: =I24*1000000/C24 -> 1386.7782 | K24: =J24/H24 -> 1.2037659 | L24: =I24/E24 -> 0.57375328 | M24: =I24/G24 -> 0.59142916 | N24: 4950 | O24: =C24+N24 -> 763792.5 | P24: =O24/B24 -> 0.49452065 | Q24: =(I24*1000000/O24)/H24 -> 1.1959645 | R24: 0.6074 | S24: 0.5052
A25: 1959 | B25: 1567240.5 | C25: 786593.19 | D25: =C25/B25 -> 0.50189691 | E25: 1894.9528 | F25: 57.100592 | G25: =E25-F25 -> 1837.8522 | H25: =G25*1000000/B25 -> 1172.6676 | I25: 1096.5948 | J25: =I25*1000000/C25 -> 1394.1067 | K25: =J25/H25 -> 1.1888337 | L25: =I25/E25 -> 0.57869243 | M25: =I25/G25 -> 0.59667194 | N25: 5243 | O25: =C25+N25 -> 791836.19 | P25: =O25/B25 -> 0.50524228 | Q25: =(I25*1000000/O25)/H25 -> 1.180962 | R25: 0.612 | S25: 0.5152
A26: 1960 | B26: 1585672.8 | C26: 810681.2 | D26: =C26/B26 -> 0.51125377 | E26: 2036.6175 | F26: 58.242604 | G26: =E26-F26 -> 1978.3749 | H26: =G26*1000000/B26 -> 1247.6565 | I26: 1161.0438 | J26: =I26*1000000/C26 -> 1432.183 | K26: =J26/H26 -> 1.1478985 | L26: =I26/E26 -> 0.57008437 | M26: =I26/G26 -> 0.58686743 | N26: 5269.25 | O26: =C26+N26 -> 815950.45 | P26: =O26/B26 -> 0.51457681 | Q26: =(I26*1000000/O26)/H26 -> 1.1404856 | R26: 0.6015 | S26: 0.524
A27: 1961 | B27: 1610744.7 | C27: 839427.27 | D27: =C27/B27 -> 0.52114233 | E27: 2214.8441 | F27: 58.242604 | G27: =E27-F27 -> 2156.6015 | H27: =G27*1000000/B27 -> 1338.8847 | I27: 1254.3506 | J27: =I27*1000000/C27 -> 1494.2933 | K27: =J27/H27 -> 1.1160732 | L27: =I27/E27 -> 0.56633808 | M27: =I27/G27 -> 0.58163298 | N27: 4492.75 | O27: =C27+N27 -> 843920.02 | P27: =O27/B27 -> 0.52393157 | Q27: =(I27*1000000/O27)/H27 -> 1.1101316 | R27: 0.5955 | S27: 0.5332
A28: 1962 | B28: 1646509.4 | C28: 855754.55 | D28: =C28/B28 -> 0.51973863 | E28: 2281.0656 | F28: 68.52071 | G28: =E28-F28 -> 2212.5449 | H28: =G28*1000000/B28 -> 1343.7791 | I28: 1339 | J28: =I28*1000000/C28 -> 1564.701 | K28: =J28/H28 -> 1.1644035 | L28: =I28/E28 -> 0.58700636 | M28: =I28/G28 -> 0.60518547 | N28: 4474 | O28: =C28+N28 -> 860228.55 | P28: =O28/B28 -> 0.5224559 | Q28: =(I28*1000000/O28)/H28 -> 1.1583475 | R28: 0.6184 | S28: 0.5312
A29: 1963 | B29: 1681989 | C29: 874500.16 | D29: =C29/B29 -> 0.51992027 | E29: 2498.5902 | F29: 92.502959 | G29: =E29-F29 -> 2406.0872 | H29: =G29*1000000/B29 -> 1430.5012 | I29: 1419 | J29: =I29*1000000/C29 -> 1622.6412 | K29: =J29/H29 -> 1.1343166 | L29: =I29/E29 -> 0.56792027 | M29: =I29/G29 -> 0.58975419 | N29: 5160.75 | O29: =C29+N29 -> 879660.91 | P29: =O29/B29 -> 0.52298852 | Q29: =(I29*1000000/O29)/H29 -> 1.1276618 | R29: 0.6023 | S29: 0.5308
A30: 1964 | B30: 1719423.7 | C30: 908070.26 | D30: =C30/B30 -> 0.52812477 | E30: 2727.9454 | F30: 98.213018 | G30: =E30-F30 -> 2629.7323 | H30: =G30*1000000/B30 -> 1529.4266 | I30: 1525 | J30: =I30*1000000/C30 -> 1679.3855 | K30: =J30/H30 -> 1.0980491 | L30: =I30/E30 -> 0.55902879 | M30: =I30/G30 -> 0.57990693 | N30: 5052 | O30: =C30+N30 -> 913122.26 | P30: =O30/B30 -> 0.53106296 | Q30: =(I30*1000000/O30)/H30 -> 1.091974 | R30: 0.5917 | S30: 0.5384
A31: 1965 | B31: 1753844.2 | C31: 941469.94 | D31: =C31/B31 -> 0.53680364 | E31: 2995.8087 | F31: 109.63314 | G31: =E31-F31 -> 2886.1756 | H31: =G31*1000000/B31 -> 1645.6283 | I31: 1689 | J31: =I31*1000000/C31 -> 1794.0031 | K31: =J31/H31 -> 1.090163 | L31: =I31/E31 -> 0.56378766 | M31: =I31/G31 -> 0.58520348 | N31: 5247.5 | O31: =C31+N31 -> 946717.44 | P31: =O31/B31 -> 0.53979564 | Q31: =(I31*1000000/O31)/H31 -> 1.0841204 | R31: 0.5963 | S31: 0.5465
A32: 1966 | B32: 1790026.4 | C32: 984015.52 | D32: =C32/B32 -> 0.54972123 | E32: 3231.3497 | F32: 124.47929 | G32: =E32-F32 -> 3106.8704 | H32: =G32*1000000/B32 -> 1735.6562 | I32: 1854 | J32: =I32*1000000/C32 -> 1884.1166 | K32: =J32/H32 -> 1.0855356 | L32: =I32/E32 -> 0.57375405 | M32: =I32/G32 -> 0.59674197 | N32: 5464 | O32: =C32+N32 -> 989479.52 | P32: =O32/B32 -> 0.5527737 | Q32: =(I32*1000000/O32)/H32 -> 1.0795412 | R32: 0.6072 | S32: 0.5588
A33: 1967 | B33: 1823846 | C33: 1004523 | D33: =C33/B33 -> 0.55077185 | E33: 3313.0929 | F33: 130.18935 | G33: =E33-F33 -> 3182.9035 | H33: =G33*1000000/B33 -> 1745.1602 | I33: 2003 | J33: =I33*1000000/C33 -> 1993.9811 | K33: =J33/H33 -> 1.1425777 | L33: =I33/E33 -> 0.60457103 | M33: =I33/G33 -> 0.62929962 | N33: 5947.25 | O33: =C33+N33 -> 1010470.3 | P33: =O33/B33 -> 0.55403268 | Q33: =(I33*1000000/O33)/H33 -> 1.1358529 | R33: 0.639 | S33: 0.5592
... A89: 2023 | B89: 4108900 | C89: 2393533.2 | D89: =C89/B89 -> 0.58252408 | E89: 292186 | F89: 17264 | G89: =E89-F89 -> 274922 | H89: =G89*1000000/B89 -> 66908.905 | I89: 173313 | J89: =I89*1000000/C89 -> 72408.856 | K89: =J89/H89 -> 1.0822006 | L89: =I89/E89 -> 0.59315984 | M89: =I89/G89 -> 0.6304079 | N89: 99100 | O89: =C89+N89 -> 2492633.2 | P89: =O89/B89 -> 0.60664246 | Q89: =(I89*1000000/O89)/H89 -> 1.0391754 | R89: 0.6012 | S89: 0.5571

Sheet Table 2
A1: Table 2: Components of the Wage Ratio, in real terms (2020 dollar values)
A2: Click for table sources
C3: Compensation of employees | G3: Self-employed income | J3: Net adjusted surplus excl mixed income | M3: Adjusted Net Domestic Income | P3: Wage Ratio components in 2020 dollars
B4: 1 | C4: 2 | D4: 3 | E4: 4 | F4: 5 | G4: 6 | H4: 7 | I4: 8 | J4: 9 | K4: 10 | L4: 11 | M4: 12 | N4: 13 | O4: 14 | P4: 15 | Q4: 16 | R4: 17
B5: GDP deflator 2020=1000 | C5: Nominal $ million | D5: Real in 2020 $million | E5: Real per employee | F5: Real per adult | G5: Nominal $ million | H5: Real in 2020 $million | I5: Real per adult | J5: Nominal $ million | K5: Real in 2020 $million | L5: Real per adult | M5: Nominal $ million | N5: Real in 2020 dollars | O5: Per adult | P5: Real wage per employee (numerator) | Q5: Adjusted real NDI per adult (denominator) | R5: Wage Ratio
A6: 1939 | B6: 16.789302 | C6: ='Table 1'!I5 -> 215.47126 | D6: =C6*$B$87/B6 -> 12833.843 | E6: =D6*1000000/'Table 1'!C5 -> 22815.235 | F6: =D6*1000000/'Table 1'!B5 -> 10640.951 | G6: 99.673731 | H6: =G6*$B$87/B6 -> 5936.7405 | I6: =H6*1000000/'Table 1'!B5 -> 4922.3423 | J6: 60.175692 | K6: =J6*$B$87/B6 -> 3584.1687 | L6: =K6*1000000/'Table 1'!B5 -> 2971.7494 | M6: ='Table 1'!G5 -> 375.32069 | N6: =M6*$B$87/B6 -> 22354.752 | O6: =N6*1000000/'Table 1'!B5 -> 18535.043 | P6: =E6 -> 22815.235 | Q6: =O6 -> 18535.043 | R6: =P6/Q6 -> 1.2309243
A7: 1940 | B7: 17.118811 | C7: ='Table 1'!I6 -> 218.35704 | D7: =C7*$B$87/B7 -> 12755.386 | E7: =D7*1000000/'Table 1'!C6 -> 22409.477 | F7: =D7*1000000/'Table 1'!B6 -> 10544.206 | G7: 105.90334 | H7: =G7*$B$87/B7 -> 6186.3724 | I7: =H7*1000000/'Table 1'!B6 -> 5113.9482 | J7: 81.67001 | K7: =J7*$B$87/B7 -> 4770.7759 | L7: =K7*1000000/'Table 1'!B6 -> 3943.7491 | M7: ='Table 1'!G6 -> 405.93039 | N7: =M7*$B$87/B7 -> 23712.534 | O7: =N7*1000000/'Table 1'!B6 -> 19601.903 | P7: =E7 -> 22409.477 | Q7: =O7 -> 19601.903 | R7: =P7/Q7 -> 1.1432297
A8: 1941 | B8: 17.79237 | C8: ='Table 1'!I7 -> 256.83405 | D8: =C8*$B$87/B8 -> 14435.067 | E8: =D8*1000000/'Table 1'!C7 -> 25061.982 | F8: =D8*1000000/'Table 1'!B7 -> 12069.776 | G8: 102.34356 | H8: =G8*$B$87/B8 -> 5752.1041 | I8: =H8*1000000/'Table 1'!B7 -> 4809.5799 | J8: 81.989765 | K8: =J8*$B$87/B8 -> 4608.1419 | L8: =K8*1000000/'Table 1'!B7 -> 3853.0642 | M8: ='Table 1'!G7 -> 441.16738 | N8: =M8*$B$87/B8 -> 24795.313 | O8: =N8*1000000/'Table 1'!B7 -> 20732.42 | P8: =E8 -> 25061.982 | Q8: =O8 -> 20732.42 | R8: =P8/Q8 -> 1.2088305
A9: 1942 | B9: 18.239706 | C9: ='Table 1'!I8 -> 280.88218 | D9: =C9*$B$87/B9 -> 15399.49 | E9: =D9*1000000/'Table 1'!C8 -> 26421.025 | F9: =D9*1000000/'Table 1'!B8 -> 12887.584 | G9: 106.79328 | H9: =G9*$B$87/B9 -> 5854.9892 | I9: =H9*1000000/'Table 1'!B8 -> 4899.9456 | J9: 95.703996 | K9: =J9*$B$87/B9 -> 5247.0141 | L9: =K9*1000000/'Table 1'!B8 -> 4391.1411 | M9: ='Table 1'!G8 -> 483.37946 | N9: =M9*$B$87/B9 -> 26501.494 | O9: =N9*1000000/'Table 1'!B8 -> 22178.671 | P9: =E9 -> 26421.025 | Q9: =O9 -> 22178.671 | R9: =P9/Q9 -> 1.1912808
A10: 1943 | B10: 18.639245 | C10: ='Table 1'!I9 -> 332.82615 | D10: =C10*$B$87/B10 -> 17856.203 | E10: =D10*1000000/'Table 1'!C9 -> 30273.8 | F10: =D10*1000000/'Table 1'!B9 -> 15029.643 | G10: 114.80278 | H10: =G10*$B$87/B10 -> 6159.1968 | I10: =H10*1000000/'Table 1'!B9 -> 5184.2226 | J10: 109.49643 | K10: =J10*$B$87/B10 -> 5874.5097 | L10: =K10*1000000/'Table 1'!B9 -> 4944.6002 | M10: ='Table 1'!G9 -> 557.12536 | N10: =M10*$B$87/B10 -> 29889.91 | O10: =N10*1000000/'Table 1'!B9 -> 25158.466 | P10: =E10 -> 30273.8 | Q10: =O10 -> 25158.466 | R10: =P10/Q10 -> 1.2033246
A11: 1944 | B11: 19.161191 | C11: ='Table 1'!I10 -> 382.84626 | D11: =C11*$B$87/B11 -> 19980.295 | E11: =D11*1000000/'Table 1'!C10 -> 33473.539 | F11: =D11*1000000/'Table 1'!B10 -> 16618.926 | G11: 119.2525 | H11: =G11*$B$87/B11 -> 6223.6474 | I11: =H11*1000000/'Table 1'!B10 -> 5176.6169 | J11: 120.15665 | K11: =J11*$B$87/B11 -> 6270.8341 | L11: =K11*1000000/'Table 1'!B10 -> 5215.8651 | M11: ='Table 1'!G10 -> 622.25542 | N11: =M11*$B$87/B11 -> 32474.777 | O11: =N11*1000000/'Table 1'!B10 -> 27011.408 | P11: =E11 -> 33473.539 | Q11: =O11 -> 27011.408 | R11: =P11/Q11 -> 1.2392371
A12: 1945 | B12: 19.763101 | C12: ='Table 1'!I11 -> 376.11279 | D12: =C12*$B$87/B12 -> 19031.061 | E12: =D12*1000000/'Table 1'!C11 -> 31504.43 | F12: =D12*1000000/'Table 1'!B11 -> 15427.045 | G12: 129.04188 | H12: =G12*$B$87/B12 -> 6529.4349 | I12: =H12*1000000/'Table 1'!B11 -> 5292.9201 | J12: 121.15838 | K12: =J12*$B$87/B12 -> 6130.5346 | L12: =K12*1000000/'Table 1'!B11 -> 4969.5617 | M12: ='Table 1'!G11 -> 626.31305 | N12: =M12*$B$87/B12 -> 31691.03 | O12: =N12*1000000/'Table 1'!B11 -> 25689.527 | P12: =E12 -> 31504.43 | Q12: =O12 -> 25689.527 | R12: =P12/Q12 -> 1.2263531
A13: 1946 | B13: 20.141068 | C13: ='Table 1'!I12 -> 387.65589 | D13: =C13*$B$87/B13 -> 19247.037 | E13: =D13*1000000/'Table 1'!C12 -> 31352.61 | F13: =D13*1000000/'Table 1'!B12 -> 15008.296 | G13: 149.5106 | H13: =G13*$B$87/B13 -> 7423.1711 | I13: =H13*1000000/'Table 1'!B12 -> 5788.379 | J13: 120.14108 | K13: =J13*$B$87/B13 -> 5964.9803 | L13: =K13*1000000/'Table 1'!B12 -> 4651.3231 | M13: ='Table 1'!G12 -> 657.30756 | N13: =M13*$B$87/B13 -> 32635.189 | O13: =N13*1000000/'Table 1'!B12 -> 25447.998 | P13: =E13 -> 31352.61 | Q13: =O13 -> 25447.998 | R13: =P13/Q13 -> 1.2320266
A14: 1947 | B14: 21.292509 | C14: ='Table 1'!I13 -> 375.15086 | D14: =C14*$B$87/B14 -> 17618.913 | E14: =D14*1000000/'Table 1'!C13 -> 28251.375 | F14: =D14*1000000/'Table 1'!B13 -> 13507.159 | G14: 174.42903 | H14: =G14*$B$87/B14 -> 8192.0374 | I14: =H14*1000000/'Table 1'!B13 -> 6280.2487 | J14: 144.46185 | K14: =J14*$B$87/B14 -> 6784.6326 | L14: =K14*1000000/'Table 1'!B13 -> 5201.2922 | M14: ='Table 1'!G13 -> 694.04174 | N14: =M14*$B$87/B14 -> 32595.583 | O14: =N14*1000000/'Table 1'!B13 -> 24988.7 | P14: =E14 -> 28251.375 | Q14: =O14 -> 24988.7 | R14: =P14/Q14 -> 1.130566
A15: 1948 | B15: 23.395443 | C15: ='Table 1'!I14 -> 416.51365 | D15: =C15*$B$87/B15 -> 17803.196 | E15: =D15*1000000/'Table 1'!C14 -> 28337.889 | F15: =D15*1000000/'Table 1'!B14 -> 13480.366 | G15: 207.35696 | H15: =G15*$B$87/B15 -> 8863.1347 | I15: =H15*1000000/'Table 1'!B14 -> 6711.0588 | J15: 157.13777 | K15: =J15*$B$87/B15 -> 6716.5976 | L15: =K15*1000000/'Table 1'!B14 -> 5085.7268 | M15: ='Table 1'!G14 -> 781.00838 | N15: =M15*$B$87/B15 -> 33382.928 | O15: =N15*1000000/'Table 1'!B14 -> 25277.151 | P15: =E15 -> 28337.889 | Q15: =O15 -> 25277.151 | R15: =P15/Q15 -> 1.1210871
A16: 1949 | B16: 24.979362 | C16: ='Table 1'!I15 -> 445.37141 | D16: =C16*$B$87/B16 -> 17829.575 | E16: =D16*1000000/'Table 1'!C15 -> 28129.976 | F16: =D16*1000000/'Table 1'!B15 -> 13336.217 | G16: 218.03629 | H16: =G16*$B$87/B16 -> 8728.6572 | I16: =H16*1000000/'Table 1'!B15 -> 6528.886 | J16: 132.88847 | K16: =J16*$B$87/B16 -> 5319.9304 | L16: =K16*1000000/'Table 1'!B15 -> 3979.2168 | M16: ='Table 1'!G15 -> 796.29616 | N16: =M16*$B$87/B16 -> 31878.162 | O16: =N16*1000000/'Table 1'!B15 -> 23844.319 | P16: =E16 -> 28129.976 | Q16: =O16 -> 23844.319 | R16: =P16/Q16 -> 1.1797349
A17: 1950 | B17: 26.608223 | C17: ='Table 1'!I16 -> 489.61997 | D17: =C17*$B$87/B17 -> 18401.077 | E17: =D17*1000000/'Table 1'!C16 -> 28612.285 | F17: =D17*1000000/'Table 1'!B16 -> 13607.9 | G17: 262.53349 | H17: =G17*$B$87/B17 -> 9866.6299 | I17: =H17*1000000/'Table 1'!B16 -> 7296.5354 | J17: 147.02706 | K17: =J17*$B$87/B17 -> 5525.6251 | L17: =K17*1000000/'Table 1'!B16 -> 4086.2908 | M17: ='Table 1'!G16 -> 899.18052 | N17: =M17*$B$87/B17 -> 33793.332 | O17: =N17*1000000/'Table 1'!B16 -> 24990.726 | P17: =E17 -> 28612.285 | Q17: =O17 -> 24990.726 | R17: =P17/Q17 -> 1.1449161
... A90: 2023 | B90: 1126.1548 | C90: ='Table 1'!I89 -> 173313 | D90: =C90*$B$87/B90 -> 153898.02 | E90: =D90*1000000/'Table 1'!C89 -> 64297.425 | F90: =D90*1000000/'Table 1'!B89 -> 37454.798 | G90: 39819 | H90: =G90*$B$87/B90 -> 35358.371 | I90: =H90*1000000/'Table 1'!B89 -> 8605.313 | J90: 61790 | K90: =J90*$B$87/B90 -> 54868.121 | L90: =K90*1000000/'Table 1'!B89 -> 13353.482 | M90: ='Table 1'!G89 -> 274922 | N90: =M90*$B$87/B90 -> 244124.51 | O90: =N90*1000000/'Table 1'!B89 -> 59413.593 | P90: =E90 -> 64297.425 | Q90: =O90 -> 59413.593 | R90: =P90/Q90 -> 1.0822006

Sheet Table 3
A1: Table 3a: Wage Ratios by gender Part 1: Employed workers | Q1: Table 3b: Wage Ratios by gender Part 2: Employed plus unemployed workers
A2: Click for table sources
B3: 1 | C3: 2 | D3: 3 | E3: 4 | F3: 5 | G3: 6 | H3: 7 | I3: 8 | J3: 9 | K3: 10 | L3: 11 | M3: 12 | N3: 13 | O3: 14 | P3: 15 | R3: 16 | S3: 17 | T3: 18 | U3: 19 | V3: 20 | W3: 21 | X3: 22 | Y3: 23 | Z3: 24 | AA3: 25
A4: Years ended March | B4: Total compensation of employees $m | C4: Male percent of total earnings | D4: Female percent of total earnings | E4: Estimated compensation of male employees $m (2)x(1) | F4: Estimated compensation of female employees (3)x(1) | G4: Employed wage and salary workers | H4: Male percent of total employment | I4: Female percent of total employment | J4: Estimated male employment (7)x(6) | K4: Estimated female employment (8)x(6) | L4: Male compensation per worker $ (4)÷(9) | M4: Female compensation per worker $ (5) ÷(10) | N4: Adjusted NDI per adult (age 16+) | O4: Male Wage Ratio (11)÷(13) | P4: Female Wage Ratio (12)÷(13) | R4: Total unemployed | S4: Male unemployed | T4: Female unemployed | U4: Total male employed plus unemployed | V4: Total female employed plus unemployed | W4: Total employed plus unemployed | X4: Male Wage Ratio including unemployed | Y4: Female Wage Ratio including unemployed | Z4: Total Wage Ratio including unemployed | AA4: Wage gap in annual compensation of employees [1-(12)/(11)]
A5: 1974 | B5: ='Table 1'!I40 -> 4481 | C5: 0.74841628 | D5: 0.25158372 | E5: =$B5*C5 -> 3353.6533 | F5: =$B5*D5 -> 1127.3467 | G5: ='Table 1'!C40 -> 1209935.1 | H5: 0.63109993 | I5: 0.36890007 | J5: =H5*$G5 -> 763589.95 | K5: =I5*$G5 -> 446345.14 | L5: =E5*1000000/J5 -> 4391.9558 | M5: =F5*1000000/K5 -> 2525.7285 | N5: ='Table 1'!H40 -> 3462.8963 | O5: =L5/$N5 -> 1.2682897 | P5: =M5/$N5 -> 0.7293688 | Q5: 1974 | R5: 13609 | S5: 7995.5 | T5: 5614 | U5: =J5+S5 -> 771585.45 | V5: =K5+T5 -> 451959.14 | W5: =G5+R5 -> 1223544.1 | X5: =(E5*1000000/U5)/$N5 -> 1.2551472 | Y5: =(F5*1000000/V5)/$N5 -> 0.72030897 | Z5: ='Table 1'!Q40 -> 1.0575863 | AA5: =1-M5/L5 -> 0.42491941
A6: 1975 | B6: ='Table 1'!I41 -> 5397 | C6: 0.73741015 | D6: 0.26258985 | E6: =$B6*C6 -> 3979.8026 | F6: =$B6*D6 -> 1417.1974 | G6: ='Table 1'!C41 -> 1230099.7 | H6: 0.62341182 | I6: 0.37658818 | J6: =H6*$G6 -> 766858.7 | K6: =I6*$G6 -> 463241.02 | L6: =E6*1000000/J6 -> 5189.7469 | M6: =F6*1000000/K6 -> 3059.3089 | N6: ='Table 1'!H41 -> 3663.0775 | O6: =L6/$N6 -> 1.4167724 | P6: =M6/$N6 -> 0.83517451 | Q6: 1975 | R6: 13991.5 | S6: 8306.5 | T6: 5685 | U6: =J6+S6 -> 775165.2 | V6: =K6+T6 -> 468926.02 | W6: =G6+R6 -> 1244091.2 | X6: =(E6*1000000/U6)/$N6 -> 1.4015905 | Y6: =(F6*1000000/V6)/$N6 -> 0.82504931 | Z6: ='Table 1'!Q41 -> 1.1842792 | AA6: =1-M6/L6 -> 0.41050903
A7: 1976 | B7: ='Table 1'!I42 -> 6230 | C7: 0.72776363 | D7: 0.27223637 | E7: =$B7*C7 -> 4533.9674 | F7: =$B7*D7 -> 1696.0326 | G7: ='Table 1'!C42 -> 1246991.7 | H7: 0.62078805 | I7: 0.37921195 | J7: =H7*$G7 -> 774117.55 | K7: =I7*$G7 -> 472874.17 | L7: =E7*1000000/J7 -> 5856.9495 | M7: =F7*1000000/K7 -> 3586.6468 | N7: ='Table 1'!H42 -> 3899.3581 | O7: =L7/$N7 -> 1.5020291 | P7: =M7/$N7 -> 0.91980441 | Q7: 1976 | R7: 16001.5 | S7: 9679 | T7: 6322.75 | U7: =J7+S7 -> 783796.55 | V7: =K7+T7 -> 479196.92 | W7: =G7+R7 -> 1262993.2 | X7: =(E7*1000000/U7)/$N7 -> 1.4834808 | Y7: =(F7*1000000/V7)/$N7 -> 0.90766807 | Z7: ='Table 1'!Q42 -> 1.2650098 | AA7: =1-M7/L7 -> 0.38762546
A8: 1977 | B8: ='Table 1'!I43 -> 7015 | C8: 0.71877074 | D8: 0.28122926 | E8: =$B8*C8 -> 5042.1768 | F8: =$B8*D8 -> 1972.8232 | G8: ='Table 1'!C43 -> 1263467.6 | H8: 0.61396656 | I8: 0.38603344 | J8: =H8*$G8 -> 775726.85 | K8: =I8*$G8 -> 487740.73 | L8: =E8*1000000/J8 -> 6499.9384 | M8: =F8*1000000/K8 -> 4044.8195 | N8: ='Table 1'!H43 -> 4660.5786 | O8: =L8/$N8 -> 1.3946634 | P8: =M8/$N8 -> 0.86787926 | Q8: 1977 | R8: 13164.25 | S8: 8019.5 | T8: 5145 | U8: =J8+S8 -> 783746.35 | V8: =K8+T8 -> 492885.73 | W8: =G8+R8 -> 1276631.8 | X8: =(E8*1000000/U8)/$N8 -> 1.3803928 | Y8: =(F8*1000000/V8)/$N8 -> 0.85881988 | Z8: ='Table 1'!Q43 -> 1.1790227 | AA8: =1-M8/L8 -> 0.37771417
A9: 1978 | B9: ='Table 1'!I44 -> 8050 | C9: 0.71643743 | D9: 0.28356257 | E9: =$B9*C9 -> 5767.3213 | F9: =$B9*D9 -> 2282.6787 | G9: ='Table 1'!C44 -> 1264152 | H9: 0.60985664 | I9: 0.39014336 | J9: =H9*$G9 -> 770951.48 | K9: =I9*$G9 -> 493200.5 | L9: =E9*1000000/J9 -> 7480.7837 | M9: =F9*1000000/K9 -> 4628.2977 | N9: ='Table 1'!H44 -> 5071.1173 | O9: =L9/$N9 -> 1.4751747 | P9: =M9/$N9 -> 0.91267809 | Q9: 1978 | R9: 14735.25 | S9: 9436.25 | T9: 5299.25 | U9: =J9+S9 -> 780387.73 | V9: =K9+T9 -> 498499.75 | W9: =G9+R9 -> 1278887.2 | X9: =(E9*1000000/U9)/$N9 -> 1.4573372 | Y9: =(F9*1000000/V9)/$N9 -> 0.90297596 | Z9: ='Table 1'!Q44 -> 1.241252 | AA9: =1-M9/L9 -> 0.38130845
A10: 1979 | B10: ='Table 1'!I45 -> 9352 | C10: 0.71087443 | D10: 0.28912557 | E10: =$B10*C10 -> 6648.0977 | F10: =$B10*D10 -> 2703.9023 | G10: ='Table 1'!C45 -> 1287096.1 | H10: 0.60302702 | I10: 0.39697298 | J10: =H10*$G10 -> 776153.72 | K10: =I10*$G10 -> 510942.36 | L10: =E10*1000000/J10 -> 8565.4395 | M10: =F10*1000000/K10 -> 5291.9908 | N10: ='Table 1'!H45 -> 5786.4148 | O10: =L10/$N10 -> 1.4802671 | P10: =M10/$N10 -> 0.91455434 | Q10: 1979 | R10: 21924.5 | S10: 14051.75 | T10: 7872 | U10: =J10+S10 -> 790205.47 | V10: =K10+T10 -> 518814.36 | W10: =G10+R10 -> 1309020.6 | X10: =(E10*1000000/U10)/$N10 -> 1.4539444 | Y10: =(F10*1000000/V10)/$N10 -> 0.90067776 | Z10: ='Table 1'!Q45 -> 1.2346631 | AA10: =1-M10/L10 -> 0.38216937
A11: 1980 | B11: ='Table 1'!I46 -> 10906 | C11: 0.70533368 | D11: 0.29466632 | E11: =$B11*C11 -> 7692.3692 | F11: =$B11*D11 -> 3213.6308 | G11: ='Table 1'!C46 -> 1310767.5 | H11: 0.59574437 | I11: 0.40425563 | J11: =H11*$G11 -> 780882.33 | K11: =I11*$G11 -> 529885.12 | L11: =E11*1000000/J11 -> 9850.8685 | M11: =F11*1000000/K11 -> 6064.7689 | N11: ='Table 1'!H46 -> 6655.504 | O11: =L11/$N11 -> 1.4801086 | P11: =M11/$N11 -> 0.91124112 | Q11: 1980 | R11: 20168.25 | S11: 13672.5 | T11: 6495.75 | U11: =J11+S11 -> 794554.83 | V11: =K11+T11 -> 536380.87 | W11: =G11+R11 -> 1330935.7 | X11: =(E11*1000000/U11)/$N11 -> 1.4546392 | Y11: =(F11*1000000/V11)/$N11 -> 0.90020569 | Z11: ='Table 1'!Q46 -> 1.2311968 | AA11: =1-M11/L11 -> 0.3843417
A12: 1981 | B12: ='Table 1'!I47 -> 12979 | C12: 0.70346503 | D12: 0.29653497 | E12: =$B12*C12 -> 9130.2726 | F12: =$B12*D12 -> 3848.7274 | G12: ='Table 1'!C47 -> 1309918.2 | H12: 0.5921793 | I12: 0.4078207 | J12: =H12*$G12 -> 775706.47 | K12: =I12*$G12 -> 534211.78 | L12: =E12*1000000/J12 -> 11770.267 | M12: =F12*1000000/K12 -> 7204.4975 | N12: ='Table 1'!H47 -> 7718.6708 | O12: =L12/$N12 -> 1.5249086 | P12: =M12/$N12 -> 0.93338577 | Q12: 1981 | R12: 32286.75 | S12: 20837.25 | T12: 11449.25 | U12: =J12+S12 -> 796543.72 | V12: =K12+T12 -> 545661.03 | W12: =G12+R12 -> 1342205 | X12: =(E12*1000000/U12)/$N12 -> 1.4850176 | Y12: =(F12*1000000/V12)/$N12 -> 0.91380115 | Z12: ='Table 1'!Q47 -> 1.2527946 | AA12: =1-M12/L12 -> 0.38790707
A13: 1982 | B13: ='Table 1'!I48 -> 15653 | C13: 0.700775 | D13: 0.299225 | E13: =$B13*C13 -> 10969.231 | F13: =$B13*D13 -> 4683.769 | G13: ='Table 1'!C48 -> 1309193.4 | H13: 0.58792443 | I13: 0.41207557 | J13: =H13*$G13 -> 769706.8 | K13: =I13*$G13 -> 539486.63 | L13: =E13*1000000/J13 -> 14251.181 | M13: =F13*1000000/K13 -> 8681.9 | N13: ='Table 1'!H48 -> 9332.3584 | O13: =L13/$N13 -> 1.5270718 | P13: =M13/$N13 -> 0.93030075 | Q13: 1982 | R13: 39171 | S13: 22924.75 | T13: 16246.5 | U13: =J13+S13 -> 792631.55 | V13: =K13+T13 -> 555733.13 | W13: =G13+R13 -> 1348364.4 | X13: =(E13*1000000/U13)/$N13 -> 1.4829053 | Y13: =(F13*1000000/V13)/$N13 -> 0.90310401 | Z13: ='Table 1'!Q48 -> 1.2439384 | AA13: =1-M13/L13 -> 0.39079436
A14: 1983 | B14: ='Table 1'!I49 -> 17160 | C14: 0.69726783 | D14: 0.30273217 | E14: =$B14*C14 -> 11965.116 | F14: =$B14*D14 -> 5194.8841 | G14: ='Table 1'!C49 -> 1290267.6 | H14: 0.58299859 | I14: 0.41700141 | J14: =H14*$G14 -> 752224.2 | K14: =I14*$G14 -> 538043.41 | L14: =E14*1000000/J14 -> 15906.316 | M14: =F14*1000000/K14 -> 9655.1394 | N14: ='Table 1'!H49 -> 10236.139 | O14: =L14/$N14 -> 1.553937 | P14: =M14/$N14 -> 0.94324031 | Q14: 1983 | R14: 51394.25 | S14: 29201.25 | T14: 22193 | U14: =J14+S14 -> 781425.45 | V14: =K14+T14 -> 560236.41 | W14: =G14+R14 -> 1341661.9 | X14: =(E14*1000000/U14)/$N14 -> 1.4958676 | Y14: =(F14*1000000/V14)/$N14 -> 0.90587513 | Z14: ='Table 1'!Q49 -> 1.249505 | AA14: =1-M14/L14 -> 0.39299965
A15: 1984 | B15: ='Table 1'!I50 -> 17504 | C15: 0.69285585 | D15: 0.30714415 | E15: =$B15*C15 -> 12127.749 | F15: =$B15*D15 -> 5376.2512 | G15: ='Table 1'!C50 -> 1294489.8 | H15: 0.58074393 | I15: 0.41925607 | J15: =H15*$G15 -> 751767.13 | K15: =I15*$G15 -> 542722.72 | L15: =E15*1000000/J15 -> 16132.321 | M15: =F15*1000000/K15 -> 9906.0735 | N15: ='Table 1'!H50 -> 11193.175 | O15: =L15/$N15 -> 1.4412641 | P15: =M15/$N15 -> 0.88501016 | Q15: 1984 | R15: 74237.75 | S15: 42801.5 | T15: 31436 | U15: =J15+S15 -> 794568.63 | V15: =K15+T15 -> 574158.72 | W15: =G15+R15 -> 1368727.6 | X15: =(E15*1000000/U15)/$N15 -> 1.3636267 | Y15: =(F15*1000000/V15)/$N15 -> 0.8365546 | Z15: ='Table 1'!Q50 -> 1.1425284 | AA15: =1-M15/L15 -> 0.38594866
A16: 1985 | B16: ='Table 1'!I51 -> 19168 | C16: 0.68603115 | D16: 0.31396885 | E16: =$B16*C16 -> 13149.845 | F16: =$B16*D16 -> 6018.155 | G16: ='Table 1'!C51 -> 1335342.8 | H16: 0.57202523 | I16: 0.42797477 | J16: =H16*$G16 -> 763849.78 | K16: =I16*$G16 -> 571493.04 | L16: =E16*1000000/J16 -> 17215.224 | M16: =F16*1000000/K16 -> 10530.583 | N16: ='Table 1'!H51 -> 12287.707 | O16: =L16/$N16 -> 1.4010119 | P16: =M16/$N16 -> 0.8570015 | Q16: 1985 | R16: 64083 | S16: 33396 | T16: 30687.25 | U16: =J16+S16 -> 797245.78 | V16: =K16+T16 -> 602180.29 | W16: =G16+R16 -> 1399425.8 | X16: =(E16*1000000/U16)/$N16 -> 1.3423247 | Y16: =(F16*1000000/V16)/$N16 -> 0.8133285 | Z16: ='Table 1'!Q51 -> 1.1146951 | AA16: =1-M16/L16 -> 0.38829822
... A19: 1988 | B19: ='Table 1'!I54 -> 30144 | C19: 0.65680234 | D19: 0.34319766 | E19: =$B19*C19 -> 19798.65 | F19: =$B19*D19 -> 10345.35 | G19: ='Table 1'!C54 -> 1319400 | H19: 0.5446415 | I19: 0.4553585 | J19: =H19*$G19 -> 718600 | K19: =I19*$G19 -> 600800 | L19: =E19*1000000/J19 -> 27551.697 | M19: =F19*1000000/K19 -> 17219.291 | N19: ='Table 1'!H54 -> 17549.708 | O19: =L19/$N19 -> 1.5699234 | P19: =M19/$N19 -> 0.98117252 | Q19: 1988 | R19: 75100 | S19: 42400 | T19: 32700 | U19: =J19+S19 -> 761000 | V19: =K19+T19 -> 633500 | W19: =G19+R19 -> 1394500 | X19: =(E19*1000000/U19)/$N19 -> 1.4824533 | Y19: =(F19*1000000/V19)/$N19 -> 0.93052636 | Z19: ='Table 1'!Q54 -> 1.2317213 | AA19: =1-M19/L19 -> 0.37501886
A20: 1989 | B20: ='Table 1'!I55 -> 31508 | C20: 0.64841706 | D20: 0.35158294 | E20: =$B20*C20 -> 20430.325 | F20: =$B20*D20 -> 11077.675 | G20: ='Table 1'!C55 -> 1257400 | H20: 0.53801495 | I20: 0.46198505 | J20: 676500 | K20: 580900 | L20: =E20*1000000/J20 -> 30200.036 | M20: =F20*1000000/K20 -> 19069.849 | N20: ='Table 1'!H55 -> 18746.99 | O20: =L20/$N20 -> 1.6109272 | P20: =M20/$N20 -> 1.0172219 | Q20: 1989 | R20: 105000 | S20: 61000 | T20: 44000 | U20: =J20+S20 -> 737500 | V20: =K20+T20 -> 624900 | W20: =G20+R20 -> 1362400 | X20: =(E20*1000000/U20)/$N20 -> 1.4776844 | Y20: =(F20*1000000/V20)/$N20 -> 0.94559803 | Z20: ='Table 1'!Q55 -> 1.2336292 | AA20: =1-M20/L20 -> 0.3685488
A21: 1990 | B21: ='Table 1'!I56 -> 32442 | C21: 0.64692423 | D21: 0.35307577 | E21: =$B21*C21 -> 20987.516 | F21: =$B21*D21 -> 11454.484 | G21: ='Table 1'!C56 -> 1222500 | H21: 0.53357873 | I21: 0.46642127 | J21: 652300 | K21: 570200 | L21: =E21*1000000/J21 -> 32174.637 | M21: =F21*1000000/K21 -> 20088.538 | N21: ='Table 1'!H56 -> 19181.071 | O21: =L21/$N21 -> 1.6774161 | P21: =M21/$N21 -> 1.0473105 | Q21: 1990 | R21: 120500 | S21: 70200 | T21: 50300 | U21: =J21+S21 -> 722500 | V21: =K21+T21 -> 620500 | W21: =G21+R21 -> 1343000 | X21: =(E21*1000000/U21)/$N21 -> 1.5144339 | Y21: =(F21*1000000/V21)/$N21 -> 0.96241171 | Z21: ='Table 1'!Q56 -> 1.2593857 | AA21: =1-M21/L21 -> 0.37564059
A22: 1991 | B22: ='Table 1'!I57 -> 32849 | C22: 0.64193776 | D22: 0.35806224 | E22: =$B22*C22 -> 21087.013 | F22: =$B22*D22 -> 11761.987 | G22: ='Table 1'!C57 -> 1226800 | H22: 0.52730681 | I22: 0.47269319 | J22: 646900 | K22: 579900 | L22: =E22*1000000/J22 -> 32597.022 | M22: =F22*1000000/K22 -> 20282.784 | N22: ='Table 1'!H57 -> 19052.319 | O22: =L22/$N22 -> 1.7109215 | P22: =M22/$N22 -> 1.0645835 | Q22: 1991 | R22: 145100 | S22: 86000 | T22: 59200 | U22: =J22+S22 -> 732900 | V22: =K22+T22 -> 639100 | W22: =G22+R22 -> 1371900 | X22: =(E22*1000000/U22)/$N22 -> 1.5101584 | Y22: =(F22*1000000/V22)/$N22 -> 0.96597085 | Z22: ='Table 1'!Q57 -> 1.2567586 | AA22: =1-M22/L22 -> 0.37777185
A23: 1992 | B23: ='Table 1'!I58 -> 32534 | C23: 0.63537716 | D23: 0.36462284 | E23: =$B23*C23 -> 20671.361 | F23: =$B23*D23 -> 11862.639 | G23: ='Table 1'!C58 -> 1190700 | H23: 0.5233896 | I23: 0.4766104 | J23: 623200 | K23: 567500 | L23: =E23*1000000/J23 -> 33169.706 | M23: =F23*1000000/K23 -> 20903.329 | N23: ='Table 1'!H58 -> 18611.752 | O23: =L23/$N23 -> 1.7821915 | P23: =M23/$N23 -> 1.1231253 | Q23: 1992 | R23: 184600 | S23: 110900 | T23: 73700 | U23: =J23+S23 -> 734100 | V23: =K23+T23 -> 641200 | W23: =G23+R23 -> 1375300 | X23: =(E23*1000000/U23)/$N23 -> 1.512957 | Y23: =(F23*1000000/V23)/$N23 -> 0.99403242 | Z23: ='Table 1'!Q58 -> 1.2710211 | AA23: =1-M23/L23 -> 0.36980661
A24: 1993 | B24: ='Table 1'!I59 -> 33219 | C24: 0.63328604 | D24: 0.36671396 | E24: =$B24*C24 -> 21037.129 | F24: =$B24*D24 -> 12181.871 | G24: ='Table 1'!C59 -> 1193700 | H24: 0.5209014 | I24: 0.4790986 | J24: 621800 | K24: 571900 | L24: =E24*1000000/J24 -> 33832.629 | M24: =F24*1000000/K24 -> 21300.701 | N24: ='Table 1'!H59 -> 19215.085 | O24: =L24/$N24 -> 1.7607328 | P24: =M24/$N24 -> 1.1085406 | Q24: 1993 | R24: 177000 | S24: 106700 | T24: 70300 | U24: =J24+S24 -> 728500 | V24: =K24+T24 -> 642200 | W24: =G24+R24 -> 1370700 | X24: =(E24*1000000/U24)/$N24 -> 1.5028464 | Y24: =(F24*1000000/V24)/$N24 -> 0.98719146 | Z24: ='Table 1'!Q59 -> 1.2612519 | AA24: =1-M24/L24 -> 0.37040953
A25: 1994 | B25: ='Table 1'!I60 -> 34766 | C25: 0.63344577 | D25: 0.36655423 | E25: =$B25*C25 -> 22022.376 | F25: =$B25*D25 -> 12743.624 | G25: ='Table 1'!C60 -> 1224000 | H25: 0.52328431 | I25: 0.47671569 | J25: 640500 | K25: 583500 | L25: =E25*1000000/J25 -> 34383.1 | M25: =F25*1000000/K25 -> 21839.973 | N25: ='Table 1'!H60 -> 20955.179 | O25: =L25/$N25 -> 1.6407925 | P25: =M25/$N25 -> 1.0422232 | Q25: 1994 | R25: 165500 | S25: 98200 | T25: 67300 | U25: =J25+S25 -> 738700 | V25: =K25+T25 -> 650800 | W25: =G25+R25 -> 1389500 | X25: =(E25*1000000/U25)/$N25 -> 1.4226717 | Y25: =(F25*1000000/V25)/$N25 -> 0.93444566 | Z25: ='Table 1'!Q60 -> 1.1940013 | AA25: =1-M25/L25 -> 0.364805
A26: 1995 | B26: ='Table 1'!I61 -> 37088 | C26: 0.63554252 | D26: 0.36445748 | E26: =$B26*C26 -> 23571.001 | F26: =$B26*D26 -> 13516.999 | G26: ='Table 1'!C61 -> 1289900 | H26: 0.52430421 | I26: 0.47569579 | J26: 676300 | K26: 613600 | L26: =E26*1000000/J26 -> 34852.878 | M26: =F26*1000000/K26 -> 22029.007 | N26: ='Table 1'!H61 -> 22404.302 | O26: =L26/$N26 -> 1.5556333 | P26: =M26/$N26 -> 0.98324899 | Q26: 1995 | R26: 136300 | S26: 79800 | T26: 56500 | U26: =J26+S26 -> 756100 | V26: =K26+T26 -> 670100 | W26: =G26+R26 -> 1426200 | X26: =(E26*1000000/U26)/$N26 -> 1.3914493 | Y26: =(F26*1000000/V26)/$N26 -> 0.90034559 | Z26: ='Table 1'!Q61 -> 1.1607042 | AA26: =1-M26/L26 -> 0.36794294
A27: 1996 | B27: ='Table 1'!I62 -> 39329 | C27: 0.63575132 | D27: 0.36424868 | E27: =$B27*C27 -> 25003.464 | F27: =$B27*D27 -> 14325.536 | G27: ='Table 1'!C62 -> 1338400 | H27: 0.52428273 | I27: 0.47571727 | J27: =H27*$G27 -> 701700 | K27: =I27*$G27 -> 636700 | L27: =E27*1000000/J27 -> 35632.697 | M27: =F27*1000000/K27 -> 22499.664 | N27: ='Table 1'!H62 -> 23417.699 | O27: =L27/$N27 -> 1.521614 | P27: =M27/$N27 -> 0.96079741 | Q27: 1996 | R27: 115400 | S27: 63900 | T27: 51500 | U27: =J27+S27 -> 765600 | V27: =K27+T27 -> 688200 | W27: =G27+R27 -> 1453800 | X27: =(E27*1000000/U27)/$N27 -> 1.394614 | Y27: =(F27*1000000/V27)/$N27 -> 0.88889816 | Z27: ='Table 1'!Q62 -> 1.1552182 | AA27: =1-M27/L27 -> 0.3685669
A28: 1997 | B28: ='Table 1'!I63 -> 41970 | C28: 0.63312012 | D28: 0.36687988 | E28: =$B28*C28 -> 26572.051 | F28: =$B28*D28 -> 15397.949 | G28: ='Table 1'!C63 -> 1381700 | H28: 0.51907071 | I28: 0.48092929 | J28: =H28*$G28 -> 717200 | K28: =I28*$G28 -> 664500 | L28: =E28*1000000/J28 -> 37049.709 | M28: =F28*1000000/K28 -> 23172.233 | N28: ='Table 1'!H63 -> 24206.36 | O28: =L28/$N28 -> 1.5305774 | P28: =M28/$N28 -> 0.95727869 | Q28: 1997 | R28: 119100 | S28: 65200 | T28: 53800 | U28: =J28+S28 -> 782400 | V28: =K28+T28 -> 718300 | W28: =G28+R28 -> 1500800 | X28: =(E28*1000000/U28)/$N28 -> 1.4030293 | Y28: =(F28*1000000/V28)/$N28 -> 0.88557941 | Z28: ='Table 1'!Q63 -> 1.1552784 | AA28: =1-M28/L28 -> 0.3745637
A29: 1998 | B29: ='Table 1'!I64 -> 43707 | C29: 0.62717393 | D29: 0.37282607 | E29: =$B29*C29 -> 27411.891 | F29: =$B29*D29 -> 16295.109 | G29: ='Table 1'!C64 -> 1401600 | H29: 0.51790811 | I29: 0.48209189 | J29: =H29*$G29 -> 725900 | K29: =I29*$G29 -> 675700 | L29: =E29*1000000/J29 -> 37762.627 | M29: =F29*1000000/K29 -> 24115.893 | N29: ='Table 1'!H64 -> 24801.172 | O29: =L29/$N29 -> 1.5226146 | P29: =M29/$N29 -> 0.97236908 | Q29: 1998 | R29: 132500 | S29: 73500 | T29: 58900 | U29: =J29+S29 -> 799400 | V29: =K29+T29 -> 734600 | W29: =G29+R29 -> 1534100 | X29: =(E29*1000000/U29)/$N29 -> 1.3826194 | Y29: =(F29*1000000/V29)/$N29 -> 0.89440483 | Z29: ='Table 1'!Q64 -> 1.1487489 | AA29: =1-M29/L29 -> 0.36138201
A30: 1999 | B30: ='Table 1'!I65 -> 44714 | C30: 0.61444531 | D30: 0.38555469 | E30: =$B30*C30 -> 27474.308 | F30: =$B30*D30 -> 17239.692 | G30: ='Table 1'!C65 -> 1381800 | H30: 0.51215805 | I30: 0.48784195 | J30: =H30*$G30 -> 707700 | K30: =I30*$G30 -> 674100 | L30: =E30*1000000/J30 -> 38821.969 | M30: =F30*1000000/K30 -> 25574.384 | N30: ='Table 1'!H65 -> 25019.714 | O30: =L30/$N30 -> 1.5516552 | P30: =M30/$N30 -> 1.0221693 | Q30: 1999 | R30: 146100 | S30: 82500 | T30: 63600 | U30: =J30+S30 -> 790200 | V30: =K30+T30 -> 737700 | W30: =G30+R30 -> 1527900 | X30: =(E30*1000000/U30)/$N30 -> 1.3896563 | Y30: =(F30*1000000/V30)/$N30 -> 0.93404413 | Z30: ='Table 1'!Q65 -> 1.1696778 | AA30: =1-M30/L30 -> 0.34123939
A31: 2000 | B31: ='Table 1'!I66 -> 45817 | C31: 0.6101607 | D31: 0.3898393 | E31: =$B31*C31 -> 27955.733 | F31: =$B31*D31 -> 17861.267 | G31: ='Table 1'!C66 -> 1403300 | H31: 0.5105822 | I31: 0.4894178 | J31: =H31*$G31 -> 716500 | K31: =I31*$G31 -> 686800 | L31: =E31*1000000/J31 -> 39017.073 | M31: =F31*1000000/K31 -> 26006.505 | N31: ='Table 1'!H66 -> 26690.83 | O31: =L31/$N31 -> 1.4618156 | P31: =M31/$N31 -> 0.97436101 | Q31: 2000 | R31: 129000 | S31: 72300 | T31: 56700 | U31: =J31+S31 -> 788800 | V31: =K31+T31 -> 743500 | W31: =G31+R31 -> 1532300 | X31: =(E31*1000000/U31)/$N31 -> 1.3278282 | Y31: =(F31*1000000/V31)/$N31 -> 0.90005534 | Z31: ='Table 1'!Q66 -> 1.120265 | AA31: =1-M31/L31 -> 0.33345834
A32: 2001 | B32: ='Table 1'!I67 -> 48141 | C32: 0.60933776 | D32: 0.39066224 | E32: =$B32*C32 -> 29334.129 | F32: =$B32*D32 -> 18806.871 | G32: ='Table 1'!C67 -> 1435100 | H32: 0.51041739 | I32: 0.48958261 | J32: =H32*$G32 -> 732500 | K32: =I32*$G32 -> 702600 | L32: =E32*1000000/J32 -> 40046.593 | M32: =F32*1000000/K32 -> 26767.536 | N32: ='Table 1'!H67 -> 28124.446 | O32: =L32/$N32 -> 1.4239069 | P32: =M32/$N32 -> 0.95175338 | Q32: 2001 | R32: 113100 | S32: 63100 | T32: 50000 | U32: =J32+S32 -> 795600 | V32: =K32+T32 -> 752600 | W32: =G32+R32 -> 1548200 | X32: =(E32*1000000/U32)/$N32 -> 1.3109751 | Y32: =(F32*1000000/V32)/$N32 -> 0.88852235 | Z32: ='Table 1'!Q67 -> 1.1056154 | AA32: =1-M32/L32 -> 0.33159017
A33: 2002 | B33: ='Table 1'!I68 -> 51721 | C33: 0.60573887 | D33: 0.39426113 | E33: =$B33*C33 -> 31329.42 | F33: =$B33*D33 -> 20391.58 | G33: ='Table 1'!C68 -> 1496200 | H33: 0.50955755 | I33: 0.49044245 | J33: =H33*$G33 -> 762400 | K33: =I33*$G33 -> 733800 | L33: =E33*1000000/J33 -> 41093.153 | M33: =F33*1000000/K33 -> 27789.016 | N33: ='Table 1'!H68 -> 30214.927 | O33: =L33/$N33 -> 1.3600282 | P33: =M33/$N33 -> 0.91971151 | Q33: 2002 | R33: 106700 | S33: 57900 | T33: 48800 | U33: =J33+S33 -> 820300 | V33: =K33+T33 -> 782600 | W33: =G33+R33 -> 1602900 | X33: =(E33*1000000/U33)/$N33 -> 1.2640321 | Y33: =(F33*1000000/V33)/$N33 -> 0.86236175 | Z33: ='Table 1'!Q68 -> 1.0679205 | AA33: =1-M33/L33 -> 0.32375557
A34: 2003 | B34: ='Table 1'!I69 -> 55130 | C34: 0.60454319 | D34: 0.39545681 | E34: =$B34*C34 -> 33328.466 | F34: =$B34*D34 -> 21801.534 | G34: ='Table 1'!C69 -> 1543100 | H34: 0.50832739 | I34: 0.49167261 | J34: =H34*$G34 -> 784400 | K34: =I34*$G34 -> 758700 | L34: =E34*1000000/J34 -> 42489.12 | M34: =F34*1000000/K34 -> 28735.382 | N34: ='Table 1'!H69 -> 31042.493 | O34: =L34/$N34 -> 1.3687406 | P34: =M34/$N34 -> 0.92567894 | Q34: 2003 | R34: 105100 | S34: 54900 | T34: 50300 | U34: =J34+S34 -> 839300 | V34: =K34+T34 -> 809000 | W34: =G34+R34 -> 1648200 | X34: =(E34*1000000/U34)/$N34 -> 1.279209 | Y34: =(F34*1000000/V34)/$N34 -> 0.86812437 | Z34: ='Table 1'!Q69 -> 1.0775105 | AA34: =1-M34/L34 -> 0.32370024
A35: 2004 | B35: ='Table 1'!I70 -> 59373 | C35: 0.61289922 | D35: 0.38710078 | E35: =$B35*C35 -> 36389.665 | F35: =$B35*D35 -> 22983.335 | G35: ='Table 1'!C70 -> 1591300 | H35: 0.50568717 | I35: 0.49431283 | J35: =H35*$G35 -> 804700 | K35: =I35*$G35 -> 786600 | L35: =E35*1000000/J35 -> 45221.406 | M35: =F35*1000000/K35 -> 29218.579 | N35: ='Table 1'!H70 -> 32679.166 | O35: =L35/$N35 -> 1.3837993 | P35: =M35/$N35 -> 0.8941042 | Q35: 2004 | R35: 94400 | S35: 46400 | T35: 48000 | U35: =J35+S35 -> 851100 | V35: =K35+T35 -> 834600 | W35: =G35+R35 -> 1685700 | X35: =(E35*1000000/U35)/$N35 -> 1.3083577 | Y35: =(F35*1000000/V35)/$N35 -> 0.84268196 | Z35: ='Table 1'!Q70 -> 1.0777989 | AA35: =1-M35/L35 -> 0.35387724
A36: 2005 | B36: ='Table 1'!I71 -> 64347 | C36: 0.6166547 | D36: 0.3833453 | E36: =$B36*C36 -> 39679.88 | F36: =$B36*D36 -> 24667.12 | G36: ='Table 1'!C71 -> 1649400 | H36: 0.50976113 | I36: 0.49023887 | J36: =H36*$G36 -> 840800 | K36: =I36*$G36 -> 808600 | L36: =E36*1000000/J36 -> 47193.007 | M36: =F36*1000000/K36 -> 30505.961 | N36: ='Table 1'!H71 -> 34398.258 | O36: =L36/$N36 -> 1.3719592 | P36: =M36/$N36 -> 0.88684608 | Q36: 2005 | R36: 83200 | S36: 41000 | T36: 42200 | U36: =J36+S36 -> 881800 | V36: =K36+T36 -> 850800 | W36: =G36+R36 -> 1732600 | X36: =(E36*1000000/U36)/$N36 -> 1.3081688 | Y36: =(F36*1000000/V36)/$N36 -> 0.84285818 | Z36: ='Table 1'!Q71 -> 1.0796762 | AA36: =1-M36/L36 -> 0.3535915
A37: 2006 | B37: ='Table 1'!I72 -> 69696 | C37: 0.60335984 | D37: 0.39664016 | E37: =$B37*C37 -> 42051.768 | F37: =$B37*D37 -> 27644.232 | G37: ='Table 1'!C72 -> 1709800 | H37: 0.50795415 | I37: 0.49204585 | J37: =H37*$G37 -> 868500 | K37: =I37*$G37 -> 841300 | L37: =E37*1000000/J37 -> 48418.846 | M37: =F37*1000000/K37 -> 32858.947 | N37: ='Table 1'!H72 -> 35576.706 | O37: =L37/$N37 -> 1.3609704 | P37: =M37/$N37 -> 0.92360847 | Q37: 2006 | R37: 84300 | S37: 41200 | T37: 43100 | U37: =J37+S37 -> 909700 | V37: =K37+T37 -> 884400 | W37: =G37+R37 -> 1794100 | X37: =(E37*1000000/U37)/$N37 -> 1.2993326 | Y37: =(F37*1000000/V37)/$N37 -> 0.8785977 | Z37: ='Table 1'!Q72 -> 1.0919317 | AA37: =1-M37/L37 -> 0.32136038
A38: 2007 | B38: ='Table 1'!I73 -> 74449 | C38: 0.61028096 | D38: 0.38971904 | E38: =$B38*C38 -> 45434.807 | F38: =$B38*D38 -> 29014.193 | G38: ='Table 1'!C73 -> 1766200 | H38: 0.50962518 | I38: 0.49037482 | J38: =H38*$G38 -> 900100 | K38: =I38*$G38 -> 866100 | L38: =E38*1000000/J38 -> 50477.511 | M38: =F38*1000000/K38 -> 33499.818 | N38: ='Table 1'!H73 -> 36713.334 | O38: =L38/$N38 -> 1.3749095 | P38: =M38/$N38 -> 0.91247006 | Q38: 2007 | R38: 84500 | S38: 41900 | T38: 42600 | U38: =J38+S38 -> 942000 | V38: =K38+T38 -> 908700 | W38: =G38+R38 -> 1850700 | X38: =(E38*1000000/U38)/$N38 -> 1.3137537 | Y38: =(F38*1000000/V38)/$N38 -> 0.86969332 | Z38: ='Table 1'!Q73 -> 1.0957186 | AA38: =1-M38/L38 -> 0.33634171
... A54: 2023 | B54: ='Table 1'!I89 -> 173313 | C54: 0.56908925 | D54: 0.43091075 | E54: =$B54*C54 -> 98630.565 | F54: =$B54*D54 -> 74682.435 | G54: ='Table 1'!C89 -> 2393533.2 | H54: 0.51314753 | I54: 0.48685247 | J54: =H54*$G54 -> 1228235.6 | K54: =I54*$G54 -> 1165297.6 | L54: =E54*1000000/J54 -> 80302.64 | M54: =F54*1000000/K54 -> 64088.725 | N54: ='Table 1'!H89 -> 66908.905 | O54: =L54/$N54 -> 1.2001787 | P54: =M54/$N54 -> 0.95785046 | Q54: 2023 | R54: 99100 | S54: 48300 | T54: 50800 | U54: =J54+S54 -> 1276535.6 | V54: =K54+T54 -> 1216097.6 | W54: =G54+R54 -> 2492633.2 | X54: =(E54*1000000/U54)/$N54 -> 1.1547678 | Y54: =(F54*1000000/V54)/$N54 -> 0.91783821 | Z54: ='Table 1'!Q89 -> 1.0391754 | AA54: =1-M54/L54 -> 0.20191011

Sheet Table 4
A1: Table 4. Analysis using estimated full-time workers in place of ‘employees’
A2: Click for table sources
B3: 1 | C3: 2 | D3: 3 | E3: 4 | F3: 5 | G3: 6 | H3: 7 | I3: 8 | J3: 9 | K3: 10
B4: Hours paid per year, millions | C4: Implied FTEs @ 35 hours per week | D4: Unemployed (assumed full-time-equivalent) | E4: Total FTE + unemployed | F4: Compensation of employees $million | G4: Average wage $ per FTE (employees only) | H4: Average wage $ per FTE (employees plus unemployed) | I4: Adjusted NDI per adult, $ | J4: Wage Ratio for FTE workers (employees only) | K4: Wage Ratio for FTE workers (employees plus unemployed)
A5: 1939 | B5: 731.2124 | C5: =B5*1000000/(35*52) -> 401765.06 | F5: ='Table 1'!I5 -> 215.47126 | G5: =F5*1000000/C5 -> 536.31161 | I5: ='Table 1'!H5 -> 311.19044 | J5: =G5/I5 -> 1.7234193
A6: 1940 | B6: 723.5918 | C6: =B6*1000000/(35*52) -> 397577.91 | F6: ='Table 1'!I6 -> 218.35704 | G6: =F6*1000000/C6 -> 549.21824 | I6: ='Table 1'!H6 -> 335.56127 | J6: =G6/I6 -> 1.6367152
A7: 1941 | B7: 822.07762 | C7: =B7*1000000/(35*52) -> 451691 | F7: ='Table 1'!I7 -> 256.83405 | G7: =F7*1000000/C7 -> 568.60564 | I7: ='Table 1'!H7 -> 368.87888 | J7: =G7/I7 -> 1.5414426
A8: 1942 | B8: 864.00045 | C8: =B8*1000000/(35*52) -> 474725.52 | F8: ='Table 1'!I8 -> 280.88218 | G8: =F8*1000000/C8 -> 591.67281 | I8: ='Table 1'!H8 -> 404.53244 | J8: =G8/I8 -> 1.462609
A9: 1943 | B9: 989.43183 | C9: =B9*1000000/(35*52) -> 543643.86 | F9: ='Table 1'!I9 -> 332.82615 | G9: =F9*1000000/C9 -> 612.21357 | I9: ='Table 1'!H9 -> 468.93482 | J9: =G9/I9 -> 1.3055409
A10: 1944 | B10: 1117.0876 | C10: =B10*1000000/(35*52) -> 613784.39 | F10: ='Table 1'!I10 -> 382.84626 | G10: =F10*1000000/C10 -> 623.74715 | I10: ='Table 1'!H10 -> 517.57075 | J10: =G10/I10 -> 1.2051437
A11: 1945 | B11: 1060.4637 | C11: =B11*1000000/(35*52) -> 582672.35 | F11: ='Table 1'!I11 -> 376.11279 | G11: =F11*1000000/C11 -> 645.4962 | I11: ='Table 1'!H11 -> 507.70472 | J11: =G11/I11 -> 1.2714008
A12: 1946 | B12: 1032.8144 | C12: =B12*1000000/(35*52) -> 567480.42 | F12: ='Table 1'!I12 -> 387.65589 | G12: =F12*1000000/C12 -> 683.11765 | I12: ='Table 1'!H12 -> 512.54986 | J12: =G12/I12 -> 1.3327828
A13: 1947 | B13: 963.17916 | C13: =B13*1000000/(35*52) -> 529219.32 | F13: ='Table 1'!I13 -> 375.15086 | G13: =F13*1000000/C13 -> 708.87598 | I13: ='Table 1'!H13 -> 532.07213 | J13: =G13/I13 -> 1.332293
A14: 1948 | B14: 1018.5546 | C14: =B14*1000000/(35*52) -> 559645.4 | F14: ='Table 1'!I14 -> 416.51365 | G14: =F14*1000000/C14 -> 744.24564 | I14: ='Table 1'!H14 -> 591.37014 | J14: =G14/I14 -> 1.2585107
A15: 1949 | B15: 1029.6304 | C15: =B15*1000000/(35*52) -> 565731.01 | F15: ='Table 1'!I15 -> 445.37141 | G15: =F15*1000000/C15 -> 787.24942 | I15: ='Table 1'!H15 -> 595.61589 | J15: =G15/I15 -> 1.3217401
A16: 1950 | B16: 1066.1737 | C16: =B16*1000000/(35*52) -> 585809.75 | F16: ='Table 1'!I16 -> 489.61997 | G16: =F16*1000000/C16 -> 835.80032 | I16: ='Table 1'!H16 -> 664.95881 | J16: =G16/I16 -> 1.2569204
... A21: 1955 | B21: 1286.5171 | C21: =B21*1000000/(35*52) -> 706877.55 | F21: ='Table 1'!I21 -> 852.2658 | G21: =F21*1000000/C21 -> 1205.6767 | I21: ='Table 1'!H21 -> 1030.8393 | J21: =G21/I21 -> 1.1696069
A22: 1956 | B22: 1353.0496 | C22: =B22*1000000/(35*52) -> 743433.82 | D22: ='Table 1'!N22 -> 5270 | E22: =C22+D22 -> 748703.82 | F22: ='Table 1'!I22 -> 924.4102 | G22: =F22*1000000/C22 -> 1243.4331 | H22: =F22*1000000/E22 -> 1234.6808 | I22: ='Table 1'!H22 -> 1066.141 | J22: =G22/I22 -> 1.1662933 | K22: =H22/I22 -> 1.158084
A23: 1957 | B23: 1377.0864 | C23: =B23*1000000/(35*52) -> 756640.9 | D23: ='Table 1'!N23 -> 5154.25 | E23: =C23+D23 -> 761795.15 | F23: ='Table 1'!I23 -> 975.39224 | G23: =F23*1000000/C23 -> 1289.1085 | H23: =F23*1000000/E23 -> 1280.3865 | I23: ='Table 1'!H23 -> 1099.1899 | J23: =G23/I23 -> 1.1727805 | K23: =H23/I23 -> 1.1648456
A24: 1958 | B24: 1398.8806 | C24: =B24*1000000/(35*52) -> 768615.69 | D24: ='Table 1'!N24 -> 4950 | E24: =C24+D24 -> 773565.69 | F24: ='Table 1'!I24 -> 1052.3463 | G24: =F24*1000000/C24 -> 1369.1449 | H24: =F24*1000000/E24 -> 1360.3838 | I24: ='Table 1'!H24 -> 1152.0331 | J24: =G24/I24 -> 1.1884597 | K24: =H24/I24 -> 1.1808548
A25: 1959 | B25: 1440.5464 | C25: =B25*1000000/(35*52) -> 791508.99 | D25: ='Table 1'!N25 -> 5243 | E25: =C25+D25 -> 796751.99 | F25: ='Table 1'!I25 -> 1096.5948 | G25: =F25*1000000/C25 -> 1385.4484 | H25: =F25*1000000/E25 -> 1376.3315 | I25: ='Table 1'!H25 -> 1172.6676 | J25: =G25/I25 -> 1.1814502 | K25: =H25/I25 -> 1.1736757
A26: 1960 | B26: 1471.83 | C26: =B26*1000000/(35*52) -> 808697.79 | D26: ='Table 1'!N26 -> 5269.25 | E26: =C26+D26 -> 813967.04 | F26: ='Table 1'!I26 -> 1161.0438 | G26: =F26*1000000/C26 -> 1435.6956 | H26: =F26*1000000/E26 -> 1426.4015 | I26: ='Table 1'!H26 -> 1247.6565 | J26: =G26/I26 -> 1.1507138 | K26: =H26/I26 -> 1.1432646
A27: 1961 | B27: 1531.4602 | C27: =B27*1000000/(35*52) -> 841461.67 | D27: ='Table 1'!N27 -> 4492.75 | E27: =C27+D27 -> 845954.42 | F27: ='Table 1'!I27 -> 1254.3506 | G27: =F27*1000000/C27 -> 1490.6806 | H27: =F27*1000000/E27 -> 1482.7638 | I27: ='Table 1'!H27 -> 1338.8847 | J27: =G27/I27 -> 1.1133749 | K27: =H27/I27 -> 1.1074619
A28: 1962 | B28: 1573.1762 | C28: =B28*1000000/(35*52) -> 864382.51 | D28: ='Table 1'!N28 -> 4474 | E28: =C28+D28 -> 868856.51 | F28: ='Table 1'!I28 -> 1339 | G28: =F28*1000000/C28 -> 1549.0827 | H28: =F28*1000000/E28 -> 1541.106 | I28: ='Table 1'!H28 -> 1343.7791 | J28: =G28/I28 -> 1.1527808 | K28: =H28/I28 -> 1.1468448
A29: 1963 | B29: 1610.9593 | C29: =B29*1000000/(35*52) -> 885142.48 | D29: ='Table 1'!N29 -> 5160.75 | E29: =C29+D29 -> 890303.23 | F29: ='Table 1'!I29 -> 1419 | G29: =F29*1000000/C29 -> 1603.1317 | H29: =F29*1000000/E29 -> 1593.839 | I29: ='Table 1'!H29 -> 1430.5012 | J29: =G29/I29 -> 1.1206784 | K29: =H29/I29 -> 1.1141822
A30: 1964 | B30: 1685.5934 | C30: =B30*1000000/(35*52) -> 926150.23 | D30: ='Table 1'!N30 -> 5052 | E30: =C30+D30 -> 931202.23 | F30: ='Table 1'!I30 -> 1525 | G30: =F30*1000000/C30 -> 1646.6011 | H30: =F30*1000000/E30 -> 1637.6679 | I30: ='Table 1'!H30 -> 1529.4266 | J30: =G30/I30 -> 1.0766134 | K30: =H30/I30 -> 1.0707725
A31: 1965 | B31: 1761.3623 | C31: =B31*1000000/(35*52) -> 967781.48 | D31: ='Table 1'!N31 -> 5247.5 | E31: =C31+D31 -> 973028.98 | F31: ='Table 1'!I31 -> 1689 | G31: =F31*1000000/C31 -> 1745.2287 | H31: =F31*1000000/E31 -> 1735.8168 | I31: ='Table 1'!H31 -> 1645.6283 | J31: =G31/I31 -> 1.0605242 | K31: =H31/I31 -> 1.0548049
A32: 1966 | B32: 1842.183 | C32: =B32*1000000/(35*52) -> 1012188.5 | D32: ='Table 1'!N32 -> 5464 | E32: =C32+D32 -> 1017652.5 | F32: ='Table 1'!I32 -> 1854 | G32: =F32*1000000/C32 -> 1831.6747 | H32: =F32*1000000/E32 -> 1821.84 | I32: ='Table 1'!H32 -> 1735.6562 | J32: =G32/I32 -> 1.0553211 | K32: =H32/I32 -> 1.0496549
A33: 1967 | B33: 1903.4841 | C33: =B33*1000000/(35*52) -> 1045870.4 | D33: ='Table 1'!N33 -> 5947.25 | E33: =C33+D33 -> 1051817.6 | F33: ='Table 1'!I33 -> 2003 | G33: =F33*1000000/C33 -> 1915.1513 | H33: =F33*1000000/E33 -> 1904.3225 | I33: ='Table 1'!H33 -> 1745.1602 | J33: =G33/I33 -> 1.0974071 | K33: =H33/I33 -> 1.0912021
... A88: 2022 | B88: 3620.8803 | C88: =B88*1000000/(35*52) -> 1989494.7 | D88: ='Table 1'!N88 -> 99300 | E88: =C88+D88 -> 2088794.7 | F88: ='Table 1'!I88 -> 158502 | G88: =F88*1000000/C88 -> 79669.476 | H88: =F88*1000000/E88 -> 75882.039 | I88: ='Table 1'!H88 -> 63523.663 | J88: =G88/I88 -> 1.2541701 | K88: =H88/I88 -> 1.1945476

Sheet Table 5
A1: Table 5: Imputation of labour income to the self-employed
A2: Click for table sources
B3: 1 | C3: 2 | D3: 3 | E3: 4 | F3: 5 | G3: 6 | H3: 7 | I3: 8 | J3: 9 | K3: 10 | L3: 11 | M3: 12
B4: Number of self-employed | C4: Net self-employed income, $m | D4: Share of self-employed income in adjusted NDI | E4: Adjusted NDI excluding mixed income, $m | F4: Compensation of employees as % of Column (4) | G4: Imputed labour income of the self-employed $m, (4) x (2) | H4: Imputed labour income per self-employed, $, (6) ÷ (1) | I4: Self-employed employment rate | J4: Self-employed imputed Wage Ratio | K4: Self-employed imputed labour share of adjusted NDI | L4: Wage Ratio if all self-employed income is labour income | M4: Memo item: Self-employed % of total employed labour force
A5: 1939 | B5: 155656.9 | C5: ='Table 2'!G6 -> 99.673731 | D5: =C5/'Table 1'!G5 -> 0.26556951 | E5: ='Table 1'!G5-'Table 5'!C5 -> 275.64696 | F5: ='Table 1'!I5/'Table 5'!E5 -> 0.78169288 | G5: =F5*C5 -> 77.914247 | H5: =G5*1000000/B5 -> 500.5512 | I5: =B5/'Table 1'!B5 -> 0.12906013 | J5: =H5/'Table 1'!H5 -> 1.6085044 | K5: =G5/'Table 1'!G5 -> 0.2075938 | L5: =((C5*1000000)/B5)/'Table 1'!H5 -> 2.0577192 | M5: =B5/'Table 6'!B8 -> 0.21674136
A6: 1940 | B6: 152439.62 | C6: ='Table 2'!G7 -> 105.90334 | D6: =C6/'Table 1'!G6 -> 0.26089039 | E6: ='Table 1'!G6-'Table 5'!C6 -> 300.02705 | F6: ='Table 1'!I6/'Table 5'!E6 -> 0.72779118 | G6: =F6*C6 -> 77.075516 | H6: =G6*1000000/B6 -> 505.6134 | I6: =B6/'Table 1'!B6 -> 0.1260138 | J6: =H6/'Table 1'!H6 -> 1.5067693 | K6: =G6/'Table 1'!G6 -> 0.18987373 | L6: =((C6*1000000)/B6)/'Table 1'!H6 -> 2.0703319 | M6: =B6/'Table 6'!B9 -> 0.2112418
A7: 1941 | B7: 149127.82 | C7: ='Table 2'!G8 -> 102.34356 | D7: =C7/'Table 1'!G7 -> 0.23198352 | E7: ='Table 1'!G7-'Table 5'!C7 -> 338.82382 | F7: ='Table 1'!I7/'Table 5'!E7 -> 0.75801652 | G7: =F7*C7 -> 77.578112 | H7: =G7*1000000/B7 -> 520.2122 | I7: =B7/'Table 1'!B7 -> 0.12469214 | J7: =H7/'Table 1'!H7 -> 1.4102521 | K7: =G7/'Table 1'!G7 -> 0.17584734 | L7: =((C7*1000000)/B7)/'Table 1'!H7 -> 1.8604503 | M7: =B7/'Table 6'!B10 -> 0.20566447
A8: 1942 | B8: 145719.47 | C8: ='Table 2'!G9 -> 106.79328 | D8: =C8/'Table 1'!G8 -> 0.22093054 | E8: ='Table 1'!G8-'Table 5'!C8 -> 376.58618 | F8: ='Table 1'!I8/'Table 5'!E8 -> 0.74586429 | G8: =F8*C8 -> 79.653297 | H8: =G8*1000000/B8 -> 546.62081 | I8: =B8/'Table 1'!B8 -> 0.12195027 | J8: =H8/'Table 1'!H8 -> 1.351241 | K8: =G8/'Table 1'!G8 -> 0.1647842 | L8: =((C8*1000000)/B8)/'Table 1'!H8 -> 1.8116445 | M8: =B8/'Table 6'!B11 -> 0.2000077
A9: 1943 | B9: 142212.5 | C9: ='Table 2'!G10 -> 114.80278 | D9: =C9/'Table 1'!G9 -> 0.20606274 | E9: ='Table 1'!G9-'Table 5'!C9 -> 442.32258 | F9: ='Table 1'!I9/'Table 5'!E9 -> 0.75245119 | G9: =F9*C9 -> 86.383488 | H9: =G9*1000000/B9 -> 607.42542 | I9: =B9/'Table 1'!B9 -> 0.11970088 | J9: =H9/'Table 1'!H9 -> 1.2953302 | K9: =G9/'Table 1'!G9 -> 0.15505216 | L9: =((C9*1000000)/B9)/'Table 1'!H9 -> 1.7214807 | M9: =B9/'Table 6'!B12 -> 0.19426978
A10: 1944 | B10: 138604.77 | C10: ='Table 2'!G11 -> 119.2525 | D10: =C10/'Table 1'!G10 -> 0.19164558 | E10: ='Table 1'!G10-'Table 5'!C10 -> 503.00292 | F10: ='Table 1'!I10/'Table 5'!E10 -> 0.76112136 | G10: =F10*C10 -> 90.765625 | H10: =G10*1000000/B10 -> 654.85211 | I10: =B10/'Table 1'!B10 -> 0.1152867 | J10: =H10/'Table 1'!H10 -> 1.2652417 | K10: =G10/'Table 1'!G10 -> 0.14586554 | L10: =((C10*1000000)/B10)/'Table 1'!H10 -> 1.662339 | M10: =B10/'Table 6'!B13 -> 0.18844896
A11: 1945 | B11: 134894.07 | C11: ='Table 2'!G12 -> 129.04188 | D11: =C11/'Table 1'!G11 -> 0.20603416 | E11: ='Table 1'!G11-'Table 5'!C11 -> 497.27116 | F11: ='Table 1'!I11/'Table 5'!E11 -> 0.7563535 | G11: =F11*C11 -> 97.601281 | H11: =G11*1000000/B11 -> 723.54017 | I11: =B11/'Table 1'!B11 -> 0.10934845 | J11: =H11/'Table 1'!H11 -> 1.42512 | K11: =G11/'Table 1'!G11 -> 0.15583466 | L11: =((C11*1000000)/B11)/'Table 1'!H11 -> 1.8841984 | M11: =B11/'Table 6'!B14 -> 0.18254342
A12: 1946 | B12: 139211.65 | C12: ='Table 2'!G13 -> 149.5106 | D12: =C12/'Table 1'!G12 -> 0.22745912 | E12: ='Table 1'!G12-'Table 5'!C12 -> 507.79697 | F12: ='Table 1'!I12/'Table 5'!E12 -> 0.76340726 | G12: =F12*C12 -> 114.13748 | H12: =G12*1000000/B12 -> 819.88452 | I12: =B12/'Table 1'!B12 -> 0.10855331 | J12: =H12/'Table 1'!H12 -> 1.599619 | K12: =G12/'Table 1'!G12 -> 0.17364394 | L12: =((C12*1000000)/B12)/'Table 1'!H12 -> 2.0953679 | M12: =B12/'Table 6'!B15 -> 0.1848512
A13: 1947 | B13: 143584.48 | C13: ='Table 2'!G14 -> 174.42903 | D13: =C13/'Table 1'!G13 -> 0.25132354 | E13: ='Table 1'!G13-'Table 5'!C13 -> 519.61271 | F13: ='Table 1'!I13/'Table 5'!E13 -> 0.72198169 | G13: =F13*C13 -> 125.93457 | H13: =G13*1000000/B13 -> 877.07647 | I13: =B13/'Table 1'!B13 -> 0.11007594 | J13: =H13/'Table 1'!H13 -> 1.6484165 | K13: =G13/'Table 1'!G13 -> 0.181451 | L13: =((C13*1000000)/B13)/'Table 1'!H13 -> 2.2831833 | M13: =B13/'Table 6'!B16 -> 0.18714599
A14: 1948 | B14: 146819.16 | C14: ='Table 2'!G15 -> 207.35696 | D14: =C14/'Table 1'!G14 -> 0.26549902 | E14: ='Table 1'!G14-'Table 5'!C14 -> 573.65142 | F14: ='Table 1'!I14/'Table 5'!E14 -> 0.72607446 | G14: =F14*C14 -> 150.55659 | H14: =G14*1000000/B14 -> 1025.456 | I14: =B14/'Table 1'!B14 -> 0.1111697 | J14: =H14/'Table 1'!H14 -> 1.7340341 | K14: =G14/'Table 1'!G14 -> 0.19277206 | L14: =((C14*1000000)/B14)/'Table 1'!H14 -> 2.3882318 | M14: =B14/'Table 6'!B17 -> 0.18942789
A15: 1949 | B15: 150318.63 | C15: ='Table 2'!G16 -> 218.03629 | D15: =C15/'Table 1'!G15 -> 0.27381306 | E15: ='Table 1'!G15-'Table 5'!C15 -> 578.25988 | F15: ='Table 1'!I15/'Table 5'!E15 -> 0.77019248 | G15: =F15*C15 -> 167.92991 | H15: =G15*1000000/B15 -> 1117.1597 | I15: =B15/'Table 1'!B15 -> 0.11243576 | J15: =H15/'Table 1'!H15 -> 1.8756378 | K15: =G15/'Table 1'!G15 -> 0.21088876 | L15: =((C15*1000000)/B15)/'Table 1'!H15 -> 2.4352845 | M15: =B15/'Table 6'!B18 -> 0.19169702
A16: 1950 | B16: 154749.11 | C16: ='Table 2'!G17 -> 262.53349 | D16: =C16/'Table 1'!G16 -> 0.29196972 | E16: ='Table 1'!G16-'Table 5'!C16 -> 636.64704 | F16: ='Table 1'!I16/'Table 5'!E16 -> 0.76906032 | G16: =F16*C16 -> 201.90409 | H16: =G16*1000000/B16 -> 1304.7189 | I16: =B16/'Table 1'!B16 -> 0.11443952 | J16: =H16/'Table 1'!H16 -> 1.9621048 | K16: =G16/'Table 1'!G16 -> 0.22454233 | L16: =((C16*1000000)/B16)/'Table 1'!H16 -> 2.5513016 | M16: =B16/'Table 6'!B19 -> 0.19395347
... A89: 2023 | B89: 463766.81 | C89: ='Table 2'!G90 -> 39819 | D89: =C89/'Table 1'!G89 -> 0.14483744 | E89: ='Table 1'!G89-'Table 5'!C89 -> 235103 | F89: ='Table 1'!I89/'Table 5'!E89 -> 0.73717902 | G89: =F89*C89 -> 29353.732 | H89: =G89*1000000/B89 -> 63294.162 | I89: =B89/'Table 1'!B89 -> 0.11286885 | J89: =H89/'Table 1'!H89 -> 0.94597516 | K89: =G89/'Table 1'!G89 -> 0.10677113 | L89: =((C89*1000000)/B89)/'Table 1'!H89 -> 1.2832367 | M89: =B89/'Table 6'!B92 -> 0.16230945

Sheet Table 6
A4: Table 6: Aggregating employees and self-employed
A5: Click for table sources
B6: 1 | C6: 2 | D6: 3 | E6: 4 | F6: 5 | G6: 6 | H6: 7 | I6: 8
B7: Total employed labour force, employees plus self-employed | C7: Total compensation of employees plus imputed self-employed labour income, $m | D7: Employment rate, employees plus self-employed | E7: Wage Ratio for employees plus imputed self-employed | F7: Aggregate labour share, employees plus imputed self-employed | G7: Total employees, self-employed and unemployed | H7: Participation rate, all including unemployed | I7: Wage Ratio, all including unemployed
A8: 1939 | B8: ='Table 1'!C5+'Table 5'!B5 -> 718168.87 | C8: ='Table 1'!I5+'Table 5'!G5 -> 293.38551 | D8: =B8/'Table 1'!B5 -> 0.59545689 | E8: =((C8*1000000)/B8)/'Table 1'!H5 -> 1.3127615 | F8: =C8/'Table 1'!G5 -> 0.78169288
A9: 1940 | B9: ='Table 1'!C6+'Table 5'!B6 -> 721635.69 | C9: ='Table 1'!I6+'Table 5'!G6 -> 295.43256 | D9: =B9/'Table 1'!B6 -> 0.59653821 | E9: =((C9*1000000)/B9)/'Table 1'!H6 -> 1.2200244 | F9: =C9/'Table 1'!G6 -> 0.72779118
A10: 1941 | B10: ='Table 1'!C7+'Table 5'!B7 -> 725102.51 | C10: ='Table 1'!I7+'Table 5'!G7 -> 334.41216 | D10: =B10/'Table 1'!B7 -> 0.60628917 | E10: =((C10*1000000)/B10)/'Table 1'!H7 -> 1.2502558 | F10: =C10/'Table 1'!G7 -> 0.75801652
A11: 1942 | B11: ='Table 1'!C8+'Table 5'!B8 -> 728569.33 | C11: ='Table 1'!I8+'Table 5'!G8 -> 360.53548 | D11: =B11/'Table 1'!B8 -> 0.60972787 | E11: =((C11*1000000)/B11)/'Table 1'!H8 -> 1.2232741 | F11: =C11/'Table 1'!G8 -> 0.74586429
A12: 1943 | B12: ='Table 1'!C9+'Table 5'!B9 -> 732036.15 | C12: ='Table 1'!I9+'Table 5'!G9 -> 419.20964 | D12: =B12/'Table 1'!B9 -> 0.61615799 | E12: =((C12*1000000)/B12)/'Table 1'!H9 -> 1.2211985 | F12: =C12/'Table 1'!G9 -> 0.75245119
A13: 1944 | B13: ='Table 1'!C10+'Table 5'!B10 -> 735502.97 | C13: ='Table 1'!I10+'Table 5'!G10 -> 473.61189 | D13: =B13/'Table 1'!B10 -> 0.61176619 | E13: =((C13*1000000)/B13)/'Table 1'!H10 -> 1.2441377 | F13: =C13/'Table 1'!G10 -> 0.76112136
A14: 1945 | B14: ='Table 1'!C11+'Table 5'!B11 -> 738969.79 | C14: ='Table 1'!I11+'Table 5'!G11 -> 473.71407 | D14: =B14/'Table 1'!B11 -> 0.59902704 | E14: =((C14*1000000)/B14)/'Table 1'!H11 -> 1.2626367 | F14: =C14/'Table 1'!G11 -> 0.7563535
A15: 1946 | B15: ='Table 1'!C12+'Table 5'!B12 -> 753101.12 | C15: ='Table 1'!I12+'Table 5'!G12 -> 501.79337 | D15: =B15/'Table 1'!B12 -> 0.58724697 | E15: =((C15*1000000)/B15)/'Table 1'!H12 -> 1.2999765 | F15: =C15/'Table 1'!G12 -> 0.76340726
A16: 1947 | B16: ='Table 1'!C13+'Table 5'!B13 -> 767232.45 | C16: ='Table 1'!I13+'Table 5'!G13 -> 501.08543 | D16: =B16/'Table 1'!B13 -> 0.5881822 | E16: =((C16*1000000)/B16)/'Table 1'!H13 -> 1.2274797 | F16: =C16/'Table 1'!G13 -> 0.72198169
A17: 1948 | B17: ='Table 1'!C14+'Table 5'!B14 -> 775066.24 | C17: ='Table 1'!I14+'Table 5'!G14 -> 567.07024 | D17: =B17/'Table 1'!B14 -> 0.58687083 | E17: =((C17*1000000)/B17)/'Table 1'!H14 -> 1.2371964 | F17: =C17/'Table 1'!G14 -> 0.72607446
A18: 1949 | B18: ='Table 1'!C15+'Table 5'!B15 -> 784146.94 | C18: ='Table 1'!I15+'Table 5'!G15 -> 613.30132 | D18: =B18/'Table 1'!B15 -> 0.58652847 | E18: =((C18*1000000)/B18)/'Table 1'!H15 -> 1.3131374 | F18: =C18/'Table 1'!G15 -> 0.77019248
A19: 1950 | B19: ='Table 1'!C16+'Table 5'!B16 -> 797867.19 | C19: ='Table 1'!I16+'Table 5'!G16 -> 691.52406 | D19: =B19/'Table 1'!B16 -> 0.59003593 | E19: =((C19*1000000)/B19)/'Table 1'!H16 -> 1.3034127 | F19: =C19/'Table 1'!G16 -> 0.76906032
... A24: 1955 | B24: ='Table 1'!C21+'Table 5'!B21 -> 867674.14 | C24: ='Table 1'!I21+'Table 5'!G21 -> 1171.7284 | D24: =B24/'Table 1'!B21 -> 0.5931111 | E24: =((C24*1000000)/B24)/'Table 1'!H21 -> 1.3100243 | F24: =C24/'Table 1'!G21 -> 0.77698996
A25: 1956 | B25: ='Table 1'!C22+'Table 5'!B22 -> 882200 | C25: ='Table 1'!I22+'Table 5'!G22 -> 1248.3858 | D25: =B25/'Table 1'!B22 -> 0.59366367 | E25: =((C25*1000000)/B25)/'Table 1'!H22 -> 1.327294 | F25: =C25/'Table 1'!G22 -> 0.78796621 | G25: =B25+'Table 1'!N22 -> 887470 | H25: =G25/'Table 1'!B22 -> 0.59721004 | I25: =(C25*1000000/G25)/'Table 1'!H22 -> 1.3194122
A26: 1957 | B26: ='Table 1'!C23+'Table 5'!B23 -> 899600 | C26: ='Table 1'!I23+'Table 5'!G23 -> 1342.7546 | D26: =B26/'Table 1'!B23 -> 0.59372799 | E26: =((C26*1000000)/B26)/'Table 1'!H23 -> 1.3579208 | F26: =C26/'Table 1'!G23 -> 0.80623561 | G26: =B26+'Table 1'!N23 -> 904754.25 | H26: =G26/'Table 1'!B23 -> 0.59712975 | I26: =(C26*1000000/G26)/'Table 1'!H23 -> 1.350185
A27: 1958 | B27: ='Table 1'!C24+'Table 5'!B24 -> 907500 | C27: ='Table 1'!I24+'Table 5'!G24 -> 1468.9148 | D27: =B27/'Table 1'!B24 -> 0.58756468 | E27: =((C27*1000000)/B27)/'Table 1'!H24 -> 1.405028 | F27: =C27/'Table 1'!G24 -> 0.82554483 | G27: =B27+'Table 1'!N24 -> 912450 | H27: =G27/'Table 1'!B24 -> 0.59076958 | I27: =(C27*1000000/G27)/'Table 1'!H24 -> 1.3974058
A28: 1959 | B28: ='Table 1'!C25+'Table 5'!B25 -> 932200 | C28: ='Table 1'!I25+'Table 5'!G25 -> 1467.5433 | D28: =B28/'Table 1'!B25 -> 0.5948034 | E28: =((C28*1000000)/B28)/'Table 1'!H25 -> 1.3424771 | F28: =C28/'Table 1'!G25 -> 0.79850995 | G28: =B28+'Table 1'!N25 -> 937443 | H28: =G28/'Table 1'!B25 -> 0.59814877 | I28: =(C28*1000000/G28)/'Table 1'!H25 -> 1.3349688
A29: 1960 | B29: ='Table 1'!C26+'Table 5'!B26 -> 952000 | C29: ='Table 1'!I26+'Table 5'!G26 -> 1552.9407 | D29: =B29/'Table 1'!B26 -> 0.60037607 | E29: =((C29*1000000)/B29)/'Table 1'!H26 -> 1.3074434 | F29: =C29/'Table 1'!G26 -> 0.78495774 | G29: =B29+'Table 1'!N26 -> 957269.25 | H29: =G29/'Table 1'!B26 -> 0.60369911 | I29: =(C29*1000000/G29)/'Table 1'!H26 -> 1.3002466
A30: 1961 | B30: ='Table 1'!C27+'Table 5'!B27 -> 976700 | C30: ='Table 1'!I27+'Table 5'!G27 -> 1659.4287 | D30: =B30/'Table 1'!B27 -> 0.60636548 | E30: =((C30*1000000)/B30)/'Table 1'!H27 -> 1.2689784 | F30: =C30/'Table 1'!G27 -> 0.76946468 | G30: =B30+'Table 1'!N27 -> 981192.75 | H30: =G30/'Table 1'!B27 -> 0.60915472 | I30: =(C30*1000000/G30)/'Table 1'!H27 -> 1.2631679
A31: 1962 | B31: ='Table 1'!C28+'Table 5'!B28 -> 993100 | C31: ='Table 1'!I28+'Table 5'!G28 -> 1696.8829 | D31: =B31/'Table 1'!B28 -> 0.60315477 | E31: =((C31*1000000)/B31)/'Table 1'!H28 -> 1.2715429 | F31: =C31/'Table 1'!G28 -> 0.76693718 | G31: =B31+'Table 1'!N28 -> 997574 | H31: =G31/'Table 1'!B28 -> 0.60587203 | I31: =(C31*1000000/G31)/'Table 1'!H28 -> 1.2658402
A32: 1963 | B32: ='Table 1'!C29+'Table 5'!B29 -> 1012200 | C32: ='Table 1'!I29+'Table 5'!G29 -> 1825.2248 | D32: =B32/'Table 1'!B29 -> 0.60178754 | E32: =((C32*1000000)/B32)/'Table 1'!H29 -> 1.260555 | F32: =C32/'Table 1'!G29 -> 0.7585863 | G32: =B32+'Table 1'!N29 -> 1017360.8 | H32: =G32/'Table 1'!B29 -> 0.60485579 | I32: =(C32*1000000/G32)/'Table 1'!H29 -> 1.2541606
A33: 1964 | B33: ='Table 1'!C30+'Table 5'!B30 -> 1048300 | C33: ='Table 1'!I30+'Table 5'!G30 -> 1980.0572 | D33: =B33/'Table 1'!B30 -> 0.60968101 | E33: =((C33*1000000)/B33)/'Table 1'!H30 -> 1.2349902 | F33: =C33/'Table 1'!G30 -> 0.75295008 | G33: =B33+'Table 1'!N30 -> 1053352 | H33: =G33/'Table 1'!B30 -> 0.6126192 | I33: =(C33*1000000/G33)/'Table 1'!H30 -> 1.2290671
A34: 1965 | B34: ='Table 1'!C31+'Table 5'!B31 -> 1084000 | C34: ='Table 1'!I31+'Table 5'!G31 -> 2159.5059 | D34: =B34/'Table 1'!B31 -> 0.61807087 | E34: =((C34*1000000)/B34)/'Table 1'!H31 -> 1.2105796 | F34: =C34/'Table 1'!G31 -> 0.74822401 | G34: =B34+'Table 1'!N31 -> 1089247.5 | H34: =G34/'Table 1'!B31 -> 0.62106287 | I34: =(C34*1000000/G34)/'Table 1'!H31 -> 1.2047476
A35: 1966 | B35: ='Table 1'!C32+'Table 5'!B32 -> 1130000 | C35: ='Table 1'!I32+'Table 5'!G32 -> 2351.1235 | D35: =B35/'Table 1'!B32 -> 0.63127561 | E35: =((C35*1000000)/B35)/'Table 1'!H32 -> 1.1987629 | F35: =C35/'Table 1'!G32 -> 0.75674976 | G35: =B35+'Table 1'!N32 -> 1135464 | H35: =G35/'Table 1'!B32 -> 0.63432808 | I35: =(C35*1000000/G35)/'Table 1'!H32 -> 1.1929943
A36: 1967 | B36: ='Table 1'!C33+'Table 5'!B33 -> 1150100 | C36: ='Table 1'!I33+'Table 5'!G33 -> 2462.9491 | D36: =B36/'Table 1'!B33 -> 0.63059052 | E36: =((C36*1000000)/B36)/'Table 1'!H33 -> 1.2271129 | F36: =C36/'Table 1'!G33 -> 0.77380575 | G36: =B36+'Table 1'!N33 -> 1156047.2 | H36: =G36/'Table 1'!B33 -> 0.63385134 | I36: =(C36*1000000/G36)/'Table 1'!H33 -> 1.2208
... A92: 2023 | B92: ='Table 1'!C89+'Table 5'!B89 -> 2857300 | C92: ='Table 1'!I89+'Table 5'!G89 -> 202666.73 | D92: =B92/'Table 1'!B89 -> 0.69539293 | E92: =((C92*1000000)/B92)/'Table 1'!H89 -> 1.0600899 | F92: =C92/'Table 1'!G89 -> 0.73717902 | G92: =B92+'Table 1'!N89 -> 2956400 | H92: =G92/'Table 1'!B89 -> 0.7195113 | I92: =(C92*1000000/G92)/'Table 1'!H89 -> 1.0245552

Sheet Table 7
A1: Table 7: Calculation of the Wage Ratio for various combinations of employees, self-employed and unemployed
A2: Click for table sources
B3: 1 | C3: 2 | D3: 3 | E3: 4 | F3: 5 | G3: 6 | H3: 7 | I3: 8 | J3: 9 | K3: 10 | L3: 11 | M3: 12 | N3: 13 | O3: 14 | P3: 15
B4: Labour-force numbers | F4: Labour income, $m | I4: Calculating the denominator | L4: Wage Ratio for various segments of labour
B5: Employees | C5: Self employed | D5: Unemployed | E5: Total labour force | F5: Compensation of employees | G5: Imputed self-employed labour income | H5: Total labour income | I5: Adjusted NDI (excl owner-occupied housing) | J5: Adult population 16+ | K5: Adjusted NDI per adult | L5: Employees only | M5: Employees plus unemployed workers | N5: Self-employed | O5: employees plus self-employed | P5: Employees plus self-employed plus unemployed
A6: 1939 | B6: ='Table 1'!C5 -> 562511.97 | C6: ='Table 5'!$B5 -> 155656.9 | E6: =SUM(B6:D6) -> 718168.87 | F6: ='Table 1'!I5 -> 215.47126 | G6: ='Table 5'!$G5 -> 77.914247 | H6: =SUM(F6:G6) -> 293.38551 | I6: ='Table 1'!G5 -> 375.32069 | J6: ='Table 1'!B5 -> 1206080.4 | K6: ='Table 1'!H5 -> 311.19044 | L6: ='Table 1'!K5 -> 1.2309243 | N6: ='Table 5'!J5 -> 1.6085044 | O6: ='Table 6'!E8 -> 1.3127615
A7: 1940 | B7: ='Table 1'!C6 -> 569196.07 | C7: ='Table 5'!$B6 -> 152439.62 | E7: =SUM(B7:D7) -> 721635.69 | F7: ='Table 1'!I6 -> 218.35704 | G7: ='Table 5'!$G6 -> 77.075516 | H7: =SUM(F7:G7) -> 295.43256 | I7: ='Table 1'!G6 -> 405.93039 | J7: ='Table 1'!B6 -> 1209705.7 | K7: ='Table 1'!H6 -> 335.56127 | L7: ='Table 1'!K6 -> 1.1432297 | N7: ='Table 5'!J6 -> 1.5067693 | O7: ='Table 6'!E9 -> 1.2200244
A8: 1941 | B8: ='Table 1'!C7 -> 575974.69 | C8: ='Table 5'!$B7 -> 149127.82 | E8: =SUM(B8:D8) -> 725102.51 | F8: ='Table 1'!I7 -> 256.83405 | G8: ='Table 5'!$G7 -> 77.578112 | H8: =SUM(F8:G8) -> 334.41216 | I8: ='Table 1'!G7 -> 441.16738 | J8: ='Table 1'!B7 -> 1195968.1 | K8: ='Table 1'!H7 -> 368.87888 | L8: ='Table 1'!K7 -> 1.2088305 | N8: ='Table 5'!J7 -> 1.4102521 | O8: ='Table 6'!E10 -> 1.2502558
A9: 1942 | B9: ='Table 1'!C8 -> 582849.86 | C9: ='Table 5'!$B8 -> 145719.47 | E9: =SUM(B9:D9) -> 728569.33 | F9: ='Table 1'!I8 -> 280.88218 | G9: ='Table 5'!$G8 -> 79.653297 | H9: =SUM(F9:G9) -> 360.53548 | I9: ='Table 1'!G8 -> 483.37946 | J9: ='Table 1'!B8 -> 1194909 | K9: ='Table 1'!H8 -> 404.53244 | L9: ='Table 1'!K8 -> 1.1912808 | N9: ='Table 5'!J8 -> 1.351241 | O9: ='Table 6'!E11 -> 1.2232741
A10: 1943 | B10: ='Table 1'!C9 -> 589823.65 | C10: ='Table 5'!$B9 -> 142212.5 | E10: =SUM(B10:D10) -> 732036.15 | F10: ='Table 1'!I9 -> 332.82615 | G10: ='Table 5'!$G9 -> 86.383488 | H10: =SUM(F10:G10) -> 419.20964 | I10: ='Table 1'!G9 -> 557.12536 | J10: ='Table 1'!B9 -> 1188065.7 | K10: ='Table 1'!H9 -> 468.93482 | L10: ='Table 1'!K9 -> 1.2033246 | N10: ='Table 5'!J9 -> 1.2953302 | O10: ='Table 6'!E12 -> 1.2211985
A11: 1944 | B11: ='Table 1'!C10 -> 596898.2 | C11: ='Table 5'!$B10 -> 138604.77 | E11: =SUM(B11:D11) -> 735502.97 | F11: ='Table 1'!I10 -> 382.84626 | G11: ='Table 5'!$G10 -> 90.765625 | H11: =SUM(F11:G11) -> 473.61189 | I11: ='Table 1'!G10 -> 622.25542 | J11: ='Table 1'!B10 -> 1202261.6 | K11: ='Table 1'!H10 -> 517.57075 | L11: ='Table 1'!K10 -> 1.2392371 | N11: ='Table 5'!J10 -> 1.2652417 | O11: ='Table 6'!E13 -> 1.2441377
A12: 1945 | B12: ='Table 1'!C11 -> 604075.71 | C12: ='Table 5'!$B11 -> 134894.07 | E12: =SUM(B12:D12) -> 738969.79 | F12: ='Table 1'!I11 -> 376.11279 | G12: ='Table 5'!$G11 -> 97.601281 | H12: =SUM(F12:G12) -> 473.71407 | I12: ='Table 1'!G11 -> 626.31305 | J12: ='Table 1'!B11 -> 1233616.7 | K12: ='Table 1'!H11 -> 507.70472 | L12: ='Table 1'!K11 -> 1.2263531 | N12: ='Table 5'!J11 -> 1.42512 | O12: ='Table 6'!E14 -> 1.2626367
A13: 1946 | B13: ='Table 1'!C12 -> 613889.47 | C13: ='Table 5'!$B12 -> 139211.65 | E13: =SUM(B13:D13) -> 753101.12 | F13: ='Table 1'!I12 -> 387.65589 | G13: ='Table 5'!$G12 -> 114.13748 | H13: =SUM(F13:G13) -> 501.79337 | I13: ='Table 1'!G12 -> 657.30756 | J13: ='Table 1'!B12 -> 1282426.6 | K13: ='Table 1'!H12 -> 512.54986 | L13: ='Table 1'!K12 -> 1.2320266 | N13: ='Table 5'!J12 -> 1.599619 | O13: ='Table 6'!E15 -> 1.2999765
A14: 1947 | B14: ='Table 1'!C13 -> 623647.97 | C14: ='Table 5'!$B13 -> 143584.48 | E14: =SUM(B14:D14) -> 767232.45 | F14: ='Table 1'!I13 -> 375.15086 | G14: ='Table 5'!$G13 -> 125.93457 | H14: =SUM(F14:G14) -> 501.08543 | I14: ='Table 1'!G13 -> 694.04174 | J14: ='Table 1'!B13 -> 1304412.9 | K14: ='Table 1'!H13 -> 532.07213 | L14: ='Table 1'!K13 -> 1.130566 | N14: ='Table 5'!J13 -> 1.6484165 | O14: ='Table 6'!E16 -> 1.2274797
A15: 1948 | B15: ='Table 1'!C14 -> 628247.08 | C15: ='Table 5'!$B14 -> 146819.16 | E15: =SUM(B15:D15) -> 775066.24 | F15: ='Table 1'!I14 -> 416.51365 | G15: ='Table 5'!$G14 -> 150.55659 | H15: =SUM(F15:G15) -> 567.07024 | I15: ='Table 1'!G14 -> 781.00838 | J15: ='Table 1'!B14 -> 1320676 | K15: ='Table 1'!H14 -> 591.37014 | L15: ='Table 1'!K14 -> 1.1210871 | N15: ='Table 5'!J14 -> 1.7340341 | O15: ='Table 6'!E17 -> 1.2371964
A16: 1949 | B16: ='Table 1'!C15 -> 633828.31 | C16: ='Table 5'!$B15 -> 150318.63 | E16: =SUM(B16:D16) -> 784146.94 | F16: ='Table 1'!I15 -> 445.37141 | G16: ='Table 5'!$G15 -> 167.92991 | H16: =SUM(F16:G16) -> 613.30132 | I16: ='Table 1'!G15 -> 796.29616 | J16: ='Table 1'!B15 -> 1336929 | K16: ='Table 1'!H15 -> 595.61589 | L16: ='Table 1'!K15 -> 1.1797349 | N16: ='Table 5'!J15 -> 1.8756378 | O16: ='Table 6'!E18 -> 1.3131374
A17: 1950 | B17: ='Table 1'!C16 -> 643118.08 | C17: ='Table 5'!$B16 -> 154749.11 | E17: =SUM(B17:D17) -> 797867.19 | F17: ='Table 1'!I16 -> 489.61997 | G17: ='Table 5'!$G16 -> 201.90409 | H17: =SUM(F17:G17) -> 691.52406 | I17: ='Table 1'!G16 -> 899.18052 | J17: ='Table 1'!B16 -> 1352234.9 | K17: ='Table 1'!H16 -> 664.95881 | L17: ='Table 1'!K16 -> 1.1449161 | N17: ='Table 5'!J16 -> 1.9621048 | O17: ='Table 6'!E19 -> 1.3034127
... A22: 1955 | B22: ='Table 1'!C21 -> 709579.2 | C22: ='Table 5'!$B21 -> 158094.95 | E22: =SUM(B22:D22) -> 867674.14 | F22: ='Table 1'!I21 -> 852.2658 | G22: ='Table 5'!$G21 -> 319.46264 | H22: =SUM(F22:G22) -> 1171.7284 | I22: ='Table 1'!G21 -> 1508.0355 | J22: ='Table 1'!B21 -> 1462920.1 | K22: ='Table 1'!H21 -> 1030.8393 | L22: ='Table 1'!K21 -> 1.1651537 | N22: ='Table 5'!J21 -> 1.9602485 | O22: ='Table 6'!E24 -> 1.3100243
A23: 1956 | B23: ='Table 1'!C22 -> 724611.72 | C23: ='Table 5'!$B22 -> 157588.28 | D23: ='Table 1'!N22 -> 5270 | E23: =SUM(B23:D23) -> 887470 | F23: ='Table 1'!I22 -> 924.4102 | G23: ='Table 5'!$G22 -> 323.97557 | H23: =SUM(F23:G23) -> 1248.3858 | I23: ='Table 1'!G22 -> 1584.3138 | J23: ='Table 1'!B22 -> 1486026.6 | K23: ='Table 1'!H22 -> 1066.141 | L23: ='Table 1'!K22 -> 1.1965883 | M23: ='Table 1'!Q22 -> 1.1879485 | N23: ='Table 5'!J22 -> 1.9282961 | O23: ='Table 6'!E25 -> 1.327294 | P23: ='Table 6'!I25 -> 1.3194122
A24: 1957 | B24: ='Table 1'!C23 -> 745510.46 | C24: ='Table 5'!$B23 -> 154089.54 | D24: ='Table 1'!N23 -> 5154.25 | E24: =SUM(B24:D24) -> 904754.25 | F24: ='Table 1'!I23 -> 975.39224 | G24: ='Table 5'!$G23 -> 367.36234 | H24: =SUM(F24:G24) -> 1342.7546 | I24: ='Table 1'!G23 -> 1665.4618 | J24: ='Table 1'!B23 -> 1515172 | K24: ='Table 1'!H23 -> 1099.1899 | L24: ='Table 1'!K23 -> 1.1902901 | M24: ='Table 1'!Q23 -> 1.1821173 | N24: ='Table 5'!J23 -> 2.168946 | O24: ='Table 6'!E26 -> 1.3579208 | P24: ='Table 6'!I26 -> 1.350185
A25: 1958 | B25: ='Table 1'!C24 -> 758842.5 | C25: ='Table 5'!$B24 -> 148657.5 | D25: ='Table 1'!N24 -> 4950 | E25: =SUM(B25:D25) -> 912450 | F25: ='Table 1'!I24 -> 1052.3463 | G25: ='Table 5'!$G24 -> 416.56849 | H25: =SUM(F25:G25) -> 1468.9148 | I25: ='Table 1'!G24 -> 1779.3277 | J25: ='Table 1'!B24 -> 1544510.8 | K25: ='Table 1'!H24 -> 1152.0331 | L25: ='Table 1'!K24 -> 1.2037659 | M25: ='Table 1'!Q24 -> 1.1959645 | N25: ='Table 5'!J24 -> 2.4323979 | O25: ='Table 6'!E27 -> 1.405028 | P25: ='Table 6'!I27 -> 1.3974058
A26: 1959 | B26: ='Table 1'!C25 -> 786593.19 | C26: ='Table 5'!$B25 -> 145606.81 | D26: ='Table 1'!N25 -> 5243 | E26: =SUM(B26:D26) -> 937443 | F26: ='Table 1'!I25 -> 1096.5948 | G26: ='Table 5'!$G25 -> 370.94842 | H26: =SUM(F26:G26) -> 1467.5433 | I26: ='Table 1'!G25 -> 1837.8522 | J26: ='Table 1'!B25 -> 1567240.5 | K26: ='Table 1'!H25 -> 1172.6676 | L26: ='Table 1'!K25 -> 1.1888337 | M26: ='Table 1'!Q25 -> 1.180962 | N26: ='Table 5'!J25 -> 2.1724856 | O26: ='Table 6'!E28 -> 1.3424771 | P26: ='Table 6'!I28 -> 1.3349688
A27: 1960 | B27: ='Table 1'!C26 -> 810681.2 | C27: ='Table 5'!$B26 -> 141318.8 | D27: ='Table 1'!N26 -> 5269.25 | E27: =SUM(B27:D27) -> 957269.25 | F27: ='Table 1'!I26 -> 1161.0438 | G27: ='Table 5'!$G26 -> 391.89691 | H27: =SUM(F27:G27) -> 1552.9407 | I27: ='Table 1'!G26 -> 1978.3749 | J27: ='Table 1'!B26 -> 1585672.8 | K27: ='Table 1'!H26 -> 1247.6565 | L27: ='Table 1'!K26 -> 1.1478985 | M27: ='Table 1'!Q26 -> 1.1404856 | N27: ='Table 5'!J26 -> 2.2226795 | O27: ='Table 6'!E29 -> 1.3074434 | P27: ='Table 6'!I29 -> 1.3002466
A28: 1961 | B28: ='Table 1'!C27 -> 839427.27 | C28: ='Table 5'!$B27 -> 137272.73 | D28: ='Table 1'!N27 -> 4492.75 | E28: =SUM(B28:D28) -> 981192.75 | F28: ='Table 1'!I27 -> 1254.3506 | G28: ='Table 5'!$G27 -> 405.07811 | H28: =SUM(F28:G28) -> 1659.4287 | I28: ='Table 1'!G27 -> 2156.6015 | J28: ='Table 1'!B27 -> 1610744.7 | K28: ='Table 1'!H27 -> 1338.8847 | L28: ='Table 1'!K27 -> 1.1160732 | M28: ='Table 1'!Q27 -> 1.1101316 | N28: ='Table 5'!J27 -> 2.2039986 | O28: ='Table 6'!E30 -> 1.2689784 | P28: ='Table 6'!I30 -> 1.2631679
A29: 1962 | B29: ='Table 1'!C28 -> 855754.55 | C29: ='Table 5'!$B28 -> 137345.45 | D29: ='Table 1'!N28 -> 4474 | E29: =SUM(B29:D29) -> 997574 | F29: ='Table 1'!I28 -> 1339 | G29: ='Table 5'!$G28 -> 357.88293 | H29: =SUM(F29:G29) -> 1696.8829 | I29: ='Table 1'!G28 -> 2212.5449 | J29: ='Table 1'!B28 -> 1646509.4 | K29: ='Table 1'!H28 -> 1343.7791 | L29: ='Table 1'!K28 -> 1.1644035 | M29: ='Table 1'!Q28 -> 1.1583475 | N29: ='Table 5'!J28 -> 1.9390939 | O29: ='Table 6'!E31 -> 1.2715429 | P29: ='Table 6'!I31 -> 1.2658402
A30: 1963 | B30: ='Table 1'!C29 -> 874500.16 | C30: ='Table 5'!$B29 -> 137699.84 | D30: ='Table 1'!N29 -> 5160.75 | E30: =SUM(B30:D30) -> 1017360.8 | F30: ='Table 1'!I29 -> 1419 | G30: ='Table 5'!$G29 -> 406.2248 | H30: =SUM(F30:G30) -> 1825.2248 | I30: ='Table 1'!G29 -> 2406.0872 | J30: ='Table 1'!B29 -> 1681989 | K30: ='Table 1'!H29 -> 1430.5012 | L30: ='Table 1'!K29 -> 1.1343166 | M30: ='Table 1'!Q29 -> 1.1276618 | N30: ='Table 5'!J29 -> 2.0622664 | O30: ='Table 6'!E32 -> 1.260555 | P30: ='Table 6'!I32 -> 1.2541606
A31: 1964 | B31: ='Table 1'!C30 -> 908070.26 | C31: ='Table 5'!$B30 -> 140229.74 | D31: ='Table 1'!N30 -> 5052 | E31: =SUM(B31:D31) -> 1053352 | F31: ='Table 1'!I30 -> 1525 | G31: ='Table 5'!$G30 -> 455.05719 | H31: =SUM(F31:G31) -> 1980.0572 | I31: ='Table 1'!G30 -> 2629.7323 | J31: ='Table 1'!B30 -> 1719423.7 | K31: ='Table 1'!H30 -> 1529.4266 | L31: ='Table 1'!K30 -> 1.0980491 | M31: ='Table 1'!Q30 -> 1.091974 | N31: ='Table 5'!J30 -> 2.1217647 | O31: ='Table 6'!E33 -> 1.2349902 | P31: ='Table 6'!I33 -> 1.2290671
A32: 1965 | B32: ='Table 1'!C31 -> 941469.94 | C32: ='Table 5'!$B31 -> 142530.06 | D32: ='Table 1'!N31 -> 5247.5 | E32: =SUM(B32:D32) -> 1089247.5 | F32: ='Table 1'!I31 -> 1689 | G32: ='Table 5'!$G31 -> 470.5059 | H32: =SUM(F32:G32) -> 2159.5059 | I32: ='Table 1'!G31 -> 2886.1756 | J32: ='Table 1'!B31 -> 1753844.2 | K32: ='Table 1'!H31 -> 1645.6283 | L32: ='Table 1'!K31 -> 1.090163 | M32: ='Table 1'!Q31 -> 1.0841204 | N32: ='Table 5'!J31 -> 2.0059812 | O32: ='Table 6'!E34 -> 1.2105796 | P32: ='Table 6'!I34 -> 1.2047476
A33: 1966 | B33: ='Table 1'!C32 -> 984015.52 | C33: ='Table 5'!$B32 -> 145984.48 | D33: ='Table 1'!N32 -> 5464 | E33: =SUM(B33:D33) -> 1135464 | F33: ='Table 1'!I32 -> 1854 | G33: ='Table 5'!$G32 -> 497.12346 | H33: =SUM(F33:G33) -> 2351.1235 | I33: ='Table 1'!G32 -> 3106.8704 | J33: ='Table 1'!B32 -> 1790026.4 | K33: ='Table 1'!H32 -> 1735.6562 | L33: ='Table 1'!K32 -> 1.0855356 | M33: ='Table 1'!Q32 -> 1.0795412 | N33: ='Table 5'!J32 -> 1.9619768 | O33: ='Table 6'!E35 -> 1.1987629 | P33: ='Table 6'!I35 -> 1.1929943
A34: 1967 | B34: ='Table 1'!C33 -> 1004523 | C34: ='Table 5'!$B33 -> 145576.96 | D34: ='Table 1'!N33 -> 5947.25 | E34: =SUM(B34:D34) -> 1156047.2 | F34: ='Table 1'!I33 -> 2003 | G34: ='Table 5'!$G33 -> 459.94908 | H34: =SUM(F34:G34) -> 2462.9491 | I34: ='Table 1'!G33 -> 3182.9035 | J34: ='Table 1'!B33 -> 1823846 | K34: ='Table 1'!H33 -> 1745.1602 | L34: ='Table 1'!K33 -> 1.1425777 | M34: ='Table 1'!Q33 -> 1.1358529 | N34: ='Table 5'!J33 -> 1.8104303 | O34: ='Table 6'!E36 -> 1.2271129 | P34: ='Table 6'!I36 -> 1.2208
... A89: 2022 | B89: ='Table 1'!C88 -> 2334173.1 | C89: ='Table 5'!$B88 -> 472826.93 | D89: ='Table 1'!N88 -> 99300 | E89: =SUM(B89:D89) -> 2906300 | F89: ='Table 1'!I88 -> 158502 | G89: ='Table 5'!$G88 -> 29882.436 | H89: =SUM(F89:G89) -> 188384.44 | I89: ='Table 1'!G88 -> 259329 | J89: ='Table 1'!B88 -> 4082400 | K89: ='Table 1'!H88 -> 63523.663 | L89: ='Table 1'!K88 -> 1.0689716 | M89: ='Table 1'!Q88 -> 1.0253513 | N89: ='Table 5'!J88 -> 0.99489732 | O89: ='Table 6'!E91 -> 1.0564941 | P89: ='Table 6'!I91 -> 1.0203967
A90: 2023 | B90: ='Table 1'!C89 -> 2393533.2 | C90: ='Table 5'!$B89 -> 463766.81 | D90: ='Table 1'!N89 -> 99100 | E90: =SUM(B90:D90) -> 2956400 | F90: ='Table 1'!I89 -> 173313 | G90: ='Table 5'!$G89 -> 29353.732 | H90: =SUM(F90:G90) -> 202666.73 | I90: ='Table 1'!G89 -> 274922 | J90: ='Table 1'!B89 -> 4108900 | K90: ='Table 1'!H89 -> 66908.905 | L90: ='Table 1'!K89 -> 1.0822006 | M90: ='Table 1'!Q89 -> 1.0391754 | N90: ='Table 5'!J89 -> 0.94597516 | O90: ='Table 6'!E92 -> 1.0600899 | P90: 1.02

Sheet Table 8
A1: Table 8: Industry composition of employment of wage and salary workers, various sources 1947-2020, thousands of employed workers
A2: Click for table sources
B3: 1 | C3: 2 | D3: 3 | E3: 4 | F3: 5 | G3: 6 | H3: 7 | I3: 8 | J3: 9 | K3: 10 | L3: 11 | M3: 12 | N3: 13 | O3: 14 | P3: 15 | Q3: 16 | R3: 17 | S3: 18 | T3: 19 | U3: 20 | V3: 21 | W3: 22 | X3: 23 | Z3: 24 | AA3: 25 | AB3: 26 | AC3: 27 | AD3: 28 | AE3: 29 | AF3: 30 | AG3: 31 | AH3: 32 | AI3: 33 | AJ3: 34 | AK3: 35 | AL3: 36 | AM3: 37 | AN3: 38 | AO3: 39 | AP3: 40 | AQ3: 41 | AR3: 42 | AS3: 43
B4: Agriculture, forestry and fishing | H4: Mining and quarrying | M4: Manufacturing | P4: Construction | S4: Electricity gas water and waste | V4: Transport & communications | Z4: Wholesale and retail trade, hotels and restaurants | AC4: Finance, insurance, real estate and business services | AF4: Other services | AI4: Percentage share of total | AR4: Total all groups | AS4: Our figure for total employees
B5: Bushnell and Gibson | C5: NZOYB then Gillion and Frankel | D5: Philpott | E5: Our estimate using hours data | F5: LEED | G5: HLFS | H5: NZOYB then Gillion and Frankel | I5: Philpott | J5: Our estimate using hours data | K5: LEED | L5: HLFS | M5: NZOYB then Gillion and Frankel | N5: Philpott | O5: QEM | P5: NZOYB then Gillion and Frankel | Q5: Philpott | R5: QEM | S5: NZOYB then Gillion and Frankel | T5: Philpott | U5: QEM | V5: NZOYB then Gillion and Frankel | W5: Philpott | X5: QEM | Z5: NZOYB then Gillion and Frankel | AA5: Philpott | AB5: QEM | AC5: NZOYB then Gillion and Frankel | AD5: Philpott | AE5: QEM | AF5: NZOYB then Gillion and Frankel | AG5: Philpott | AH5: QEM | AI5: Agriculture, forestry and fishing | AJ5: Mining and quarrying | AK5: Manufacturing | AL5: Construction | AM5: Electricity gas water and waste | AN5: Transport and communications | AO5: Wholesale and retail trade, hotels and restaurants | AP5: Finance, Insurance, Real Estate and Business Services | AQ5: Services
A6: 1947 | B6: 39.697505 | C6: 142.26094 | D6: 0 | E6: 0 | F6: 0 | G6: 0 | H6: 7.5390555 | I6: 0 | J6: 0 | K6: 0 | L6: 0 | M6: 171.6 | N6: 0 | O6: 0 | P6: 49.3 | Q6: 0 | R6: 0 | S6: 9.2 | T6: 0 | U6: 0 | V6: 69.4 | W6: 0 | X6: 0 | Y6: 1947 | Z6: 90.205878 | AA6: 0 | AB6: 0 | AC6: 17.894122 | AD6: 0 | AE6: 0 | AF6: 133.2 | AG6: 0 | AH6: 0 | AI6: =B6/AR6 -> 0.067508566 | AJ6: =H6/AR6 -> 0.012820726 | AK6: =M6/AR6 -> 0.29181859 | AL6: =P6/AR6 -> 0.083838325 | AM6: =S6/AR6 -> 0.015645286 | AN6: =V6/AR6 -> 0.11801987 | AO6: =Z6/AR6 -> 0.15340182 | AP6: =AC6/AR6 -> 0.030430288 | AQ6: =AF6/AR6 -> 0.22651653 | AR6: =B6+H6+M6+P6+S6+V6+Z6+AC6+AF6 -> 588.03656 | AS6: ='Table 1'!C13/1000 -> 623.64797
A7: 1948 | B7: 39.591504 | C7: 141.88108 | D7: 0 | E7: 0 | F7: 0 | G7: 0 | H7: 7.5189245 | I7: 0 | J7: 0 | K7: 0 | L7: 0 | M7: 175.8 | N7: 0 | O7: 0 | P7: 51 | Q7: 0 | R7: 0 | S7: 9.3 | T7: 0 | U7: 0 | V7: 71.3 | W7: 0 | X7: 0 | Y7: 1948 | Z7: 92.542386 | AA7: 0 | AB7: 0 | AC7: 18.357614 | AD7: 0 | AE7: 0 | AF7: 135.1 | AG7: 0 | AH7: 0 | AI7: =B7/AR7 -> 0.065929752 | AJ7: =H7/AR7 -> 0.012520889 | AK7: =M7/AR7 -> 0.29275095 | AL7: =P7/AR7 -> 0.084927751 | AM7: =S7/AR7 -> 0.015486825 | AN7: =V7/AR7 -> 0.11873233 | AO7: =Z7/AR7 -> 0.15410621 | AP7: =AC7/AR7 -> 0.030570018 | AQ7: =AF7/AR7 -> 0.22497528 | AR7: =B7+H7+M7+P7+S7+V7+Z7+AC7+AF7 -> 600.51043 | AS7: ='Table 1'!C14/1000 -> 628.24708
A8: 1949 | B8: 39.379501 | C8: 141.12134 | D8: 0 | E8: 0 | F8: 0 | G8: 0 | H8: 7.4786625 | I8: 0 | J8: 0 | K8: 0 | L8: 0 | M8: 178 | N8: 0 | O8: 0 | P8: 51.9 | Q8: 0 | R8: 0 | S8: 9.7 | T8: 0 | U8: 0 | V8: 73.8 | W8: 0 | X8: 0 | Y8: 1949 | Z8: 93.543746 | AA8: 0 | AB8: 0 | AC8: 18.556254 | AD8: 0 | AE8: 0 | AF8: 137.6 | AG8: 0 | AH8: 0 | AI8: =B8/AR8 -> 0.064560987 | AJ8: =H8/AR8 -> 0.012260943 | AK8: =M8/AR8 -> 0.29182329 | AL8: =P8/AR8 -> 0.085087803 | AM8: =S8/AR8 -> 0.01590273 | AN8: =V8/AR8 -> 0.1209919 | AO8: =Z8/AR8 -> 0.15336092 | AP8: =AC8/AR8 -> 0.030422175 | AQ8: =AF8/AR8 -> 0.22558924 | AR8: =B8+H8+M8+P8+S8+V8+Z8+AC8+AF8 -> 609.95816 | AS8: ='Table 1'!C15/1000 -> 633.82831
A9: 1950 | B9: 39.3 | C9: 140.83644 | D9: 0 | E9: 0 | F9: 0 | G9: 0 | H9: 7.4635643 | I9: 0 | J9: 0 | K9: 0 | L9: 0 | M9: 182.2 | N9: 0 | O9: 0 | P9: 54.1 | Q9: 0 | R9: 0 | S9: 10.1 | T9: 0 | U9: 0 | V9: 74.8 | W9: 0 | X9: 0 | Y9: 1950 | Z9: 95.546467 | AA9: 0 | AB9: 0 | AC9: 18.953533 | AD9: 0 | AE9: 0 | AF9: 139 | AG9: 0 | AH9: 0 | AI9: =B9/AR9 -> 0.063237818 | AJ9: =H9/AR9 -> 0.012009657 | AK9: =M9/AR9 -> 0.29317889 | AL9: =P9/AR9 -> 0.087052569 | AM9: =S9/AR9 -> 0.016251958 | AN9: =V9/AR9 -> 0.12036104 | AO9: =Z9/AR9 -> 0.15374428 | AP9: =AC9/AR9 -> 0.030498221 | AQ9: =AF9/AR9 -> 0.22366557 | AR9: =B9+H9+M9+P9+S9+V9+Z9+AC9+AF9 -> 621.46356 | AS9: ='Table 1'!C16/1000 -> 643.11808
A10: 1951 | B10: 38 | C10: 140.6465 | D10: 0 | E10: 0 | F10: 0 | G10: 0 | H10: 7.4534988 | I10: 0 | J10: 0 | K10: 0 | L10: 0 | M10: 185.6 | N10: 0 | O10: 0 | P10: 53.8 | Q10: 0 | R10: 0 | S10: 10.4 | T10: 0 | U10: 0 | V10: 73.8 | W10: 0 | X10: 0 | Y10: 1951 | Z10: 98.300208 | AA10: 0 | AB10: 0 | AC10: 19.499792 | AD10: 0 | AE10: 0 | AF10: 140.1 | AG10: 0 | AH10: 0 | AI10: =B10/AR10 -> 0.060610556 | AJ10: =H10/AR10 -> 0.01188844 | AK10: =M10/AR10 -> 0.29603471 | AL10: =P10/AR10 -> 0.085811787 | AM10: =S10/AR10 -> 0.016588152 | AN10: =V10/AR10 -> 0.11771208 | AO10: =Z10/AR10 -> 0.15679027 | AP10: =AC10/AR10 -> 0.031102454 | AQ10: =AF10/AR10 -> 0.22346155 | AR10: =B10+H10+M10+P10+S10+V10+Z10+AC10+AF10 -> 626.9535 | AS10: ='Table 1'!C17/1000 -> 645.5111
A11: 1952 | B11: 37.7 | C11: 139.31696 | D11: 0 | E11: 0 | F11: 0 | G11: 0 | H11: 7.3830403 | I11: 0 | J11: 0 | K11: 0 | L11: 0 | M11: 186.3 | N11: 0 | O11: 0 | P11: 58.2 | Q11: 0 | R11: 0 | S11: 10.5 | T11: 0 | U11: 0 | V11: 77.1 | W11: 0 | X11: 0 | Y11: 1952 | Z11: 100.88706 | AA11: 0 | AB11: 0 | AC11: 20.012945 | AD11: 0 | AE11: 0 | AF11: 141.1 | AG11: 0 | AH11: 0 | AI11: =B11/AR11 -> 0.05898154 | AJ11: =H11/AR11 -> 0.011550745 | AK11: =M11/AR11 -> 0.29146581 | AL11: =P11/AR11 -> 0.09105373 | AM11: =S11/AR11 -> 0.016427219 | AN11: =V11/AR11 -> 0.12062272 | AO11: =Z11/AR11 -> 0.1578375 | AP11: =AC11/AR11 -> 0.031310194 | AQ11: =AF11/AR11 -> 0.22075054 | AR11: =B11+H11+M11+P11+S11+V11+Z11+AC11+AF11 -> 639.18304 | AS11: ='Table 1'!C18/1000 -> 660.4425
A12: 1953 | B12: 37.2 | C12: 138.46225 | D12: 0 | E12: 0 | F12: 0 | G12: 0 | H12: 7.3377456 | I12: 0 | J12: 0 | K12: 0 | L12: 0 | M12: 187.2 | N12: 0 | O12: 0 | P12: 63.8 | Q12: 0 | R12: 0 | S12: 11.6 | T12: 0 | U12: 0 | V12: 77.4 | W12: 0 | X12: 0 | Y12: 1953 | Z12: 103.14012 | AA12: 0 | AB12: 0 | AC12: 20.459884 | AD12: 0 | AF12: 145.2 | AG12: 0 | AH12: 0 | AI12: =B12/AR12 -> 0.056938391 | AJ12: =H12/AR12 -> 0.011231167 | AK12: =M12/AR12 -> 0.28652868 | AL12: =P12/AR12 -> 0.097652402 | AM12: =S12/AR12 -> 0.017754982 | AN12: =V12/AR12 -> 0.11846859 | AO12: =Z12/AR12 -> 0.15786646 | AP12: =AC12/AR12 -> 0.031315938 | AQ12: =AF12/AR12 -> 0.2222434 | AR12: =B12+H12+M12+P12+S12+V12+Z12+AC12+AF12 -> 653.33775 | AS12: ='Table 1'!C19/1000 -> 673.89494
A13: 1954 | B13: 36.8 | C13: 137.70252 | D13: 0 | E13: 0 | F13: 0 | G13: 0 | H13: 7.2974836 | I13: 0 | J13: 0 | K13: 0 | L13: 0 | M13: 194.3 | N13: 0 | O13: 0 | P13: 69.2 | Q13: 0 | R13: 0 | S13: 11.6 | T13: 0 | U13: 0 | V13: 77.7 | W13: 0 | X13: 0 | Y13: 1954 | Z13: 107.3959 | AA13: 0 | AB13: 0 | AC13: 21.304103 | AD13: 0 | AE13: 0 | AF13: 148.7 | AG13: 0 | AH13: 0 | AI13: =B13/AR13 -> 0.054575319 | AJ13: =H13/AR13 -> 0.01082235 | AK13: =M13/AR13 -> 0.28815175 | AL13: =P13/AR13 -> 0.10262533 | AM13: =S13/AR13 -> 0.01720309 | AN13: =V13/AR13 -> 0.11523104 | AO13: =Z13/AR13 -> 0.1592708 | AP13: =AC13/AR13 -> 0.031594516 | AQ13: =AF13/AR13 -> 0.22052581 | AR13: =B13+H13+M13+P13+S13+V13+Z13+AC13+AF13 -> 674.29748 | AS13: ='Table 1'!C20/1000 -> 694.76081
A14: 1955 | B14: 36.7 | C14: 137.75 | D14: 0 | E14: 0 | F14: 0 | G14: 0 | H14: 7.3 | I14: 0 | J14: 0 | K14: 0 | L14: 0 | M14: 189.46 | N14: 0 | O14: 0 | P14: 77.12 | Q14: 0 | R14: 0 | S14: 9.85 | T14: 0 | U14: 0 | V14: 79.93 | W14: 0 | X14: 0 | Y14: 1955 | Z14: 116.55 | AA14: 0 | AB14: 0 | AC14: 23.12 | AD14: 0 | AE14: 0 | AF14: 153.92 | AG14: 0 | AH14: 0 | AI14: =B14/AR14 -> 0.052885655 | AJ14: =H14/AR14 -> 0.01051949 | AK14: =M14/AR14 -> 0.27301679 | AL14: =P14/AR14 -> 0.11113193 | AM14: =S14/AR14 -> 0.014194106 | AN14: =V14/AR14 -> 0.11518121 | AO14: =Z14/AR14 -> 0.16795158 | AP14: =AC14/AR14 -> 0.033316521 | AQ14: =AF14/AR14 -> 0.22180272 | AR14: =B14+H14+M14+P14+S14+V14+Z14+AC14+AF14 -> 693.95 | AS14: ='Table 1'!C21/1000 -> 709.5792
A15: 1956 | B15: 36.8 | C15: 137.8 | D15: 0 | E15: 0 | F15: 0 | G15: 0 | H15: 7.32 | I15: 0 | J15: 0 | K15: 0 | L15: 0 | M15: 192.72 | N15: 0 | O15: 0 | P15: 79.95 | Q15: 0 | R15: 0 | S15: 10.02 | T15: 0 | U15: 0 | V15: 81.7 | W15: 0 | X15: 0 | Y15: 1956 | Z15: 121.47 | AA15: 0 | AB15: 0 | AC15: 23.42 | AD15: 0 | AE15: 0 | AF15: 155.532 | AG15: 0 | AH15: 0 | AI15: =B15/AR15 -> 0.051909069 | AJ15: =H15/AR15 -> 0.010325391 | AK15: =M15/AR15 -> 0.27184554 | AL15: =P15/AR15 -> 0.11277527 | AM15: =S15/AR15 -> 0.014133937 | AN15: =V15/AR15 -> 0.11524378 | AO15: =Z15/AR15 -> 0.17134224 | AP15: =AC15/AR15 -> 0.033035608 | AQ15: =AF15/AR15 -> 0.21938917 | AR15: =B15+H15+M15+P15+S15+V15+Z15+AC15+AF15 -> 708.932 | AS15: ='Table 1'!C22/1000 -> 724.61172
A16: 1957 | B16: 38.1 | C16: 137.23 | D16: 0 | E16: 0 | F16: 0 | G16: 0 | H16: 7.36 | I16: 0 | J16: 0 | K16: 0 | L16: 0 | M16: 194.33 | N16: 0 | O16: 0 | P16: 80.72 | Q16: 0 | R16: 0 | S16: 10.13 | T16: 0 | U16: 0 | V16: 84.49 | W16: 0 | X16: 0 | Y16: 1957 | Z16: 125.49 | AA16: 0 | AB16: 0 | AC16: 23.89 | AD16: 0 | AE16: 0 | AF16: 159.73 | AG16: 0 | AH16: 0 | AI16: =B16/AR16 -> 0.052606871 | AJ16: =H16/AR16 -> 0.010162377 | AK16: =M16/AR16 -> 0.26832266 | AL16: =P16/AR16 -> 0.11145477 | AM16: =S16/AR16 -> 0.013987076 | AN16: =V16/AR16 -> 0.11666022 | AO16: =Z16/AR16 -> 0.17327129 | AP16: =AC16/AR16 -> 0.032986303 | AQ16: =AF16/AR16 -> 0.22054844 | AR16: =B16+H16+M16+P16+S16+V16+Z16+AC16+AF16 -> 724.24 | AS16: ='Table 1'!C23/1000 -> 745.51046
A17: 1958 | B17: 39 | C17: 136.26 | D17: 0 | E17: 0 | F17: 0 | G17: 0 | H17: 7.36 | I17: 0 | J17: 0 | K17: 0 | L17: 0 | M17: 198.14 | N17: 0 | O17: 0 | P17: 82.43 | Q17: 0 | R17: 0 | S17: 10.37 | T17: 0 | U17: 0 | V17: 87.09 | W17: 0 | X17: 0 | Y17: 1958 | Z17: 128.72 | AA17: 0 | AB17: 0 | AC17: 24.71 | AD17: 0 | AE17: 0 | AF17: 163.84 | AG17: 0 | AH17: 0 | AI17: =B17/AR17 -> 0.052584742 | AJ17: =H17/AR17 -> 0.0099236847 | AK17: =M17/AR17 -> 0.26715746 | AL17: =P17/AR17 -> 0.11114257 | AM17: =S17/AR17 -> 0.013982148 | AN17: =V17/AR17 -> 0.11742577 | AO17: =Z17/AR17 -> 0.17355662 | AP17: =AC17/AR17 -> 0.033317153 | AQ17: =AF17/AR17 -> 0.22090985 | AR17: =B17+H17+M17+P17+S17+V17+Z17+AC17+AF17 -> 741.66 | AS17: ='Table 1'!C24/1000 -> 758.8425
A18: 1959 | B18: 40.6 | C18: 135.2 | D18: 0 | E18: 0 | F18: 0 | G18: 0 | H18: 7.37 | I18: 0 | J18: 0 | K18: 0 | L18: 0 | M18: 205.05 | N18: 0 | O18: 0 | P18: 84.77 | Q18: 0 | R18: 0 | S18: 10.72 | T18: 0 | U18: 0 | V18: 88.2 | W18: 0 | X18: 0 | Y18: 1959 | Z18: 130.94 | AA18: 0 | AB18: 0 | AC18: 25.28 | AD18: 0 | AE18: 0 | AF18: 167.36 | AG18: 0 | AH18: 0 | AI18: =B18/AR18 -> 0.053400676 | AJ18: =H18/AR18 -> 0.0096936695 | AK18: =M18/AR18 -> 0.26969972 | AL18: =P18/AR18 -> 0.11149693 | AM18: =S18/AR18 -> 0.014099883 | AN18: =V18/AR18 -> 0.11600837 | AO18: =Z18/AR18 -> 0.17222376 | AP18: =AC18/AR18 -> 0.03325047 | AQ18: =AF18/AR18 -> 0.22012653 | AR18: =B18+H18+M18+P18+S18+V18+Z18+AC18+AF18 -> 760.29 | AS18: ='Table 1'!C25/1000 -> 786.59319
A19: 1960 | B19: 41.2 | C19: 133.77 | D19: 144.3 | E19: 0 | F19: 0 | G19: 0 | H19: 7.4 | I19: 7.7 | J19: 0 | K19: 0 | L19: 0 | M19: 212.12 | N19: 205.3 | O19: 0 | P19: 85.7 | Q19: 89.8 | R19: 0 | S19: 11.08 | T19: 10.6 | U19: 0 | V19: 88.06 | W19: 89.8 | X19: 0 | Y19: 1960 | Z19: 132.65 | AA19: 158.8 | AB19: 0 | AC19: 25.88 | AD19: 42.3 | AE19: 0 | AF19: 172.06 | AG19: 163.8 | AH19: 0 | AI19: =B19/AR19 -> 0.050908192 | AJ19: =I19/AR19 -> 0.0095143952 | AK19: =N19/AR19 -> 0.25367602 | AL19: =Q19/AR19 -> 0.11096009 | AM19: =T19/AR19 -> 0.013097739 | AN19: =W19/AR19 -> 0.11096009 | AO19: =AA19/AR19 -> 0.19621895 | AP19: =AD19/AR19 -> 0.052267392 | AQ19: =AG19/AR19 -> 0.20239713 | AR19: =B19+I19+N19+Q19+T19+W19+AA19+AD19+AG19 -> 809.3 | AS19: ='Table 1'!C26/1000 -> 810.6812
A20: 1961 | B20: 42 | C20: 131.99 | D20: 142.9 | E20: 0 | F20: 0 | G20: 0 | H20: 7.29 | I20: 7.6 | J20: 0 | K20: 0 | L20: 0 | M20: 219.23 | N20: 214.6 | O20: 0 | P20: 86.28 | Q20: 89.7 | R20: 0 | S20: 11.64 | T20: 11 | U20: 0 | V20: 88.86 | W20: 92.2 | X20: 0 | Y20: 1961 | Z20: 137.1 | AA20: 161.3 | AB20: 0 | AC20: 26.42 | AD20: 43.6 | AE20: 0 | AF20: 176.67 | AG20: 169.2 | AH20: 0 | AI20: =B20/AR20 -> 0.050529355 | AJ20: =I20/AR20 -> 0.0091434071 | AK20: =N20/AR20 -> 0.25818094 | AL20: =Q20/AR20 -> 0.10791627 | AM20: =T20/AR20 -> 0.013233879 | AN20: =W20/AR20 -> 0.11092397 | AO20: =AA20/AR20 -> 0.19405679 | AP20: =AD20/AR20 -> 0.052454283 | AQ20: =AG20/AR20 -> 0.20356112 | AR20: =B20+I20+N20+Q20+T20+W20+AA20+AD20+AG20 -> 831.2 | AS20: ='Table 1'!C27/1000 -> 839.42727
A21: 1962 | B21: 40.3 | C21: 130.98 | D21: 142.8 | E21: 0 | F21: 0 | G21: 0 | H21: 7.06 | I21: 7.4 | J21: 0 | K21: 0 | L21: 0 | M21: 227.78 | N21: 218.5 | O21: 0 | P21: 85.43 | Q21: 89.5 | R21: 0 | S21: 12.16 | T21: 11.5 | U21: 0 | V21: 90.65 | W21: 96.6 | X21: 0 | Y21: 1962 | Z21: 140.49 | AA21: 164.8 | AB21: 0 | AC21: 27.29 | AD21: 46.3 | AE21: 0 | AF21: 181.51 | AG21: 173.8 | AH21: 0 | AI21: =B21/AR21 -> 0.047484388 | AJ21: =I21/AR21 -> 0.0087192176 | AK21: =N21/AR21 -> 0.25745257 | AL21: =Q21/AR21 -> 0.1054554 | AM21: =T21/AR21 -> 0.013550136 | AN21: =W21/AR21 -> 0.11382114 | AO21: =AA21/AR21 -> 0.19417933 | AP21: =AD21/AR21 -> 0.054554024 | AQ21: =AG21/AR21 -> 0.20478379 | AR21: =B21+I21+N21+Q21+T21+W21+AA21+AD21+AG21 -> 848.7 | AS21: ='Table 1'!C28/1000 -> 855.75455
A22: 1963 | B22: 40.1 | C22: 130.93 | D22: 144.5 | E22: 0 | F22: 0 | G22: 0 | H22: 6.89 | I22: 7.1 | J22: 0 | K22: 0 | L22: 0 | M22: 234.16 | N22: 225.7 | O22: 0 | P22: 84.74 | Q22: 89 | R22: 0 | S22: 12.6 | T22: 12 | U22: 0 | V22: 92.85 | W22: 95.4 | X22: 0 | Y22: 1963 | Z22: 141.99 | AA22: 165.2 | AB22: 0 | AC22: 28.53 | AD22: 48.5 | AE22: 0 | AF22: 187.93 | AG22: 179 | AH22: 0 | AI22: =B22/AR22 -> 0.046519722 | AJ22: =I22/AR22 -> 0.0082366589 | AK22: =N22/AR22 -> 0.26183295 | AL22: =Q22/AR22 -> 0.10324826 | AM22: =T22/AR22 -> 0.013921114 | AN22: =W22/AR22 -> 0.11067285 | AO22: =AA22/AR22 -> 0.19164733 | AP22: =AD22/AR22 -> 0.056264501 | AQ22: =AG22/AR22 -> 0.20765661 | AR22: =B22+I22+N22+Q22+T22+W22+AA22+AD22+AG22 -> 862 | AS22: ='Table 1'!C29/1000 -> 874.50016
A23: 1964 | B23: 40.4 | C23: 131.35 | D23: 147 | E23: 0 | F23: 0 | G23: 0 | H23: 6.79 | I23: 7 | J23: 0 | K23: 0 | L23: 0 | M23: 243.5 | N23: 238.7 | O23: 0 | P23: 86.88 | Q23: 91.8 | R23: 0 | S23: 12.91 | T23: 12.3 | U23: 0 | V23: 94.19 | W23: 96.2 | X23: 0 | Y23: 1964 | Z23: 144.08 | AA23: 166.7 | AB23: 0 | AC23: 29.71 | AD23: 50.7 | AE23: 0 | AF23: 194.52 | AG23: 184 | AH23: 0 | AI23: =B23/AR23 -> 0.045505745 | AJ23: =I23/AR23 -> 0.0078846587 | AK23: =N23/AR23 -> 0.26886686 | AL23: =Q23/AR23 -> 0.10340167 | AM23: =T23/AR23 -> 0.013854472 | AN23: =W23/AR23 -> 0.10835774 | AO23: =AA23/AR23 -> 0.18776752 | AP23: =AD23/AR23 -> 0.057107457 | AQ23: =AG23/AR23 -> 0.20725389 | AR23: =B23+I23+N23+Q23+T23+W23+AA23+AD23+AG23 -> 887.8 | AS23: ='Table 1'!C30/1000 -> 908.07026
A24: 1965 | B24: 40 | C24: 132.49 | D24: 148.7 | E24: 0 | F24: 0 | G24: 0 | H24: 6.85 | I24: 7 | J24: 0 | K24: 0 | L24: 0 | M24: 255.83 | N24: 249.6 | O24: 0 | P24: 90.49 | Q24: 94.9 | R24: 0 | S24: 13.1 | T24: 12.4 | U24: 0 | V24: 96.51 | W24: 98.9 | X24: 0 | Y24: 1965 | Z24: 146.88 | AA24: 171.6 | AB24: 0 | AC24: 31.44 | AD24: 53.9 | AE24: 0 | AF24: 201.07 | AG24: 191.8 | AH24: 0 | AI24: =B24/AR24 -> 0.043473535 | AJ24: =I24/AR24 -> 0.0076078687 | AK24: =N24/AR24 -> 0.27127486 | AL24: =Q24/AR24 -> 0.10314096 | AM24: =T24/AR24 -> 0.013476796 | AN24: =W24/AR24 -> 0.10748832 | AO24: =AA24/AR24 -> 0.18650147 | AP24: =AD24/AR24 -> 0.058580589 | AQ24: =AG24/AR24 -> 0.2084556 | AR24: =B24+I24+N24+Q24+T24+W24+AA24+AD24+AG24 -> 920.1 | AS24: ='Table 1'!C31/1000 -> 941.46994
A25: 1966 | B25: 40.2 | C25: 134.07 | D25: 151.1 | E25: 0 | F25: 0 | G25: 0 | H25: 6.68 | I25: 6.8 | J25: 0 | K25: 0 | L25: 0 | M25: 267.95 | N25: 263.1 | O25: 0 | P25: 94.1 | Q25: 99.2 | R25: 0 | S25: 13.3 | T25: 12.6 | U25: 0 | V25: 98.72 | W25: 101.4 | X25: 0 | Y25: 1966 | Z25: 150.26 | AA25: 176.3 | AB25: 0 | AC25: 33.56 | AD25: 57.4 | AE25: 0 | AF25: 210.06 | AG25: 201.1 | AH25: 0 | AI25: =B25/AR25 -> 0.041958042 | AJ25: =I25/AR25 -> 0.0070973802 | AK25: =N25/AR25 -> 0.27460599 | AL25: =Q25/AR25 -> 0.10353825 | AM25: =T25/AR25 -> 0.013151028 | AN25: =W25/AR25 -> 0.10583446 | AO25: =AA25/AR25 -> 0.18401002 | AP25: =AD25/AR25 -> 0.059910239 | AQ25: =AG25/AR25 -> 0.20989458 | AR25: =B25+I25+N25+Q25+T25+W25+AA25+AD25+AG25 -> 958.1 | AS25: ='Table 1'!C32/1000 -> 984.01552
A26: 1967 | B26: 40.9 | C26: 0 | D26: 151.5 | E26: 0 | F26: 0 | G26: 0 | H26: 0 | I26: 6.5 | J26: 0 | K26: 0 | L26: 0 | M26: 0 | N26: 268.9 | O26: 0 | P26: 0 | Q26: 102.3 | R26: 0 | S26: 0 | T26: 13.1 | U26: 0 | V26: 0 | W26: 102.9 | X26: 0 | Y26: 1967 | Z26: 0 | AA26: 181.9 | AB26: 0 | AC26: 0 | AD26: 60 | AE26: 0 | AF26: 0 | AG26: 211.5 | AH26: 0 | AI26: =B26/AR26 -> 0.041396761 | AJ26: =I26/AR26 -> 0.0065789474 | AK26: =N26/AR26 -> 0.27216599 | AL26: =Q26/AR26 -> 0.10354251 | AM26: =T26/AR26 -> 0.013259109 | AN26: =W26/AR26 -> 0.1041498 | AO26: =AA26/AR26 -> 0.18410931 | AP26: =AD26/AR26 -> 0.060728745 | AQ26: =AG26/AR26 -> 0.21406883 | AR26: =B26+I26+N26+Q26+T26+W26+AA26+AD26+AG26 -> 988 | AS26: ='Table 1'!C33/1000 -> 1004.523
A27: 1968 | B27: 40 | C27: 0 | D27: 150 | E27: 0 | F27: 0 | G27: 0 | H27: 0 | I27: 5.7 | J27: 0 | K27: 0 | L27: 0 | M27: 0 | N27: 258.3 | O27: 0 | P27: 0 | Q27: 98.4 | R27: 0 | S27: 0 | T27: 13.4 | U27: 0 | V27: 0 | W27: 101.4 | X27: 0 | Y27: 1968 | Z27: 0 | AA27: 182.9 | AB27: 0 | AC27: 0 | AD27: 62 | AE27: 0 | AF27: 0 | AG27: 215.1 | AH27: 0 | AI27: =B27/AR27 -> 0.040933279 | AJ27: =I27/AR27 -> 0.0058329922 | AK27: =N27/AR27 -> 0.26432665 | AL27: =Q27/AR27 -> 0.10069587 | AM27: =T27/AR27 -> 0.013712648 | AN27: =W27/AR27 -> 0.10376586 | AO27: =AA27/AR27 -> 0.18716742 | AP27: =AD27/AR27 -> 0.063446582 | AQ27: =AG27/AR27 -> 0.22011871 | AR27: =B27+I27+N27+Q27+T27+W27+AA27+AD27+AG27 -> 977.2 | AS27: ='Table 1'!C34/1000 -> 994.14179
A28: 1969 | B28: 38.8 | C28: 0 | D28: 148.4 | E28: 0 | F28: 0 | G28: 0 | H28: 0 | I28: 6 | J28: 0 | K28: 0 | L28: 0 | M28: 0 | N28: 267.8 | O28: 0 | P28: 0 | Q28: 96 | R28: 0 | S28: 0 | T28: 13.6 | U28: 0 | V28: 0 | W28: 103.4 | X28: 0 | Y28: 1969 | Z28: 0 | AA28: 186.7 | AB28: 0 | AC28: 0 | AD28: 64.2 | AE28: 0 | AF28: 0 | AG28: 217.1 | AH28: 0 | AI28: =B28/AR28 -> 0.039049919 | AJ28: =I28/AR28 -> 0.0060386473 | AK28: =N28/AR28 -> 0.26952496 | AL28: =Q28/AR28 -> 0.096618357 | AM28: =T28/AR28 -> 0.013687601 | AN28: =W28/AR28 -> 0.10406602 | AO28: =AA28/AR28 -> 0.18790258 | AP28: =AD28/AR28 -> 0.064613527 | AQ28: =AG28/AR28 -> 0.21849839 | AR28: =B28+I28+N28+Q28+T28+W28+AA28+AD28+AG28 -> 993.6 | AS28: ='Table 1'!C35/1000 -> 1023.1512
A29: 1970 | B29: 33.5 | C29: 0 | D29: 142.4 | E29: 0 | F29: 0 | G29: 0 | H29: 0 | I29: 5.7 | J29: 0 | K29: 0 | L29: 0 | M29: 0 | N29: 284 | O29: 0 | P29: 0 | Q29: 97.5 | R29: 0 | S29: 0 | T29: 13.9 | U29: 0 | V29: 0 | W29: 104.9 | X29: 0 | Y29: 1970 | Z29: 0 | AA29: 191.6 | AB29: 0 | AC29: 0 | AD29: 66.7 | AE29: 0 | AF29: 0 | AG29: 224.2 | AH29: 0 | AI29: =B29/AR29 -> 0.032778865 | AJ29: =I29/AR29 -> 0.0055772994 | AK29: =N29/AR29 -> 0.2778865 | AL29: =Q29/AR29 -> 0.095401174 | AM29: =T29/AR29 -> 0.013600783 | AN29: =W29/AR29 -> 0.10264188 | AO29: =AA29/AR29 -> 0.18747554 | AP29: =AD29/AR29 -> 0.065264188 | AQ29: =AG29/AR29 -> 0.21937378 | AR29: =B29+I29+N29+Q29+T29+W29+AA29+AD29+AG29 -> 1022 | AS29: ='Table 1'!C36/1000 -> 1072.5193
A30: 1971 | B30: 36.1 | C30: 0 | D30: 144.8 | E30: 0 | F30: 0 | G30: 0 | H30: 0 | I30: 5.7 | J30: 0 | K30: 0 | L30: 0 | M30: 0 | N30: 293.2 | O30: 0 | P30: 0 | Q30: 98.3 | R30: 0 | S30: 0 | T30: 14.1 | U30: 0 | V30: 0 | W30: 106 | X30: 0 | Y30: 1971 | Z30: 0 | AA30: 197.2 | AB30: 0 | AC30: 0 | AD30: 69 | AE30: 0 | AF30: 0 | AG30: 230.4 | AH30: 0 | AI30: =B30/AR30 -> 0.034380952 | AJ30: =I30/AR30 -> 0.0054285714 | AK30: =N30/AR30 -> 0.2792381 | AL30: =Q30/AR30 -> 0.093619048 | AM30: =T30/AR30 -> 0.013428571 | AN30: =W30/AR30 -> 0.10095238 | AO30: =AA30/AR30 -> 0.18780952 | AP30: =AD30/AR30 -> 0.065714286 | AQ30: =AG30/AR30 -> 0.21942857 | AR30: =B30+I30+N30+Q30+T30+W30+AA30+AD30+AG30 -> 1050 | AS30: ='Table 1'!C37/1000 -> 1107.1587
... A36: 1977 | B36: 38.2 | C36: 0 | D36: 152.8 | E36: 0 | F36: 0 | G36: 0 | H36: 0 | I36: 5.5 | J36: 0 | K36: 0 | L36: 0 | M36: 0 | N36: 329.5 | O36: 0 | P36: 0 | Q36: 115.6 | R36: 0 | S36: 0 | T36: 16.4 | U36: 0 | V36: 0 | W36: 115.3 | X36: 0 | Y36: 1977 | Z36: 0 | AA36: 213.3 | AB36: 0 | AC36: 0 | AD36: 88 | AE36: 0 | AF36: 0 | AG36: 301.4 | AH36: 0 | AI36: =B36/AR36 -> 0.031229562 | AJ36: =I36/AR36 -> 0.0044964029 | AK36: =N36/AR36 -> 0.26937541 | AL36: =Q36/AR36 -> 0.094506213 | AM36: =T36/AR36 -> 0.013407456 | AN36: =W36/AR36 -> 0.094260955 | AO36: =AA36/AR36 -> 0.17437868 | AP36: =AD36/AR36 -> 0.071942446 | AQ36: =AG36/AR36 -> 0.24640288 | AR36: =B36+I36+N36+Q36+T36+W36+AA36+AD36+AG36 -> 1223.2 | AS36: ='Table 1'!C43/1000 -> 1263.4676
A37: 1978 | B37: 39.8 | C37: 0 | D37: 159.1 | E37: 83.580024 | F37: 0 | G37: 0 | H37: 0 | I37: 5.4 | J37: 5.3499157 | K37: 0 | L37: 0 | M37: 0 | N37: 317.1 | O37: 0 | P37: 0 | Q37: 110.5 | R37: 0 | S37: 0 | T37: 15.9 | U37: 0 | V37: 0 | W37: 114.9 | X37: 0 | Y37: 1978 | Z37: 0 | AA37: 209.7 | AB37: 0 | AC37: 0 | AD37: 84.5 | AE37: 0 | AF37: 0 | AG37: 309.4 | AH37: 0 | AI37: =E37/AR37 -> 0.066811638 | AJ37: =I37/AR37 -> 0.0043166157 | AK37: =N37/AR37 -> 0.25348127 | AL37: =Q37/AR37 -> 0.088330747 | AM37: =T37/AR37 -> 0.012710035 | AN37: =W37/AR37 -> 0.091847989 | AO37: =AA37/AR37 -> 0.16762858 | AP37: =AD37/AR37 -> 0.067547042 | AQ37: =AG37/AR37 -> 0.24732609 | AR37: =E37+I37+N37+Q37+T37+W37+AA37+AD37+AG37 -> 1250.98 | AS37: ='Table 1'!C44/1000 -> 1264.152
A38: 1979 | B38: 37.3 | C38: 0 | D38: 156.4 | E38: 84.833724 | F38: 0 | G38: 0 | H38: 0 | I38: 5.3 | J38: 5.2108179 | K38: 0 | L38: 0 | M38: 0 | N38: 320.7 | O38: 0 | P38: 0 | Q38: 103.1 | R38: 0 | S38: 0 | T38: 16.6 | U38: 0 | V38: 0 | W38: 112.8 | X38: 0 | Y38: 1979 | Z38: 0 | AA38: 207.5 | AB38: 0 | AC38: 0 | AD38: 91.7 | AE38: 0 | AF38: 0 | AG38: 318 | AH38: 0 | AI38: =E38/AR38 -> 0.067299845 | AJ38: =I38/AR38 -> 0.0042045682 | AK38: =N38/AR38 -> 0.25441604 | AL38: =Q38/AR38 -> 0.081790751 | AM38: =T38/AR38 -> 0.013169025 | AN38: =W38/AR38 -> 0.089485904 | AO38: =AA38/AR38 -> 0.16461281 | AP38: =AD38/AR38 -> 0.072746963 | AQ38: =AG38/AR38 -> 0.25227409 | AR38: =E38+I38+N38+Q38+T38+W38+AA38+AD38+AG38 -> 1260.5337 | AS38: ='Table 1'!C45/1000 -> 1287.0961
A39: 1980 | B39: 35.3 | C39: 0 | D39: 159.2 | E39: 87.675445 | F39: 0 | G39: 0 | H39: 0 | I39: 4.9 | J39: 4.9700717 | K39: 0 | L39: 0 | M39: 0 | N39: 332.2 | O39: 0 | P39: 0 | Q39: 93.9 | R39: 0 | S39: 0 | T39: 15.1 | U39: 0 | V39: 0 | W39: 110.1 | X39: 0 | Y39: 1980 | Z39: 0 | AA39: 207.3 | AB39: 0 | AC39: 0 | AD39: 93.5 | AE39: 0 | AF39: 0 | AG39: 323.4 | AH39: 0 | AI39: =E39/AR39 -> 0.069140559 | AJ39: =I39/AR39 -> 0.0038641234 | AK39: =N39/AR39 -> 0.26197179 | AL39: =Q39/AR39 -> 0.074049222 | AM39: =T39/AR39 -> 0.011907809 | AN39: =W39/AR39 -> 0.086824487 | AO39: =AA39/AR39 -> 0.16347608 | AP39: =AD39/AR39 -> 0.073733783 | AQ39: =AG39/AR39 -> 0.25503214 | AR39: =E39+I39+N39+Q39+T39+W39+AA39+AD39+AG39 -> 1268.0754 | AS39: ='Table 1'!C46/1000 -> 1310.7675
A40: 1981 | B40: 0 | C40: 0 | D40: 152.9 | E40: 84.833724 | F40: 0 | G40: 0 | H40: 0 | I40: 4.8 | J40: 4.8630734 | K40: 0 | L40: 0 | M40: 0 | N40: 318.8 | O40: 0 | P40: 0 | Q40: 91.7 | R40: 0 | S40: 0 | T40: 15.8 | U40: 0 | V40: 0 | W40: 109.1 | X40: 0 | Y40: 1981 | Z40: 0 | AA40: 203.3 | AB40: 0 | AC40: 0 | AD40: 96.4 | AE40: 0 | AF40: 0 | AG40: 324.1 | AH40: 0 | AI40: =E40/AR40 -> 0.06793036 | AJ40: =I40/AR40 -> 0.0038435861 | AK40: =N40/AR40 -> 0.25527818 | AL40: =Q40/AR40 -> 0.07342851 | AM40: =T40/AR40 -> 0.012651804 | AN40: =W40/AR40 -> 0.08736151 | AO40: =AA40/AR40 -> 0.16279189 | AP40: =AD40/AR40 -> 0.077192022 | AQ40: =AG40/AR40 -> 0.25952214 | AR40: =E40+I40+N40+Q40+T40+W40+AA40+AD40+AG40 -> 1248.8337 | AS40: ='Table 1'!C47/1000 -> 1309.9182
A41: 1982 | B41: 0 | C41: 0 | D41: 157.7 | E41: 85.753105 | F41: 0 | G41: 0 | H41: 0 | I41: 5.1 | J41: 5.0021712 | K41: 0 | L41: 0 | M41: 0 | N41: 322.5 | O41: 0 | P41: 0 | Q41: 90.8 | R41: 0 | S41: 0 | T41: 16 | U41: 0 | V41: 0 | W41: 107.8 | X41: 0 | Y41: 1982 | Z41: 0 | AA41: 207 | AB41: 0 | AC41: 0 | AD41: 100 | AE41: 0 | AF41: 0 | AG41: 323.1 | AH41: 0 | AI41: =E41/AR41 -> 0.068163343 | AJ41: =I41/AR41 -> 0.0040538829 | AK41: =N41/AR41 -> 0.25634848 | AL41: =Q41/AR41 -> 0.072175014 | AM41: =T41/AR41 -> 0.012718064 | AN41: =W41/AR41 -> 0.085687957 | AO41: =AA41/AR41 -> 0.16453995 | AP41: =AD41/AR41 -> 0.0794879 | AQ41: =AG41/AR41 -> 0.25682541 | AR41: =E41+I41+N41+Q41+T41+W41+AA41+AD41+AG41 -> 1258.0531 | AS41: ='Table 1'!C48/1000 -> 1309.1934
A42: 1983 | B42: 0 | C42: 0 | D42: 157.1 | E42: 89.514206 | F42: 0 | G42: 0 | H42: 0 | I42: 5.4 | J42: 5.1359191 | K42: 0 | L42: 0 | M42: 0 | N42: 311 | O42: 0 | P42: 0 | Q42: 92.6 | R42: 0 | S42: 0 | T42: 16 | U42: 0 | V42: 0 | W42: 106 | X42: 0 | Y42: 1983 | Z42: 0 | AA42: 215.3 | AB42: 0 | AC42: 0 | AD42: 100.6 | AE42: 0 | AF42: 0 | AG42: 323 | AH42: 0 | AI42: =E42/AR42 -> 0.071076065 | AJ42: =I42/AR42 -> 0.0042877077 | AK42: =N42/AR42 -> 0.2469402 | AL42: =Q42/AR42 -> 0.073526247 | AM42: =T42/AR42 -> 0.012704319 | AN42: =W42/AR42 -> 0.084166114 | AO42: =AA42/AR42 -> 0.17095249 | AP42: =AD42/AR42 -> 0.079878407 | AQ42: =AG42/AR42 -> 0.25646844 | AR42: =E42+I42+N42+Q42+T42+W42+AA42+AD42+AG42 -> 1259.4142 | AS42: ='Table 1'!C49/1000 -> 1290.2676
A43: 1984 | B43: 0 | C43: 0 | D43: 151.2 | E43: 90.099266 | F43: 0 | G43: 0 | H43: 0 | I43: 5.7 | J43: 5.3231661 | K43: 0 | L43: 0 | M43: 0 | N43: 308.4 | O43: 0 | P43: 0 | Q43: 96 | R43: 0 | S43: 0 | T43: 16.1 | U43: 0 | V43: 0 | W43: 105.3 | X43: 0 | Y43: 1984 | Z43: 0 | AA43: 226.1 | AB43: 0 | AC43: 0 | AD43: 103.4 | AE43: 0 | AF43: 0 | AG43: 326 | AH43: 0 | AI43: =E43/AR43 -> 0.070549932 | AJ43: =I43/AR43 -> 0.0044632396 | AK43: =N43/AR43 -> 0.24148475 | AL43: =Q43/AR43 -> 0.075170351 | AM43: =T43/AR43 -> 0.012606694 | AN43: =W43/AR43 -> 0.082452479 | AO43: =AA43/AR43 -> 0.17704184 | AP43: =AD43/AR43 -> 0.080964732 | AQ43: =AG43/AR43 -> 0.25526598 | AR43: =E43+I43+N43+Q43+T43+W43+AA43+AD43+AG43 -> 1277.0993 | AS43: ='Table 1'!C50/1000 -> 1294.4898
A44: 1985 | B44: 0 | C44: 0 | D44: 151.6 | E44: 87.842605 | F44: 0 | G44: 0 | H44: 0 | I44: 6 | J44: 5.3606155 | K44: 0 | L44: 0 | M44: 0 | N44: 320.3 | O44: 0 | P44: 0 | Q44: 101.6 | R44: 0 | S44: 0 | T44: 16.1 | U44: 0 | V44: 0 | W44: 106.5 | X44: 0 | Y44: 1985 | Z44: 0 | AA44: 239.8 | AB44: 0 | AC44: 0 | AD44: 107 | AE44: 0 | AF44: 0 | AG44: 334.1 | AH44: 0 | AI44: =E44/AR44 -> 0.066585634 | AJ44: =I44/AR44 -> 0.0045480642 | AK44: =N44/AR44 -> 0.24279082 | AL44: =Q44/AR44 -> 0.077013886 | AM44: =T44/AR44 -> 0.012203972 | AN44: =W44/AR44 -> 0.080728139 | AO44: =AA44/AR44 -> 0.18177096 | AP44: =AD44/AR44 -> 0.081107144 | AQ44: =AG44/AR44 -> 0.25325137 | AR44: =E44+I44+N44+Q44+T44+W44+AA44+AD44+AG44 -> 1319.2426 | AS44: ='Table 1'!C51/1000 -> 1335.3428
A45: 1986 | B45: 0 | C45: 0 | D45: 146.6 | E45: 83.078544 | F45: 0 | G45: 0 | H45: 0 | I45: 6.2 | J45: 5.7672091 | K45: 0 | L45: 0 | M45: 0 | N45: 311.7 | O45: 0 | P45: 0 | Q45: 101.6 | R45: 0 | S45: 0 | T45: 16.5 | U45: 0 | V45: 0 | W45: 108.5 | X45: 0 | Y45: 1986 | Z45: 0 | AA45: 256.2 | AB45: 0 | AC45: 0 | AD45: 114.8 | AE45: 0 | AF45: 0 | AG45: 335.3 | AH45: 0 | AI45: =E45/AR45 -> 0.06228344 | AJ45: =I45/AR45 -> 0.0046480994 | AK45: =N45/AR45 -> 0.23367945 | AL45: =Q45/AR45 -> 0.076168854 | AM45: =T45/AR45 -> 0.012369942 | AN45: =W45/AR45 -> 0.081341739 | AO45: =AA45/AR45 -> 0.19207146 | AP45: =AD45/AR45 -> 0.086064807 | AQ45: =AG45/AR45 -> 0.25137221 | AR45: =E45+I45+N45+Q45+T45+W45+AA45+AD45+AG45 -> 1333.8785 | AS45: ='Table 1'!C52/1000 -> 1339.4
A46: 1987 | B46: 0 | C46: 0 | D46: 144.4 | E46: 78.314483 | F46: 0 | G46: 0 | H46: 0 | I46: 5.9 | J46: 5.5157631 | K46: 0 | L46: 0 | M46: 0 | N46: 298 | O46: 0 | P46: 0 | Q46: 98.6 | R46: 0 | S46: 0 | T46: 16.5 | U46: 0 | V46: 0 | W46: 104.9 | X46: 0 | Y46: 1987 | Z46: 0 | AA46: 247.3 | AB46: 0 | AC46: 0 | AD46: 123.7 | AE46: 0 | AF46: 0 | AG46: 336.7 | AH46: 0 | AI46: =E46/AR46 -> 0.059785951 | AJ46: =I46/AR46 -> 0.0045041108 | AK46: =N46/AR46 -> 0.22749577 | AL46: =Q46/AR46 -> 0.075272089 | AM46: =T46/AR46 -> 0.012596242 | AN46: =W46/AR46 -> 0.080081564 | AO46: =AA46/AR46 -> 0.18879095 | AP46: =AD46/AR46 -> 0.094433646 | AQ46: =AG46/AR46 -> 0.25703968 | AR46: =E46+I46+N46+Q46+T46+W46+AA46+AD46+AG46 -> 1309.9145 | AS46: ='Table 1'!C53/1000 -> 1322.3
A47: 1988 | B47: 0 | C47: 0 | D47: 139.4 | E47: 68.28488 | F47: 0 | G47: 0 | H47: 0 | I47: 4.4 | J47: 4.5099789 | K47: 0 | L47: 0 | M47: 0 | N47: 280.6 | O47: 0 | P47: 0 | Q47: 94.4 | R47: 0 | S47: 0 | T47: 16.8 | U47: 0 | V47: 0 | W47: 105.9 | X47: 0 | Y47: 1988 | Z47: 0 | AA47: 255.6 | AB47: 0 | AC47: 0 | AD47: 133.7 | AE47: 0 | AF47: 0 | AG47: 341.8 | AH47: 0 | AI47: =E47/AR47 -> 0.052466902 | AJ47: =I47/AR47 -> 0.0033807538 | AK47: =N47/AR47 -> 0.21559989 | AL47: =Q47/AR47 -> 0.072532537 | AM47: =T47/AR47 -> 0.012908333 | AN47: =W47/AR47 -> 0.081368598 | AO47: =AA47/AR47 -> 0.19639106 | AP47: =AD47/AR47 -> 0.10272882 | AQ47: =AG47/AR47 -> 0.2626231 | AR47: =E47+I47+N47+Q47+T47+W47+AA47+AD47+AG47 -> 1301.4849 | AS47: ='Table 1'!C54/1000 -> 1319.4
A48: 1989 | B48: 0 | C48: 0 | D48: 136.3 | E48: 69.20426 | F48: 0 | G48: 0 | H48: 0 | I48: 3.1 | J48: 4.8095742 | K48: 0 | L48: 0 | M48: 0 | N48: 253.8 | O48: 0 | P48: 0 | Q48: 93 | R48: 0 | S48: 0 | T48: 14.1 | U48: 0 | V48: 0 | W48: 99.3 | X48: 0 | Y48: 1989 | Z48: 0 | AA48: 240.5 | AB48: 0 | AC48: 0 | AD48: 135.2 | AE48: 0 | AF48: 0 | AG48: 334.1 | AH48: 0 | AI48: =E48/AR48 -> 0.055706369 | AJ48: =I48/AR48 -> 0.0024953629 | AK48: =N48/AR48 -> 0.20429778 | AL48: =Q48/AR48 -> 0.074860888 | AM48: =T48/AR48 -> 0.011349877 | AN48: =W48/AR48 -> 0.079932109 | AO48: =AA48/AR48 -> 0.19359187 | AP48: =AD48/AR48 -> 0.10883002 | AQ48: =AG48/AR48 -> 0.26893573 | AR48: =E48+I48+N48+Q48+T48+W48+AA48+AD48+AG48 -> 1242.3043 | AS48: ='Table 1'!C55/1000 -> 1257.4
A49: 1990 | B49: 0 | C49: 0 | D49: 133.9 | E49: 66.780439 | F49: 0 | G49: 0 | H49: 0 | I49: 5.5 | J49: 4.2264334 | K49: 0 | L49: 0 | M49: 0 | N49: 242.2 | O49: 226.8 | P49: 0 | Q49: 91.3 | R49: 56.575 | S49: 0 | T49: 12 | U49: 16.9 | V49: 0 | W49: 92.3 | X49: 84.5 | Y49: 1990 | Z49: 0 | AA49: 241.2 | AB49: 248 | AC49: 0 | AD49: 131.3 | AE49: 148.25 | AF49: 0 | AG49: 340.5 | AH49: 326.95 | AI49: =E49/AR49 -> 0.056581344 | AJ49: =I49/AR49 -> 0.0046600082 | AK49: =O49/AR49 -> 0.19216179 | AL49: =R49/AR49 -> 0.047934539 | AM49: =U49/AR49 -> 0.014318934 | AN49: =X49/AR49 -> 0.071594671 | AO49: =AB49/AR49 -> 0.21012401 | AP49: =AE49/AR49 -> 0.1256084 | AQ49: =AH49/AR49 -> 0.2770163 | AR49: =E49+I49+O49+R49+U49+X49+AB49+AE49+AH49 -> 1180.2554 | AS49: ='Table 1'!C56/1000 -> 1222.5
A50: 1991 | B50: 0 | C50: 0 | D50: 132.3 | E50: 64.607359 | F50: 0 | G50: 0 | H50: 0 | I50: 5 | J50: 4.1408347 | K50: 0 | L50: 0 | M50: 0 | N50: 238.7 | O50: 218.1 | P50: 0 | Q50: 83.8 | R50: 53.95 | S50: 0 | T50: 13.8 | U50: 16.15 | V50: 0 | W50: 88.7 | X50: 82.9 | Y50: 1991 | Z50: 0 | AA50: 252.8 | AB50: 242.375 | AC50: 0 | AD50: 132.9 | AE50: 147.075 | AF50: 0 | AG50: 335.3 | AH50: 339.7 | AI50: =E50/AR50 -> 0.055226698 | AJ50: =I50/AR50 -> 0.0042740253 | AK50: =O50/AR50 -> 0.18643299 | AL50: =R50/AR50 -> 0.046116733 | AM50: =U50/AR50 -> 0.013805102 | AN50: =X50/AR50 -> 0.07086334 | AO50: =AB50/AR50 -> 0.20718338 | AP50: =AE50/AR50 -> 0.12572046 | AQ50: =AH50/AR50 -> 0.29037728 | AR50: =E50+I50+O50+R50+U50+X50+AB50+AE50+AH50 -> 1169.8574 | AS50: ='Table 1'!C57/1000 -> 1226.8
A51: 1992 | B51: 0 | C51: 0 | D51: 134.8 | E51: 63.186498 | F51: 0 | G51: 0 | H51: 0 | I51: 3.4 | J51: 3.4667454 | K51: 0 | L51: 0 | M51: 0 | N51: 226.3 | O51: 205.875 | P51: 0 | Q51: 71.7 | R51: 47.125 | S51: 0 | T51: 12.7 | U51: 15.8 | V51: 0 | W51: 86.1 | X51: 80.875 | Y51: 1992 | Z51: 0 | AA51: 242.4 | AB51: 235.85 | AC51: 0 | AD51: 138.9 | AE51: 146.15 | AF51: 0 | AG51: 338 | AH51: 345.425 | AI51: =E51/AR51 -> 0.055248093 | AJ51: =I51/AR51 -> 0.0029728426 | AK51: =O51/AR51 -> 0.18000999 | AL51: =R51/AR51 -> 0.041204473 | AM51: =U51/AR51 -> 0.013814975 | AN51: =X51/AR51 -> 0.070714309 | AO51: =AB51/AR51 -> 0.2062191 | AP51: =AE51/AR51 -> 0.12778852 | AQ51: =AH51/AR51 -> 0.3020277 | AR51: =E51+I51+O51+R51+U51+X51+AB51+AE51+AH51 -> 1143.6865 | AS51: ='Table 1'!C58/1000 -> 1190.7
A52: 1993 | B52: 0 | C52: 0 | D52: 130.8 | E52: 60.595517 | F52: 0 | G52: 0 | H52: 0 | I52: 3.4 | J52: 3.6379427 | K52: 0 | L52: 0 | M52: 0 | N52: 225.2 | O52: 207.25 | P52: 0 | Q52: 74.8 | R52: 44.675 | S52: 0 | T52: 10.7 | U52: 14.2 | V52: 0 | W52: 82.2 | X52: 78.55 | Y52: 1993 | Z52: 0 | AA52: 252.1 | AB52: 239.7 | AC52: 0 | AD52: 139.5 | AE52: 146.675 | AF52: 0 | AG52: 347.1 | AH52: 346.875 | AI52: =E52/AR52 -> 0.053064567 | AJ52: =I52/AR52 -> 0.0029774402 | AK52: =O52/AR52 -> 0.18149249 | AL52: =R52/AR52 -> 0.039122688 | AM52: =U52/AR52 -> 0.012435191 | AN52: =X52/AR52 -> 0.068787625 | AO52: =AB52/AR52 -> 0.20990953 | AP52: =AE52/AR52 -> 0.12844589 | AQ52: =AH52/AR52 -> 0.30376457 | AR52: =E52+I52+O52+R52+U52+X52+AB52+AE52+AH52 -> 1141.9205 | AS52: ='Table 1'!C59/1000 -> 1193.7
A53: 1994 | B53: 0 | C53: 0 | D53: 133.8 | E53: 58.673177 | F53: 0 | G53: 0 | H53: 0 | I53: 3.9 | J53: 3.5683938 | K53: 0 | L53: 0 | M53: 0 | N53: 244.3 | O53: 216.1 | P53: 0 | Q53: 78 | R53: 46.875 | S53: 0 | T53: 10.2 | U53: 13.875 | V53: 0 | W53: 83 | X53: 77.95 | Y53: 1994 | Z53: 0 | AA53: 256.8 | AB53: 250.95 | AC53: 0 | AD53: 135.5 | AE53: 147.925 | AF53: 0 | AG53: 356 | AH53: 360.85 | AI53: =E53/AR53 -> 0.04984561 | AJ53: =I53/AR53 -> 0.0033132326 | AK53: =O53/AR53 -> 0.18358707 | AL53: =R53/AR53 -> 0.039822507 | AM53: =U53/AR53 -> 0.011787462 | AN53: =X53/AR53 -> 0.066222174 | AO53: =AB53/AR53 -> 0.21319377 | AP53: =AE53/AR53 -> 0.12566921 | AQ53: =AH53/AR53 -> 0.30655897 | AR53: =E53+I53+O53+R53+U53+X53+AB53+AE53+AH53 -> 1177.0982 | AS53: ='Table 1'!C60/1000 -> 1224
A54: 1995 | B54: 0 | C54: 0 | D54: 0 | E54: 64.356619 | F54: 0 | G54: 0 | H54: 0 | I54: 0 | J54: 3.6272428 | K54: 0 | L54: 0 | M54: 0 | N54: 0 | O54: 227.5 | P54: 0 | Q54: 0 | R54: 51.7 | S54: 0 | T54: 0 | U54: 13.675 | V54: 0 | W54: 0 | X54: 80.875 | Y54: 1995 | Z54: 0 | AA54: 0 | AB54: 269.05 | AC54: 0 | AD54: 0 | AE54: 157.8 | AF54: 0 | AG54: 0 | AH54: 375.05 | AI54: =E54/AR54 -> 0.051748847 | AJ54: =J54/AR54 -> 0.0029166485 | AK54: =O54/AR54 -> 0.18293165 | AL54: =R54/AR54 -> 0.041571721 | AM54: =U54/AR54 -> 0.010996002 | AN54: =X54/AR54 -> 0.065031198 | AO54: =AB54/AR54 -> 0.21634181 | AP54: =AE54/AR54 -> 0.12688622 | AQ54: =AH54/AR54 -> 0.3015759 | AR54: =E54+J54+O54+R54+U54+X54+AB54+AE54+AH54 -> 1243.6339 | AS54: ='Table 1'!C61/1000 -> 1289.9
A55: 1996 | B55: 0 | C55: 0 | D55: 0 | E55: 65.025259 | F55: 0 | G55: 0 | H55: 0 | I55: 0 | J55: 4.0712858 | K55: 0 | L55: 0 | M55: 0 | N55: 0 | O55: 232.925 | P55: 0 | Q55: 0 | R55: 56.625 | S55: 0 | T55: 0 | U55: 13.225 | V55: 0 | W55: 0 | X55: 85.1 | Y55: 1996 | Z55: 0 | AA55: 0 | AB55: 283.55 | AC55: 0 | AD55: 0 | AE55: 168.325 | AF55: 0 | AG55: 0 | AH55: 384.45 | AI55: =E55/AR55 -> 0.050278692 | AJ55: =J55/AR55 -> 0.003147991 | AK55: =O55/AR55 -> 0.18010177 | AL55: =R55/AR55 -> 0.043783462 | AM55: =U55/AR55 -> 0.010225806 | AN55: =X55/AR55 -> 0.065800841 | AO55: =AB55/AR55 -> 0.21924593 | AP55: =AE55/AR55 -> 0.1301519 | AQ55: =AH55/AR55 -> 0.29726361 | AR55: =E55+J55+O55+R55+U55+X55+AB55+AE55+AH55 -> 1293.2965 | AS55: ='Table 1'!C62/1000 -> 1338.4
A56: 1997 | B56: 0 | C56: 0 | D56: 0 | E56: 63.855138 | F56: 0 | G56: 0 | H56: 0 | I56: 0 | J56: 3.8626391 | K56: 0 | L56: 0 | M56: 0 | N56: 0 | O56: 232.25 | P56: 0 | Q56: 0 | R56: 58.6 | S56: 0 | T56: 0 | U56: 13 | V56: 0 | W56: 0 | X56: 91 | Y56: 1997 | Z56: 0 | AA56: 0 | AB56: 298.8 | AC56: 0 | AD56: 0 | AE56: 176.375 | AF56: 0 | AG56: 0 | AH56: 396.35 | AI56: =E56/AR56 -> 0.047864091 | AJ56: =J56/AR56 -> 0.0028953302 | AK56: =O56/AR56 -> 0.17408834 | AL56: =R56/AR56 -> 0.043924981 | AM56: =U56/AR56 -> 0.0097444497 | AN56: =X56/AR56 -> 0.068211148 | AO56: =AB56/AR56 -> 0.22397243 | AP56: =AE56/AR56 -> 0.13220595 | AQ56: =AH56/AR56 -> 0.29709328 | AR56: =E56+J56+O56+R56+U56+X56+AB56+AE56+AH56 -> 1334.0928 | AS56: ='Table 1'!C63/1000 -> 1381.7
A57: 1998 | B57: 0 | C57: 0 | D57: 0 | E57: 65.777479 | F57: 0 | G57: 0 | H57: 0 | I57: 0 | J57: 3.5148946 | K57: 0 | L57: 0 | M57: 0 | N57: 0 | O57: 224.725 | P57: 0 | Q57: 0 | R57: 59.8 | S57: 0 | T57: 0 | U57: 12.05 | V57: 0 | W57: 0 | X57: 93.725 | Y57: 1998 | Z57: 0 | AA57: 0 | AB57: 313.625 | AC57: 0 | AD57: 0 | AE57: 185.05 | AF57: 0 | AG57: 0 | AH57: 409.45 | AI57: =E57/AR57 -> 0.048092888 | AJ57: =J57/AR57 -> 0.0025698983 | AK57: =O57/AR57 -> 0.16430661 | AL57: =R57/AR57 -> 0.043722483 | AM57: =U57/AR57 -> 0.0088102997 | AN57: =X57/AR57 -> 0.068526584 | AO57: =AB57/AR57 -> 0.22930542 | AP57: =AE57/AR57 -> 0.13529842 | AQ57: =AH57/AR57 -> 0.2993674 | AR57: =E57+J57+O57+R57+U57+X57+AB57+AE57+AH57 -> 1367.7174 | AS57: ='Table 1'!C64/1000 -> 1401.6
A58: 1999 | B58: 0 | C58: 0 | D58: 0 | E58: 65.693899 | F58: 0 | G58: 0 | H58: 0 | I58: 0 | J58: 3.2313491 | K58: 0 | L58: 0 | M58: 0 | N58: 0 | O58: 217.675 | P58: 0 | Q58: 0 | R58: 62.2 | S58: 0 | T58: 0 | U58: 11.1 | V58: 0 | W58: 0 | X58: 95.175 | Y58: 1999 | Z58: 0 | AA58: 0 | AB58: 319.175 | AC58: 0 | AD58: 0 | AE58: 187.7 | AF58: 0 | AG58: 0 | AH58: 423.175 | AI58: =E58/AR58 -> 0.047428129 | AJ58: =J58/AR58 -> 0.0023328931 | AK58: =O58/AR58 -> 0.15715185 | AL58: =R58/AR58 -> 0.044905686 | AM58: =U58/AR58 -> 0.0080137157 | AN58: =X58/AR58 -> 0.068712198 | AO58: =AB58/AR58 -> 0.23043043 | AP58: =AE58/AR58 -> 0.13551121 | AQ58: =AH58/AR58 -> 0.30551389 | AR58: =E58+J58+O58+R58+U58+X58+AB58+AE58+AH58 -> 1385.1252 | AS58: ='Table 1'!C65/1000 -> 1381.8
A59: 2000 | B59: 0 | C59: 0 | D59: 0 | E59: 69.455 | F59: 69.455 | G59: 0 | H59: 0 | I59: 0 | J59: 3.1725 | K59: 3.1725 | L59: 0 | M59: 0 | N59: 0 | O59: 214.675 | P59: 0 | Q59: 0 | R59: 66.325 | S59: 0 | T59: 0 | U59: 9.425 | V59: 0 | W59: 0 | X59: 97.75 | Y59: 2000 | Z59: 0 | AA59: 0 | AB59: 318.625 | AC59: 0 | AD59: 0 | AE59: 192.6 | AF59: 0 | AG59: 0 | AH59: 433.3 | AI59: =F59/AR59 -> 0.049422643 | AJ59: =K59/AR59 -> 0.0022574809 | AK59: =O59/AR59 -> 0.15275799 | AL59: =R59/AR59 -> 0.047195405 | AM59: =U59/AR59 -> 0.0067066218 | AN59: =X59/AR59 -> 0.06955674 | AO59: =AB59/AR59 -> 0.22672651 | AP59: =AE59/AR59 -> 0.1370499 | AQ59: =AH59/AR59 -> 0.30832671 | AR59: =F59+K59+O59+R59+U59+X59+AB59+AE59+AH59 -> 1405.3275 | AS59: 1403.3
A60: 2001 | B60: 0 | C60: 0 | D60: 0 | E60: 0 | F60: 72.1575 | G60: 0 | H60: 0 | I60: 0 | J60: 0 | K60: 3.1225 | L60: 0 | M60: 0 | N60: 0 | O60: 214 | P60: 0 | Q60: 0 | R60: 69.125 | S60: 0 | T60: 0 | U60: 9.375 | V60: 0 | W60: 0 | X60: 102.6 | Y60: 2001 | Z60: 0 | AA60: 0 | AB60: 329.475 | AC60: 0 | AD60: 0 | AE60: 207.425 | AF60: 0 | AG60: 0 | AH60: 443.7 | AI60: =F60/AR60 -> 0.049730182 | AJ60: =K60/AR60 -> 0.0021519938 | AK60: =O60/AR60 -> 0.14748653 | AL60: =R60/AR60 -> 0.047640216 | AM60: =U60/AR60 -> 0.0064611504 | AN60: =X60/AR60 -> 0.07071083 | AO60: =AB60/AR60 -> 0.22707067 | AP60: =AE60/AR60 -> 0.14295511 | AQ60: =AH60/AR60 -> 0.30579333 | AR60: =F60+K60+O60+R60+U60+X60+AB60+AE60+AH60 -> 1450.98 | AS60: ='Table 1'!C67/1000 -> 1435.1
A61: 2002 | B61: 0 | C61: 0 | D61: 0 | E61: 0 | F61: 79.255 | G61: 0 | H61: 0 | I61: 0 | J61: 0 | K61: 3.275 | L61: 0 | M61: 0 | N61: 0 | O61: 220.825 | P61: 0 | Q61: 0 | R61: 70.325 | S61: 0 | T61: 0 | U61: 9.475 | V61: 0 | W61: 0 | X61: 110.15 | Y61: 2002 | Z61: 0 | AA61: 0 | AB61: 336.825 | AC61: 0 | AD61: 0 | AE61: 209.9 | AF61: 0 | AG61: 0 | AH61: 451.6 | AI61: =F61/AR61 -> 0.05313315 | AJ61: =K61/AR61 -> 0.0021955847 | AK61: =O61/AR61 -> 0.14804275 | AL61: =R61/AR61 -> 0.04714641 | AM61: =U61/AR61 -> 0.0063521114 | AN61: =X61/AR61 -> 0.073845391 | AO61: =AB61/AR61 -> 0.22581002 | AP61: =AE61/AR61 -> 0.14071854 | AQ61: =AH61/AR61 -> 0.30275605 | AR61: =F61+K61+O61+R61+U61+X61+AB61+AE61+AH61 -> 1491.63 | AS61: ='Table 1'!C68/1000 -> 1496.2
A62: 2003 | B62: 0 | C62: 0 | D62: 0 | E62: 0 | F62: 81.1125 | G62: 0 | H62: 0 | I62: 0 | J62: 0 | K62: 3.5025 | L62: 0 | M62: 0 | N62: 0 | O62: 225.1 | P62: 0 | Q62: 0 | R62: 76.4 | S62: 0 | T62: 0 | U62: 9.2 | V62: 0 | W62: 0 | X62: 108.75 | Y62: 2003 | Z62: 0 | AA62: 0 | AB62: 350.6 | AC62: 0 | AD62: 0 | AE62: 217.775 | AF62: 0 | AG62: 0 | AH62: 466.025 | AI62: =F62/AR62 -> 0.052723006 | AJ62: =K62/AR62 -> 0.0022766199 | AK62: =O62/AR62 -> 0.14631467 | AL62: =R62/AR62 -> 0.049659888 | AM62: =U62/AR62 -> 0.0059799865 | AN62: =X62/AR62 -> 0.070687341 | AO62: =AB62/AR62 -> 0.22788949 | AP62: =AE62/AR62 -> 0.14155343 | AQ62: =AH62/AR62 -> 0.30291557 | AR62: =F62+K62+O62+R62+U62+X62+AB62+AE62+AH62 -> 1538.465 | AS62: ='Table 1'!C69/1000 -> 1543.1
A63: 2004 | B63: 0 | C63: 0 | D63: 0 | E63: 0 | F63: 82.9675 | G63: 0 | H63: 0 | I63: 0 | J63: 0 | K63: 3.6025 | L63: 0 | M63: 0 | N63: 0 | O63: 225.825 | P63: 0 | Q63: 0 | R63: 79.6 | S63: 0 | T63: 0 | U63: 9.175 | V63: 0 | W63: 0 | X63: 109.9 | Y63: 2004 | Z63: 0 | AA63: 0 | AB63: 353.075 | AC63: 0 | AD63: 0 | AE63: 226.825 | AF63: 0 | AG63: 0 | AH63: 483.35 | AI63: =F63/AR63 -> 0.052700531 | AJ63: =K63/AR63 -> 0.0022882895 | AK63: =O63/AR63 -> 0.14344288 | AL63: =R63/AR63 -> 0.050561512 | AM63: =U63/AR63 -> 0.005827913 | AN63: =X63/AR63 -> 0.069807917 | AO63: =AB63/AR63 -> 0.22427143 | AP63: =AE63/AR63 -> 0.14407808 | AQ63: =AH63/AR63 -> 0.30702144 | AR63: =F63+K63+O63+R63+U63+X63+AB63+AE63+AH63 -> 1574.32 | AS63: ='Table 1'!C70/1000 -> 1591.3
A64: 2005 | B64: 0 | C64: 0 | D64: 0 | E64: 0 | F64: 83.3675 | G64: 0 | H64: 0 | I64: 0 | J64: 0 | K64: 3.9025 | L64: 0 | M64: 0 | N64: 0 | O64: 227.825 | P64: 0 | Q64: 0 | R64: 91.575 | S64: 0 | T64: 0 | U64: 9.125 | V64: 0 | W64: 0 | X64: 109 | Y64: 2005 | Z64: 0 | AA64: 0 | AB64: 364.1 | AC64: 0 | AD64: 0 | AE64: 238.7 | AF64: 0 | AG64: 0 | AH64: 497.25 | AI64: =F64/AR64 -> 0.051307971 | AJ64: =K64/AR64 -> 0.0024017676 | AK64: =O64/AR64 -> 0.14021337 | AL64: =R64/AR64 -> 0.056359222 | AM64: =U64/AR64 -> 0.0056159203 | AN64: =X64/AR64 -> 0.067083322 | AO64: =AB64/AR64 -> 0.22408291 | AP64: =AE64/AR64 -> 0.14690632 | AQ64: =AH64/AR64 -> 0.30602919 | AR64: =F64+K64+O64+R64+U64+X64+AB64+AE64+AH64 -> 1624.845 | AS64: ='Table 1'!C71/1000 -> 1649.4
A65: 2006 | B65: 0 | C65: 0 | D65: 0 | E65: 0 | F65: 80.7675 | G65: 0 | H65: 0 | I65: 0 | J65: 0 | K65: 4.255 | L65: 0 | M65: 0 | N65: 0 | O65: 223.5 | P65: 0 | Q65: 0 | R65: 98.15 | S65: 0 | T65: 0 | U65: 9.225 | V65: 0 | W65: 0 | X65: 105.65 | Y65: 2006 | Z65: 0 | AA65: 0 | AB65: 386.95 | AC65: 0 | AD65: 0 | AE65: 246.575 | AF65: 0 | AG65: 0 | AH65: 499.75 | AI65: =F65/AR65 -> 0.048807349 | AJ65: =K65/AR65 -> 0.0025712727 | AK65: =O65/AR65 -> 0.1350598 | AL65: =R65/AR65 -> 0.059311497 | AM65: =U65/AR65 -> 0.005574616 | AN65: =X65/AR65 -> 0.063843705 | AO65: =AB65/AR65 -> 0.23383173 | AP65: =AE65/AR65 -> 0.1490039 | AQ65: =AH65/AR65 -> 0.30199614 | AR65: =F65+K65+O65+R65+U65+X65+AB65+AE65+AH65 -> 1654.8225 | AS65: ='Table 1'!C72/1000 -> 1709.8
A66: 2007 | B66: 0 | C66: 0 | D66: 0 | E66: 0 | F66: 81.385 | G66: 0 | H66: 0 | I66: 0 | J66: 0 | K66: 4.525 | L66: 0 | M66: 0 | N66: 0 | O66: 217.425 | P66: 0 | Q66: 0 | R66: 106.3 | S66: 0 | T66: 0 | U66: 8.6 | V66: 0 | W66: 0 | X66: 108.475 | Y66: 2007 | Z66: 0 | AA66: 0 | AB66: 385.05 | AC66: 0 | AD66: 0 | AE66: 256.975 | AF66: 0 | AG66: 0 | AH66: 511.15 | AI66: =F66/AR66 -> 0.048446769 | AJ66: =K66/AR66 -> 0.0026936368 | AK66: =O66/AR66 -> 0.1294285 | AL66: =R66/AR66 -> 0.063278141 | AM66: =U66/AR66 -> 0.0051193981 | AN66: =X66/AR66 -> 0.064572873 | AO66: =AB66/AR66 -> 0.22921212 | AP66: =AE66/AR66 -> 0.15297178 | AQ66: =AH66/AR66 -> 0.30427678 | AR66: =F66+K66+O66+R66+U66+X66+AB66+AE66+AH66 -> 1679.885 | AS66: ='Table 1'!C73/1000 -> 1766.2
A67: 2008 | B67: 0 | C67: 0 | D67: 0 | E67: 0 | F67: 82.595 | G67: 0 | H67: 0 | I67: 0 | J67: 0 | K67: 5.015 | L67: 0 | M67: 0 | N67: 0 | O67: 216.35 | P67: 0 | Q67: 0 | R67: 114.875 | S67: 0 | T67: 0 | U67: 8.3 | V67: 0 | W67: 0 | X67: 107.675 | Y67: 2008 | Z67: 0 | AA67: 0 | AB67: 394.7 | AC67: 0 | AD67: 0 | AE67: 267.25 | AF67: 0 | AG67: 0 | AH67: 518.65 | AI67: =F67/AR67 -> 0.048148839 | AJ67: =K67/AR67 -> 0.0029234993 | AK67: =O67/AR67 -> 0.12612145 | AL67: =R67/AR67 -> 0.066966498 | AM67: =U67/AR67 -> 0.0048384934 | AN67: =X67/AR67 -> 0.06276925 | AO67: =AB67/AR67 -> 0.23009077 | AP67: =AE67/AR67 -> 0.15579366 | AQ67: =AH67/AR67 -> 0.30234754 | AR67: =F67+K67+O67+R67+U67+X67+AB67+AE67+AH67 -> 1715.41 | AS67: ='Table 1'!C74/1000 -> 1783
A68: 2009 | B68: 0 | C68: 0 | D68: 0 | E68: 0 | F68: 84.7225 | G68: 0 | H68: 0 | I68: 0 | J68: 0 | K68: 5.4825 | L68: 0 | M68: 0 | N68: 0 | O68: 209.5 | P68: 0 | Q68: 0 | R68: 111.225 | S68: 0 | T68: 0 | U68: 8.05 | V68: 0 | W68: 0 | X68: 107.55 | Y68: 2009 | Z68: 0 | AA68: 0 | AB68: 390.025 | AC68: 0 | AD68: 0 | AE68: 265.325 | AF68: 0 | AG68: 0 | AH68: 529.85 | AI68: =F68/AR68 -> 0.049495247 | AJ68: =K68/AR68 -> 0.0032029 | AK68: =O68/AR68 -> 0.1223908 | AL68: =R68/AR68 -> 0.064978122 | AM68: =U68/AR68 -> 0.0047028445 | AN68: =X68/AR68 -> 0.062831171 | AO68: =AB68/AR68 -> 0.22785428 | AP68: =AE68/AR68 -> 0.155004 | AQ68: =AH68/AR68 -> 0.30954064 | AR68: =F68+K68+O68+R68+U68+X68+AB68+AE68+AH68 -> 1711.73 | AS68: ='Table 1'!C75/1000 -> 1815.699
A69: 2010 | B69: 0 | C69: 0 | D69: 0 | E69: 0 | F69: 84.145 | G69: 0 | H69: 0 | I69: 0 | J69: 0 | K69: 5.3825 | L69: 0 | M69: 0 | N69: 0 | O69: 191.75 | P69: 0 | Q69: 0 | R69: 101.075 | S69: 0 | T69: 0 | U69: 8.425 | V69: 0 | W69: 0 | X69: 104.225 | Y69: 2010 | Z69: 0 | AA69: 0 | AB69: 371.825 | AC69: 0 | AD69: 0 | AE69: 268.4 | AF69: 0 | AG69: 0 | AH69: 533.6 | AI69: =F69/AR69 -> 0.050421628 | AJ69: =K69/AR69 -> 0.0032253184 | AK69: =O69/AR69 -> 0.11490103 | AL69: =R69/AR69 -> 0.060566476 | AM69: =U69/AR69 -> 0.0050484547 | AN69: =X69/AR69 -> 0.062454028 | AO69: =AB69/AR69 -> 0.22280613 | AP69: =AE69/AR69 -> 0.16083148 | AQ69: =AH69/AR69 -> 0.31974545 | AR69: =F69+K69+O69+R69+U69+X69+AB69+AE69+AH69 -> 1668.8275 | AS69: ='Table 1'!C76/1000 -> 1780.1319
A70: 2011 | B70: 0 | C70: 0 | D70: 0 | E70: 0 | F70: 84.87 | G70: 84.7 | H70: 0 | I70: 0 | J70: 0 | K70: 5.745 | L70: 6.5 | M70: 0 | N70: 0 | O70: 190.75 | P70: 0 | Q70: 0 | R70: 97.9 | S70: 0 | T70: 0 | U70: 10.6 | V70: 0 | W70: 0 | X70: 106.625 | Y70: 2011 | Z70: 0 | AA70: 0 | AB70: 373.275 | AC70: 0 | AD70: 0 | AE70: 281.675 | AF70: 0 | AG70: 0 | AH70: 541.55 | AI70: =F70/AR70 -> 0.050130243 | AJ70: =K70/AR70 -> 0.0033934046 | AK70: =O70/AR70 -> 0.11267048 | AL70: =R70/AR70 -> 0.057826685 | AM70: =U70/AR70 -> 0.006261112 | AN70: =X70/AR70 -> 0.062980289 | AO70: =AB70/AR70 -> 0.2204827 | AP70: =AE70/AR70 -> 0.16637724 | AQ70: =AH70/AR70 -> 0.31987785 | AR70: =F70+K70+O70+R70+U70+X70+AB70+AE70+AH70 -> 1692.99 | AS70: ='Table 1'!C77/1000 -> 1790.328
A71: 2012 | B71: 0 | C71: 0 | D71: 0 | E71: 0 | F71: 85.835 | G71: 82 | H71: 0 | I71: 0 | J71: 0 | K71: 5.9375 | L71: 6.6 | M71: 0 | N71: 0 | O71: 190.275 | P71: 0 | Q71: 0 | R71: 97.825 | S71: 0 | T71: 0 | U71: 12.6 | V71: 0 | W71: 0 | X71: 108.525 | Y71: 2012 | Z71: 0 | AA71: 0 | AB71: 380.125 | AC71: 0 | AD71: 0 | AE71: 291.575 | AF71: 0 | AG71: 0 | AH71: 537.475 | AI71: =F71/AR71 -> 0.050190843 | AJ71: =K71/AR71 -> 0.003471872 | AK71: =O71/AR71 -> 0.11126071 | AL71: =R71/AR71 -> 0.057201832 | AM71: =U71/AR71 -> 0.0073676778 | AN71: =X71/AR71 -> 0.063458511 | AO71: =AB71/AR71 -> 0.2222729 | AP71: =AE71/AR71 -> 0.1704945 | AQ71: =AH71/AR71 -> 0.31428116 | AR71: =F71+K71+O71+R71+U71+X71+AB71+AE71+AH71 -> 1710.1725 | AS71: ='Table 1'!C78/1000 -> 1811.6621
... A82: 2023 | B82: 0 | C82: 0 | D82: 0 | E82: 0 | F82: 103.97643 | G82: 92.7 | H82: 0 | I82: 0 | J82: 0 | K82: 6.4764706 | L82: 6 | M82: 0 | N82: 0 | O82: 231.15 | P82: 0 | Q82: 0 | R82: 180.5 | S82: 0 | T82: 0 | U82: 22.35 | V82: 0 | W82: 0 | X82: 113.45 | Y82: 2023 | Z82: 0 | AA82: 0 | AB82: 449.85 | AC82: 0 | AD82: 0 | AE82: 375.7 | AF82: 0 | AG82: 0 | AH82: 714.775 | AI82: =F82/AR82 -> 0.047300112 | AJ82: =K82/AR82 -> 0.0029462235 | AK82: =O82/AR82 -> 0.10515288 | AL82: =R82/AR82 -> 0.082111596 | AM82: =U82/AR82 -> 0.010167281 | AN82: =X82/AR82 -> 0.051609754 | AO82: =AB82/AR82 -> 0.20464211 | AP82: =AE82/AR82 -> 0.1709104 | AQ82: =AH82/AR82 -> 0.32515964 | AR82: =F82+K82+O82+R82+U82+X82+AB82+AE82+AH82 -> 2198.2279 | AS82: ='Table 1'!C89/1000 -> 2393.5332

Sheet Table 9
A1: Table 9: Distribution of value added between labour and surplus by industry, March years 1947-2021
A2: Click for table sources
AT3: Trade, restaurants and hotels | BJ3: FIRE sectors | CF3: Other service sectors
B4: Agriculture forestry fishing | I4: Mining | P4: Manufacturing | X4: Construction | AE4: Electricity gas water waste | AL4: Transport and communications | AT4: Wholesale and retail trade only | BB4: Wholesale and retail trade, hotels and restaurants | BJ4: Finance and insurance only | BQ4: Finance, insurance and real estate | BX4: Finance, insurance, real estate and business services | CF4: Services including hotels, restaurants, real estate and business services | CM4: Services excluding real estate, hotels and restaurants and business services | CT4: Government administration and defence component of services | DB4: Totals from sectoral data | DI4: Economy-wide data for comparison
B5: 1 | C5: 2 | D5: 3 | E5: 4 | F5: 5 | G5: 6 | H5: 7 | I5: 8 | J5: 9 | K5: 10 | L5: 11 | M5: 12 | N5: 13 | O5: 14 | P5: 15 | Q5: 16 | R5: 17 | S5: 18 | T5: 19 | U5: 20 | V5: 21 | X5: 22 | Y5: 23 | Z5: 24 | AA5: 25 | AB5: 26 | AC5: 27 | AD5: 28 | AE5: 29 | AF5: 30 | AG5: 31 | AH5: 32 | AI5: 33 | AJ5: 34 | AK5: 35 | AL5: 36 | AM5: 37 | AN5: 38 | AO5: 39 | AP5: 40 | AQ5: 41 | AR5: 42 | AT5: 43 | AU5: 44 | AV5: 45 | AW5: 46 | AX5: 47 | AY5: 48 | AZ5: 49 | BB5: 50 | BC5: 51 | BD5: 52 | BE5: 53 | BF5: 54 | BG5: 55 | BH5: 56 | BJ5: 57 | BK5: 58 | BL5: 59 | BM5: 60 | BN5: 61 | BO5: 62 | BP5: 63 | BQ5: 64 | BR5: 65 | BS5: 66 | BT5: 67 | BU5: 68 | BV5: 69 | BW5: 70 | BX5: 71 | BY5: 72 | BZ5: 73 | CA5: 74 | CB5: 75 | CC5: 76 | CD5: 77 | CF5: 78 | CG5: 79 | CH5: 80 | CI5: 81 | CJ5: 82 | CK5: 83 | CL5: 84 | CM5: 85 | CN5: 86 | CO5: 87 | CP5: 88 | CQ5: 89 | CR5: 90 | CS5: 91 | CT5: 92 | CU5: 93 | CV5: 94 | CW5: 95 | CX5: 96 | CY5: 97 | CZ5: 98 | DB5: 99 | DC5: 100 | DD5: 101 | DE5: 102 | DF5: 103 | DG5: 104 | DH5: 105 | DI5: 106 | DJ5: 107 | DK5: 108 | DL5: 109 | DM5: 110 | DN5: 111
A6: Year | B6: Compensation of employees | C6: Gross surplus | D6: Net surplus | E6: Total gross value added (1)+(2) | F6: Total net value added (1)+(3) | G6: Wage share of gross value added (1)÷(4) | H6: Wage share of net value added (1)÷(5) | I6: Compensation of employees | J6: Gross surplus | K6: Net surplus | L6: Total gross value added (8)+(9) | M6: Total net value added (8)+(10) | N6: Wage share of gross value added (8)÷(11) | O6: Wage share of net value added (8)÷(12) | P6: Compensation of employees | Q6: Gross surplus | R6: Net surplus | S6: Total gross value added (15)+(16) | T6: Total net value added (15)+(17) | U6: Wage share of gross value added (15)÷(18) | V6: Wage share of net value added (15)÷(19) | W6: Year | X6: Compensation of employees | Y6: Gross surplus | Z6: Net surplus | AA6: Total gross value added (22+(23) | AB6: Total net value added (22)+(24) | AC6: Wage share of gross value added (22)÷(25) | AD6: Wage share of net value added (22)÷(26) | AE6: Compensation of employees | AF6: Gross surplus | AG6: Net surplus | AH6: Total gross value added (29)+(30) | AI6: Total net value added (29)+(31) | AJ6: Wage share of gross value added | AK6: Wage share of net value added | AL6: Compensation of employees | AM6: Gross surplus | AN6: Net surplus | AO6: Total gross value added (36)+(37) | AP6: Total net value added (36)+(38) | AQ6: Wage share of gross value added (36)÷(39) | AR6: Wage share of net value added (36)÷(40) | AS6: Year | AT6: Compensation of employees trade only | AU6: Gross surplus trade only | AV6: Net surplus trade only | AW6: Total gross value added | AX6: Total net value added | AY6: Wage share of gross value added | AZ6: Wage share of net value added | BA6: Year | BB6: Compensation of employees incl restaurants and hotels | BC6: Gross surplus incl restaurants and hotels | BD6: Net surplus incl restaurants and hotels | BE6: Total gross value added incl restaurants and hotels | BF6: Total net value added incl restaurants and hotels | BG6: Wage share of gross value added, incl restaurants and hotels | BH6: Wage share of net value added, trade only | BI6: Year | BJ6: Compensation of employees | BK6: Gross surplus | BL6: Net surplus | BM6: Total gross value added | BN6: Total net value added | BO6: Wage share of gross value added | BP6: Wage share of net value added | BQ6: Compensation of employees | BR6: Gross surplus | BS6: Net surplus | BT6: Total gross value added | BU6: Total net value added | BV6: Wage share of gross value added | BW6: Wage share of net value added | BX6: Compensation of employees | BY6: Gross surplus | BZ6: Net surplus | CA6: Total gross value added | CB6: Total net value added | CC6: Wage share of gross value added | CD6: Wage share of net value added | CE6: Year | CF6: Compensation of employees | CG6: Gross surplus | CH6: Net surplus | CI6: Total gross value added | CJ6: Total net value added | CK6: Wage share of gross value added | CL6: Wage share of net value added | CM6: Compensation of employees | CN6: Gross surplus | CO6: Net surplus | CP6: Total gross value added | CQ6: Total net value added | CR6: Wage share of gross value added | CS6: Wage share of net value added | CT6: Compensation of employees | CU6: Gross surplus | CV6: Net surplus | CW6: Total gross value added | CX6: Total net value added | CY6: Wage share of gross value added | CZ6: Wage share of net value added | DA6: Year | DB6: Total compensation of employees from sectoral data | DC6: Total gross surplus | DD6: Total net surplus | DE6: Total gross value added from sectoral data | DF6: Total net value added from sectoral data | DG6: Wage share of gross value added from our sectoral data added up | DH6: Wage share of net value added from our sectoral data added up | DI6: Net adjusted value added from Table 1 | DJ6: Net value added from this table = (103) | DK6: % deviation [(107)-(106)]÷(105) | DL6: Wage share of adjusted NDI from Table 1 | DM6: Wage share of adjusted NDI from this table = (105) | DN6: deviation (110)-(109)
A7: 1947 | B7: 29 | C7: 142 | D7: 135.2 | E7: =B7+C7 -> 171 | F7: =B7+D7 -> 164.2 | G7: =B7/E7 -> 0.16959064 | H7: =B7/F7 -> 0.17661389 | I7: 3.4 | J7: 2.4 | K7: 1.2 | L7: =I7+J7 -> 5.8 | M7: =I7+K7 -> 4.6 | N7: =I7/L7 -> 0.5862069 | O7: =I7/M7 -> 0.73913043 | P7: 52.9 | Q7: 76.6 | R7: 66.4 | S7: =P7+Q7 -> 129.5 | T7: =P7+R7 -> 119.3 | U7: =P7/S7 -> 0.40849421 | V7: =P7/T7 -> 0.44341995 | W7: 1947 | X7: 12.8 | Y7: 11.4 | Z7: 11 | AA7: =X7+Y7 -> 24.2 | AB7: =X7+Z7 -> 23.8 | AC7: =X7/AA7 -> 0.52892562 | AD7: =X7/AB7 -> 0.53781513 | AE7: 3.7 | AF7: 11.6 | AG7: 10.2 | AH7: =AE7+AF7 -> 15.3 | AI7: =AE7+AG7 -> 13.9 | AJ7: =AE7/AH7 -> 0.24183007 | AK7: =AE7/AI7 -> 0.26618705 | AL7: 25.7 | AM7: 20.6 | AN7: 12.4 | AO7: =AL7+AM7 -> 46.3 | AP7: =AL7+AN7 -> 38.1 | AQ7: =AL7/AO7 -> 0.55507559 | AR7: =AL7/AP7 -> 0.67454068 | AS7: 1947 | BA7: 1947 | BI7: 1947 | BJ7: 6.2 | BK7: 39.2 | BL7: 38.6 | BM7: =BJ7+BL7 -> 44.8 | BN7: =BJ7+BL7 -> 44.8 | BO7: =BJ7/BM7 -> 0.13839286 | BP7: =BJ7/BN7 -> 0.13839286 | CE7: 1947 | CF7: 81.6 | CG7: 28.2 | CH7: 24.2 | CI7: =CF7+CG7 -> 109.8 | CJ7: =CF7+CH7 -> 105.8 | CK7: =CF7/CI7 -> 0.7431694 | CL7: =CF7/CJ7 -> 0.77126654 | CT7: 31.4 | CU7: 0 | CV7: 0 | CW7: =CT7+CU7 -> 31.4 | CX7: =CT7+CV7 -> 31.4 | CY7: =CT7/CW7 -> 1 | CZ7: =CT7/CX7 -> 1 | DA7: 1947 | DB7: =B7+I7+P7+X7+AE7+AL7+BJ7+CF7 -> 215.3 | DC7: =C7+J7+Q7+Y7+AF7+AM7+BK7+CG7 -> 332 | DD7: =D7+K7+R7+Z7+AG7+AN7+BL7+CH7 -> 299.2 | DE7: =DB7+DC7 -> 547.3 | DF7: =DB7+DD7 -> 514.5 | DG7: =DB7/DE7 -> 0.39338571 | DH7: =DB7/DF7 -> 0.41846453 | DI7: ='Table 1'!G13 -> 694.04174 | DJ7: =DF7 -> 514.5 | DK7: =(DJ7-DI7)/DI7 -> -0.25869012 | DL7: ='Table 1'!M13 -> 0.54053069 | DM7: =DH7 -> 0.41846453 | DN7: =DM7-DL7 -> -0.12206616
A8: 1948 | B8: 30.6 | C8: 176 | D8: 168.2 | E8: =B8+C8 -> 206.6 | F8: =B8+D8 -> 198.8 | G8: =B8/E8 -> 0.14811229 | H8: =B8/F8 -> 0.15392354 | I8: 3.6 | J8: 2.4 | K8: 1.2 | L8: =I8+J8 -> 6 | M8: =I8+K8 -> 4.8 | N8: =I8/L8 -> 0.6 | O8: =I8/M8 -> 0.75 | P8: 60.2 | Q8: 84 | R8: 70.8 | S8: =P8+Q8 -> 144.2 | T8: =P8+R8 -> 131 | U8: =P8/S8 -> 0.41747573 | V8: =P8/T8 -> 0.45954198 | W8: 1948 | X8: 14.4 | Y8: 12.4 | Z8: 11.8 | AA8: =X8+Y8 -> 26.8 | AB8: =X8+Z8 -> 26.2 | AC8: =X8/AA8 -> 0.53731343 | AD8: =X8/AB8 -> 0.54961832 | AE8: 4 | AF8: 11.2 | AG8: 9.8 | AH8: =AE8+AF8 -> 15.2 | AI8: =AE8+AG8 -> 13.8 | AJ8: =AE8/AH8 -> 0.26315789 | AK8: =AE8/AI8 -> 0.28985507 | AL8: 28.6 | AM8: 19.2 | AN8: 10.2 | AO8: =AL8+AM8 -> 47.8 | AP8: =AL8+AN8 -> 38.8 | AQ8: =AL8/AO8 -> 0.59832636 | AR8: =AL8/AP8 -> 0.7371134 | AS8: 1948 | BA8: 1948 | BI8: 1948 | BJ8: 6.75 | BK8: 41.2 | BL8: 40.5 | BM8: =BJ8+BL8 -> 47.25 | BN8: =BJ8+BL8 -> 47.25 | BO8: =BJ8/BM8 -> 0.14285714 | BP8: =BJ8/BN8 -> 0.14285714 | CE8: 1948 | CF8: 87 | CG8: 29.6 | CH8: 25.8 | CI8: =CF8+CG8 -> 116.6 | CJ8: =CF8+CH8 -> 112.8 | CK8: =CF8/CI8 -> 0.74614065 | CL8: =CF8/CJ8 -> 0.7712766 | CT8: 31.6 | CU8: 0 | CV8: 0 | CW8: =CT8+CU8 -> 31.6 | CX8: =CT8+CV8 -> 31.6 | CY8: =CT8/CW8 -> 1 | CZ8: =CT8/CX8 -> 1 | DA8: 1948 | DB8: =B8+I8+P8+X8+AE8+AL8+BJ8+CF8 -> 235.15 | DC8: =C8+J8+Q8+Y8+AF8+AM8+BK8+CG8 -> 376 | DD8: =D8+K8+R8+Z8+AG8+AN8+BL8+CH8 -> 338.3 | DE8: =DB8+DC8 -> 611.15 | DF8: =DB8+DD8 -> 573.45 | DG8: =DB8/DE8 -> 0.38476642 | DH8: =DB8/DF8 -> 0.41006191 | DI8: ='Table 1'!G14 -> 781.00838 | DJ8: =DF8 -> 573.45 | DK8: =(DJ8-DI8)/DI8 -> -0.26575692 | DL8: ='Table 1'!M14 -> 0.53330241 | DM8: =DH8 -> 0.41006191 | DN8: =DM8-DL8 -> -0.1232405
A9: 1949 | B9: 32 | C9: 188.6 | D9: 179.8 | E9: =B9+C9 -> 220.6 | F9: =B9+D9 -> 211.8 | G9: =B9/E9 -> 0.14505893 | H9: =B9/F9 -> 0.15108593 | I9: 3.8 | J9: 3 | K9: 1.6 | L9: =I9+J9 -> 6.8 | M9: =I9+K9 -> 5.4 | N9: =I9/L9 -> 0.55882353 | O9: =I9/M9 -> 0.7037037 | P9: 64 | Q9: 91.8 | R9: 76.8 | S9: =P9+Q9 -> 155.8 | T9: =P9+R9 -> 140.8 | U9: =P9/S9 -> 0.41078306 | V9: =P9/T9 -> 0.45454545 | W9: 1949 | X9: 15.9 | Y9: 13.4 | Z9: 12.8 | AA9: =X9+Y9 -> 29.3 | AB9: =X9+Z9 -> 28.7 | AC9: =X9/AA9 -> 0.54266212 | AD9: =X9/AB9 -> 0.55400697 | AE9: 4.5 | AF9: 12.2 | AG9: 10.6 | AH9: =AE9+AF9 -> 16.7 | AI9: =AE9+AG9 -> 15.1 | AJ9: =AE9/AH9 -> 0.26946108 | AK9: =AE9/AI9 -> 0.29801325 | AL9: 32.2 | AM9: 17.8 | AN9: 8.2 | AO9: =AL9+AM9 -> 50 | AP9: =AL9+AN9 -> 40.4 | AQ9: =AL9/AO9 -> 0.644 | AR9: =AL9/AP9 -> 0.7970297 | AS9: 1949 | BA9: 1949 | BI9: 1949 | BJ9: 7.3 | BK9: 43.2 | BL9: 42.4 | BM9: =BJ9+BL9 -> 49.7 | BN9: =BJ9+BL9 -> 49.7 | BO9: =BJ9/BM9 -> 0.14688129 | BP9: =BJ9/BN9 -> 0.14688129 | CE9: 1949 | CF9: 89.2 | CG9: 32.4 | CH9: 28 | CI9: =CF9+CG9 -> 121.6 | CJ9: =CF9+CH9 -> 117.2 | CK9: =CF9/CI9 -> 0.73355263 | CL9: =CF9/CJ9 -> 0.76109215 | CT9: 28 | CU9: 0 | CV9: 0 | CW9: =CT9+CU9 -> 28 | CX9: =CT9+CV9 -> 28 | CY9: =CT9/CW9 -> 1 | CZ9: =CT9/CX9 -> 1 | DA9: 1949 | DB9: =B9+I9+P9+X9+AE9+AL9+BJ9+CF9 -> 248.9 | DC9: =C9+J9+Q9+Y9+AF9+AM9+BK9+CG9 -> 402.4 | DD9: =D9+K9+R9+Z9+AG9+AN9+BL9+CH9 -> 360.2 | DE9: =DB9+DC9 -> 651.3 | DF9: =DB9+DD9 -> 609.1 | DG9: =DB9/DE9 -> 0.38215876 | DH9: =DB9/DF9 -> 0.40863569 | DI9: ='Table 1'!G15 -> 796.29616 | DJ9: =DF9 -> 609.1 | DK9: =(DJ9-DI9)/DI9 -> -0.23508359 | DL9: ='Table 1'!M15 -> 0.55930372 | DM9: =DH9 -> 0.40863569 | DN9: =DM9-DL9 -> -0.15066803
A10: 1950 | B10: 34.1 | C10: 230 | D10: 219.6 | E10: =B10+C10 -> 264.1 | F10: =B10+D10 -> 253.7 | G10: =B10/E10 -> 0.12911776 | H10: =B10/F10 -> 0.13441072 | I10: 4 | J10: 3.6 | K10: 2 | L10: =I10+J10 -> 7.6 | M10: =I10+K10 -> 6 | N10: =I10/L10 -> 0.52631579 | O10: =I10/M10 -> 0.66666667 | P10: 70.4 | Q10: 101 | R10: 84.4 | S10: =P10+Q10 -> 171.4 | T10: =P10+R10 -> 154.8 | U10: =P10/S10 -> 0.41073512 | V10: =P10/T10 -> 0.45478036 | W10: 1950 | X10: 17.6 | Y10: 14.8 | Z10: 14.2 | AA10: =X10+Y10 -> 32.4 | AB10: =X10+Z10 -> 31.8 | AC10: =X10/AA10 -> 0.54320988 | AD10: =X10/AB10 -> 0.55345912 | AE10: 4.9 | AF10: 12.4 | AG10: 10.8 | AH10: =AE10+AF10 -> 17.3 | AI10: =AE10+AG10 -> 15.7 | AJ10: =AE10/AH10 -> 0.28323699 | AK10: =AE10/AI10 -> 0.31210191 | AL10: 35.1 | AM10: 21.4 | AN10: 10.8 | AO10: =AL10+AM10 -> 56.5 | AP10: =AL10+AN10 -> 45.9 | AQ10: =AL10/AO10 -> 0.62123894 | AR10: =AL10/AP10 -> 0.76470588 | AS10: 1950 | BA10: 1950 | BI10: 1950 | BJ10: 7.8 | BK10: 43.8 | BL10: 42.8 | BM10: =BJ10+BL10 -> 50.6 | BN10: =BJ10+BL10 -> 50.6 | BO10: =BJ10/BM10 -> 0.1541502 | BP10: =BJ10/BN10 -> 0.1541502 | CE10: 1950 | CF10: 102.4 | CG10: 36 | CH10: 31.2 | CI10: =CF10+CG10 -> 138.4 | CJ10: =CF10+CH10 -> 133.6 | CK10: =CF10/CI10 -> 0.73988439 | CL10: =CF10/CJ10 -> 0.76646707 | CT10: 30.4 | CU10: 0 | CV10: 0 | CW10: =CT10+CU10 -> 30.4 | CX10: =CT10+CV10 -> 30.4 | CY10: =CT10/CW10 -> 1 | CZ10: =CT10/CX10 -> 1 | DA10: 1950 | DB10: =B10+I10+P10+X10+AE10+AL10+BJ10+CF10 -> 276.3 | DC10: =C10+J10+Q10+Y10+AF10+AM10+BK10+CG10 -> 463 | DD10: =D10+K10+R10+Z10+AG10+AN10+BL10+CH10 -> 415.8 | DE10: =DB10+DC10 -> 739.3 | DF10: =DB10+DD10 -> 692.1 | DG10: =DB10/DE10 -> 0.37373191 | DH10: =DB10/DF10 -> 0.39921977 | DI10: ='Table 1'!G16 -> 899.18052 | DJ10: =DF10 -> 692.1 | DK10: =(DJ10-DI10)/DI10 -> -0.23029917 | DL10: ='Table 1'!M16 -> 0.54451799 | DM10: =DH10 -> 0.39921977 | DN10: =DM10-DL10 -> -0.14529822
A11: 1951 | B11: 38.3 | C11: 373.2 | D11: 360 | E11: =B11+C11 -> 411.5 | F11: =B11+D11 -> 398.3 | G11: =B11/E11 -> 0.093074119 | H11: =B11/F11 -> 0.096158674 | I11: 3.9 | J11: 4 | K11: 2.2 | L11: =I11+J11 -> 7.9 | M11: =I11+K11 -> 6.1 | N11: =I11/L11 -> 0.49367089 | O11: =I11/M11 -> 0.63934426 | P11: 81.4 | Q11: 105.2 | R11: 85.4 | S11: =P11+Q11 -> 186.6 | T11: =P11+R11 -> 166.8 | U11: =P11/S11 -> 0.43622722 | V11: =P11/T11 -> 0.48800959 | W11: 1951 | X11: 19.5 | Y11: 19 | Z11: 18.2 | AA11: =X11+Y11 -> 38.5 | AB11: =X11+Z11 -> 37.7 | AC11: =X11/AA11 -> 0.50649351 | AD11: =X11/AB11 -> 0.51724138 | AE11: 5.4 | AF11: 12 | AG11: 10.4 | AH11: =AE11+AF11 -> 17.4 | AI11: =AE11+AG11 -> 15.8 | AJ11: =AE11/AH11 -> 0.31034483 | AK11: =AE11/AI11 -> 0.34177215 | AL11: 38 | AM11: 20.4 | AN11: 9.2 | AO11: =AL11+AM11 -> 58.4 | AP11: =AL11+AN11 -> 47.2 | AQ11: =AL11/AO11 -> 0.65068493 | AR11: =AL11/AP11 -> 0.80508475 | AS11: 1951 | BA11: 1951 | BI11: 1951 | BJ11: 8.6 | BK11: 52 | BL11: 51 | BM11: =BJ11+BL11 -> 59.6 | BN11: =BJ11+BL11 -> 59.6 | BO11: =BJ11/BM11 -> 0.1442953 | BP11: =BJ11/BN11 -> 0.1442953 | CE11: 1951 | CF11: 119.6 | CG11: 40.4 | CH11: 35.2 | CI11: =CF11+CG11 -> 160 | CJ11: =CF11+CH11 -> 154.8 | CK11: =CF11/CI11 -> 0.7475 | CL11: =CF11/CJ11 -> 0.77260982 | CT11: 34.8 | CU11: 0 | CV11: 0 | CW11: =CT11+CU11 -> 34.8 | CX11: =CT11+CV11 -> 34.8 | CY11: =CT11/CW11 -> 1 | CZ11: =CT11/CX11 -> 1 | DA11: 1951 | DB11: =B11+I11+P11+X11+AE11+AL11+BJ11+CF11 -> 314.7 | DC11: =C11+J11+Q11+Y11+AF11+AM11+BK11+CG11 -> 626.2 | DD11: =D11+K11+R11+Z11+AG11+AN11+BL11+CH11 -> 571.6 | DE11: =DB11+DC11 -> 940.9 | DF11: =DB11+DD11 -> 886.3 | DG11: =DB11/DE11 -> 0.334467 | DH11: =DB11/DF11 -> 0.35507165 | DI11: ='Table 1'!G17 -> 1155.6355 | DJ11: =DF11 -> 886.3 | DK11: =(DJ11-DI11)/DI11 -> -0.23306267 | DL11: ='Table 1'!M17 -> 0.47362295 | DM11: =DH11 -> 0.35507165 | DN11: =DM11-DL11 -> -0.1185513
A12: 1952 | B12: 44.2 | C12: 257.8 | D12: 241.8 | E12: =B12+C12 -> 302 | F12: =B12+D12 -> 286 | G12: =B12/E12 -> 0.14635762 | H12: =B12/F12 -> 0.15454545 | I12: 3.9 | J12: 4.4 | K12: 2.4 | L12: =I12+J12 -> 8.3 | M12: =I12+K12 -> 6.3 | N12: =I12/L12 -> 0.46987952 | O12: =I12/M12 -> 0.61904762 | P12: 93.9 | Q12: 128.4 | R12: 110.4 | S12: =P12+Q12 -> 222.3 | T12: =P12+R12 -> 204.3 | U12: =P12/S12 -> 0.42240216 | V12: =P12/T12 -> 0.45961821 | W12: 1952 | X12: 21.5 | Y12: 22.6 | Z12: 21.6 | AA12: =X12+Y12 -> 44.1 | AB12: =X12+Z12 -> 43.1 | AC12: =X12/AA12 -> 0.48752834 | AD12: =X12/AB12 -> 0.49883991 | AE12: 6.3 | AF12: 15.2 | AG12: 13.4 | AH12: =AE12+AF12 -> 21.5 | AI12: =AE12+AG12 -> 19.7 | AJ12: =AE12/AH12 -> 0.29302326 | AK12: =AE12/AI12 -> 0.31979695 | AL12: 43.7 | AM12: 24.8 | AN12: 11.6 | AO12: =AL12+AM12 -> 68.5 | AP12: =AL12+AN12 -> 55.3 | AQ12: =AL12/AO12 -> 0.6379562 | AR12: =AL12/AP12 -> 0.79023508 | AS12: 1952 | BA12: 1952 | BI12: 1952 | BJ12: 10.4 | BK12: 57 | BL12: 55.8 | BM12: =BJ12+BL12 -> 66.2 | BN12: =BJ12+BL12 -> 66.2 | BO12: =BJ12/BM12 -> 0.1570997 | BP12: =BJ12/BN12 -> 0.1570997 | CE12: 1952 | CF12: 136 | CG12: 45.4 | CH12: 39.4 | CI12: =CF12+CG12 -> 181.4 | CJ12: =CF12+CH12 -> 175.4 | CK12: =CF12/CI12 -> 0.74972437 | CL12: =CF12/CJ12 -> 0.77537058 | CT12: 42.6 | CU12: 0 | CV12: 0 | CW12: =CT12+CU12 -> 42.6 | CX12: =CT12+CV12 -> 42.6 | CY12: =CT12/CW12 -> 1 | CZ12: =CT12/CX12 -> 1 | DA12: 1952 | DB12: =B12+I12+P12+X12+AE12+AL12+BJ12+CF12 -> 359.9 | DC12: =C12+J12+Q12+Y12+AF12+AM12+BK12+CG12 -> 555.6 | DD12: =D12+K12+R12+Z12+AG12+AN12+BL12+CH12 -> 496.4 | DE12: =DB12+DC12 -> 915.5 | DF12: =DB12+DD12 -> 856.3 | DG12: =DB12/DE12 -> 0.39311851 | DH12: =DB12/DF12 -> 0.42029663 | DI12: ='Table 1'!G18 -> 1177.72 | DJ12: =DF12 -> 856.3 | DK12: =(DJ12-DI12)/DI12 -> -0.27291714 | DL12: ='Table 1'!M18 -> 0.54886884 | DM12: =DH12 -> 0.42029663 | DN12: =DM12-DL12 -> -0.12857222
A13: 1953 | B13: 45.8 | C13: 283.6 | D13: 265.6 | E13: =B13+C13 -> 329.4 | F13: =B13+D13 -> 311.4 | G13: =B13/E13 -> 0.13904068 | H13: =B13/F13 -> 0.14707771 | I13: 4.4 | J13: 4.2 | K13: 2.2 | L13: =I13+J13 -> 8.6 | M13: =I13+K13 -> 6.6 | N13: =I13/L13 -> 0.51162791 | O13: =I13/M13 -> 0.66666667 | P13: 99.3 | Q13: 134 | R13: 113.4 | S13: =P13+Q13 -> 233.3 | T13: =P13+R13 -> 212.7 | U13: =P13/S13 -> 0.42563223 | V13: =P13/T13 -> 0.46685472 | W13: 1953 | X13: 23.4 | Y13: 25.2 | Z13: 24.2 | AA13: =X13+Y13 -> 48.6 | AB13: =X13+Z13 -> 47.6 | AC13: =X13/AA13 -> 0.48148148 | AD13: =X13/AB13 -> 0.49159664 | AE13: 7.1 | AF13: 14 | AG13: 11.8 | AH13: =AE13+AF13 -> 21.1 | AI13: =AE13+AG13 -> 18.9 | AJ13: =AE13/AH13 -> 0.33649289 | AK13: =AE13/AI13 -> 0.37566138 | AL13: 47.9 | AM13: 25.6 | AN13: 11.8 | AO13: =AL13+AM13 -> 73.5 | AP13: =AL13+AN13 -> 59.7 | AQ13: =AL13/AO13 -> 0.65170068 | AR13: =AL13/AP13 -> 0.80234506 | AS13: 1953 | AT13: 102.8 | AU13: 130.6 | AV13: 118.8 | AW13: =AT13+AU13 -> 233.4 | AX13: =AT13+AV13 -> 221.6 | AY13: =AT13/AW13 -> 0.44044559 | AZ13: =AT13/AX13 -> 0.46389892 | BA13: 1953 | BI13: 1953 | BJ13: 11.3 | BK13: 62.2 | BL13: 61 | BM13: =BJ13+BL13 -> 72.3 | BN13: =BJ13+BL13 -> 72.3 | BO13: =BJ13/BM13 -> 0.15629322 | BP13: =BJ13/BN13 -> 0.15629322 | CE13: 1953 | CF13: 149.4 | CG13: 46.8 | CH13: 40.4 | CI13: =CF13+CG13 -> 196.2 | CJ13: =CF13+CH13 -> 189.8 | CK13: =CF13/CI13 -> 0.76146789 | CL13: =CF13/CJ13 -> 0.78714436 | CT13: 49.2 | CU13: 0 | CV13: 0 | CW13: =CT13+CU13 -> 49.2 | CX13: =CT13+CV13 -> 49.2 | CY13: =CT13/CW13 -> 1 | CZ13: =CT13/CX13 -> 1 | DA13: 1953 | DB13: =B13+I13+P13+X13+AE13+AL13+BJ13+CF13 -> 388.6 | DC13: =C13+J13+Q13+Y13+AF13+AM13+BK13+CG13 -> 595.6 | DD13: =D13+K13+R13+Z13+AG13+AN13+BL13+CH13 -> 530.4 | DE13: =DB13+DC13 -> 984.2 | DF13: =DB13+DD13 -> 919 | DG13: =DB13/DE13 -> 0.39483845 | DH13: =DB13/DF13 -> 0.42285092 | DI13: ='Table 1'!G19 -> 1236.6125 | DJ13: =DF13 -> 919 | DK13: =(DJ13-DI13)/DI13 -> -0.25684077 | DL13: ='Table 1'!M19 -> 0.55773367 | DM13: =DH13 -> 0.42285092 | DN13: =DM13-DL13 -> -0.13488274
A14: 1954 | B14: 49.2 | C14: 306.8 | D14: 282 | E14: =B14+C14 -> 356 | F14: =B14+D14 -> 331.2 | G14: =B14/E14 -> 0.13820225 | H14: =B14/F14 -> 0.14855072 | I14: 4.4 | J14: 4 | K14: 2 | L14: =I14+J14 -> 8.4 | M14: =I14+K14 -> 6.4 | N14: =I14/L14 -> 0.52380952 | O14: =I14/M14 -> 0.6875 | P14: 118.8 | Q14: 152.6 | R14: 129.6 | S14: =P14+Q14 -> 271.4 | T14: =P14+R14 -> 248.4 | U14: =P14/S14 -> 0.43773029 | V14: =P14/T14 -> 0.47826087 | W14: 1954 | X14: 27.6 | Y14: 28 | Z14: 26.8 | AA14: =X14+Y14 -> 55.6 | AB14: =X14+Z14 -> 54.4 | AC14: =X14/AA14 -> 0.49640288 | AD14: =X14/AB14 -> 0.50735294 | AE14: 8.2 | AF14: 21.4 | AG14: 18.4 | AH14: =AE14+AF14 -> 29.6 | AI14: =AE14+AG14 -> 26.6 | AJ14: =AE14/AH14 -> 0.27702703 | AK14: =AE14/AI14 -> 0.30827068 | AL14: 50 | AM14: 31 | AN14: 15.4 | AO14: =AL14+AM14 -> 81 | AP14: =AL14+AN14 -> 65.4 | AQ14: =AL14/AO14 -> 0.61728395 | AR14: =AL14/AP14 -> 0.76452599 | AS14: 1954 | AT14: 129.535 | AU14: 139.79 | AV14: 123.955 | AW14: =AT14+AU14 -> 269.325 | AX14: =AT14+AV14 -> 253.49 | AY14: =AT14/AW14 -> 0.48096166 | AZ14: =AT14/AX14 -> 0.51100635 | BA14: 1954 | BI14: 1954 | BJ14: 12.2 | BK14: 73.2 | BL14: 72 | BM14: =BJ14+BL14 -> 84.2 | BN14: =BJ14+BL14 -> 84.2 | BO14: =BJ14/BM14 -> 0.14489311 | BP14: =BJ14/BN14 -> 0.14489311 | CE14: 1954 | CF14: 154 | CG14: 49.175 | CH14: 42.815 | CI14: =CF14+CG14 -> 203.175 | CJ14: =CF14+CH14 -> 196.815 | CK14: =CF14/CI14 -> 0.75796727 | CL14: =CF14/CJ14 -> 0.78246069 | DA14: 1954 | DB14: =B14+I14+P14+X14+AE14+AL14+BJ14+CF14 -> 424.4 | DC14: =C14+J14+Q14+Y14+AF14+AM14+BK14+CG14 -> 666.175 | DD14: =D14+K14+R14+Z14+AG14+AN14+BL14+CH14 -> 589.015 | DE14: =DB14+DC14 -> 1090.575 | DF14: =DB14+DD14 -> 1013.415 | DG14: =DB14/DE14 -> 0.38915251 | DH14: =DB14/DF14 -> 0.41878204 | DI14: ='Table 1'!G20 -> 1377.7186 | DJ14: =DF14 -> 1013.415 | DK14: =(DJ14-DI14)/DI14 -> -0.26442525 | DL14: ='Table 1'!M20 -> 0.55367385 | DM14: =DH14 -> 0.41878204 | DN14: =DM14-DL14 -> -0.13489181
A15: 1955 | B15: 72.04 | C15: 348.25 | D15: 318.01 | E15: =B15+C15 -> 420.29 | F15: =B15+D15 -> 390.05 | G15: =B15/E15 -> 0.17140546 | H15: =B15/F15 -> 0.18469427 | I15: 12.76 | J15: 4.74 | K15: 1.61 | L15: =I15+J15 -> 17.5 | M15: =I15+K15 -> 14.37 | N15: =I15/L15 -> 0.72914286 | O15: =I15/M15 -> 0.88796103 | P15: 229.97 | Q15: 144.35 | R15: 115.95 | S15: =P15+Q15 -> 374.32 | T15: =P15+R15 -> 345.92 | U15: =P15/S15 -> 0.61436739 | V15: =P15/T15 -> 0.66480689 | W15: 1955 | X15: 99.68 | Y15: 57.46 | Z15: 47.69 | AA15: =X15+Y15 -> 157.14 | AB15: =X15+Z15 -> 147.37 | AC15: =X15/AA15 -> 0.63433881 | AD15: =X15/AB15 -> 0.67639275 | AE15: 10.53 | AF15: 21.94 | AG15: 15.9 | AH15: =AE15+AF15 -> 32.47 | AI15: =AE15+AG15 -> 26.43 | AJ15: =AE15/AH15 -> 0.32429935 | AK15: =AE15/AI15 -> 0.3984109 | AL15: 115.92 | AM15: 57.33 | AN15: 39.72 | AO15: =AL15+AM15 -> 173.25 | AP15: =AL15+AN15 -> 155.64 | AQ15: =AL15/AO15 -> 0.66909091 | AR15: =AL15/AP15 -> 0.74479568 | AS15: 1955 | AT15: 156.27 | AU15: 148.98 | AV15: 129.11 | AW15: =AT15+AU15 -> 305.25 | AX15: =AT15+AV15 -> 285.38 | AY15: =AT15/AW15 -> 0.51194103 | AZ15: =AT15/AX15 -> 0.54758568 | BA15: 1955 | BI15: 1955 | BJ15: 35.54 | BK15: 10.69 | BL15: 5.08 | BM15: =BJ15+BL15 -> 40.62 | BN15: =BJ15+BL15 -> 40.62 | BO15: =BJ15/BM15 -> 0.87493845 | BP15: =BJ15/BN15 -> 0.87493845 | CE15: 1955 | CF15: 154.73 | CG15: 51.55 | CH15: 45.23 | CI15: =CF15+CG15 -> 206.28 | CJ15: =CF15+CH15 -> 199.96 | CK15: =CF15/CI15 -> 0.75009696 | CL15: =CF15/CJ15 -> 0.77380476 | CT15: 93.61 | CU15: 2.29 | CV15: 2.29 | CW15: =CT15+CU15 -> 95.9 | CX15: =CT15+CV15 -> 95.9 | CY15: =CT15/CW15 -> 0.97612096 | CZ15: =CT15/CX15 -> 0.97612096 | DA15: 1955 | DB15: =B15+I15+P15+X15+AE15+AL15+AT15+BJ15+CF15 -> 887.44 | DC15: =C15+J15+Q15+Y15+AF15+AM15+AU15+BQ15+CG15 -> 834.6 | DD15: =D15+K15+R15+Z15+AG15+AN15+AV15+BL15+CH15 -> 718.3 | DE15: =DB15+DC15 -> 1722.04 | DF15: =DB15+DD15 -> 1605.74 | DG15: =DB15/DE15 -> 0.51534227 | DH15: =DB15/DF15 -> 0.55266731 | DI15: ='Table 1'!G21 -> 1508.0355 | DJ15: =DF15 -> 1605.74 | DK15: =(DJ15-DI15)/DI15 -> 0.064789253 | DL15: ='Table 1'!M21 -> 0.56514969 | DM15: =DH15 -> 0.55266731 | DN15: =DM15-DL15 -> -0.012482388
A16: 1956 | B16: 75.17 | C16: 341.77 | D16: 309.22 | E16: =B16+C16 -> 416.94 | F16: =B16+D16 -> 384.39 | G16: =B16/E16 -> 0.18028973 | H16: =B16/F16 -> 0.1955566 | I16: 14.2 | J16: 5.5 | K16: 1.86 | L16: =I16+J16 -> 19.7 | M16: =I16+K16 -> 16.06 | N16: =I16/L16 -> 0.72081218 | O16: =I16/M16 -> 0.88418431 | P16: 250.06 | Q16: 146.92 | R16: 113.67 | S16: =P16+Q16 -> 396.98 | T16: =P16+R16 -> 363.73 | U16: =P16/S16 -> 0.62990579 | V16: =P16/T16 -> 0.68748797 | W16: 1956 | X16: 112.36 | Y16: 56.74 | Z16: 46.9 | AA16: =X16+Y16 -> 169.1 | AB16: =X16+Z16 -> 159.26 | AC16: =X16/AA16 -> 0.6644589 | AD16: =X16/AB16 -> 0.705513 | AE16: 11.1 | AF16: 23.65 | AG16: 17.56 | AH16: =AE16+AF16 -> 34.75 | AI16: =AE16+AG16 -> 28.66 | AJ16: =AE16/AH16 -> 0.31942446 | AK16: =AE16/AI16 -> 0.38729937 | AL16: 123.08 | AM16: 57.614 | AN16: 39.66 | AO16: =AL16+AM16 -> 180.694 | AP16: =AL16+AN16 -> 162.74 | AQ16: =AL16/AO16 -> 0.68115156 | AR16: =AL16/AP16 -> 0.75629839 | AS16: 1956 | AT16: 162.89 | AU16: 154.53 | AV16: 133.88 | AW16: =AT16+AU16 -> 317.42 | AX16: =AT16+AV16 -> 296.77 | AY16: =AT16/AW16 -> 0.51316867 | AZ16: =AT16/AX16 -> 0.54887623 | BA16: 1956 | BI16: 1956 | BJ16: 38.16 | BK16: 11.44 | BL16: 5.43 | BM16: =BJ16+BL16 -> 43.59 | BN16: =BJ16+BL16 -> 43.59 | BO16: =BJ16/BM16 -> 0.87543014 | BP16: =BJ16/BN16 -> 0.87543014 | CE16: 1956 | CF16: 174.65 | CG16: 55.67 | CH16: 48.78 | CI16: =CF16+CG16 -> 230.32 | CJ16: =CF16+CH16 -> 223.43 | CK16: =CF16/CI16 -> 0.75829281 | CL16: =CF16/CJ16 -> 0.78167659 | CT16: 108.07 | CU16: 2.48 | CV16: 2.48 | CW16: =CT16+CU16 -> 110.55 | CX16: =CT16+CV16 -> 110.55 | CY16: =CT16/CW16 -> 0.97756671 | CZ16: =CT16/CX16 -> 0.97756671 | DA16: 1956 | DB16: =B16+I16+P16+X16+AE16+AL16+AT16+BJ16+CF16 -> 961.67 | DC16: =C16+J16+Q16+Y16+AF16+AM16+AU16+BQ16+CG16 -> 842.394 | DD16: =D16+K16+R16+Z16+AG16+AN16+AV16+BL16+CH16 -> 716.96 | DE16: =DB16+DC16 -> 1804.064 | DF16: =DB16+DD16 -> 1678.63 | DG16: =DB16/DE16 -> 0.53305759 | DH16: =DB16/DF16 -> 0.5728898 | DI16: ='Table 1'!G22 -> 1584.3138 | DJ16: =DF16 -> 1678.63 | DK16: =(DJ16-DI16)/DI16 -> 0.059531234 | DL16: ='Table 1'!M22 -> 0.58347669 | DM16: =DH16 -> 0.5728898 | DN16: =DM16-DL16 -> -0.010586896
A17: 1957 | B17: 79.87 | C17: 376.01 | D17: 340.34 | E17: =B17+C17 -> 455.88 | F17: =B17+D17 -> 420.21 | G17: =B17/E17 -> 0.17519961 | H17: =B17/F17 -> 0.19007163 | I17: 14.01 | J17: 5.92 | K17: 1.96 | L17: =I17+J17 -> 19.93 | M17: =I17+K17 -> 15.97 | N17: =I17/L17 -> 0.70296036 | O17: =I17/M17 -> 0.87726988 | P17: 253.12 | Q17: 143.85 | R17: 106.34 | S17: =P17+Q17 -> 396.97 | T17: =P17+R17 -> 359.46 | U17: =P17/S17 -> 0.63763005 | V17: =P17/T17 -> 0.70416736 | W17: 1957 | X17: 113.17 | Y17: 56.05 | Z17: 45.89 | AA17: =X17+Y17 -> 169.22 | AB17: =X17+Z17 -> 159.06 | AC17: =X17/AA17 -> 0.66877438 | AD17: =X17/AB17 -> 0.71149252 | AE17: 12.19 | AF17: 26.45 | AG17: 18.48 | AH17: =AE17+AF17 -> 38.64 | AI17: =AE17+AG17 -> 30.67 | AJ17: =AE17/AH17 -> 0.31547619 | AK17: =AE17/AI17 -> 0.3974568 | AL17: 132.45 | AM17: 59.46 | AN17: 39.64 | AO17: =AL17+AM17 -> 191.91 | AP17: =AL17+AN17 -> 172.09 | AQ17: =AL17/AO17 -> 0.69016727 | AR17: =AL17/AP17 -> 0.76965541 | AS17: 1957 | AT17: 172.34 | AU17: 157.01 | AV17: 135.41 | AW17: =AT17+AU17 -> 329.35 | AX17: =AT17+AV17 -> 307.75 | AY17: =AT17/AW17 -> 0.52327311 | AZ17: =AT17/AX17 -> 0.56 | BA17: 1957 | BI17: 1957 | BJ17: 42.07 | BK17: 12.28 | BL17: 5.73 | BM17: =BJ17+BL17 -> 47.8 | BN17: =BJ17+BL17 -> 47.8 | BO17: =BJ17/BM17 -> 0.88012552 | BP17: =BJ17/BN17 -> 0.88012552 | CE17: 1957 | CF17: 196.48 | CG17: 59.29 | CH17: 51.72 | CI17: =CF17+CG17 -> 255.77 | CJ17: =CF17+CH17 -> 248.2 | CK17: =CF17/CI17 -> 0.76819017 | CL17: =CF17/CJ17 -> 0.79161966 | CT17: 122.96 | CU17: 2.82 | CV17: 2.82 | CW17: =CT17+CU17 -> 125.78 | CX17: =CT17+CV17 -> 125.78 | CY17: =CT17/CW17 -> 0.9775799 | CZ17: =CT17/CX17 -> 0.9775799 | DA17: 1957 | DB17: =B17+I17+P17+X17+AE17+AL17+AT17+BJ17+CF17 -> 1015.7 | DC17: =C17+J17+Q17+Y17+AF17+AM17+AU17+BQ17+CG17 -> 884.04 | DD17: =D17+K17+R17+Z17+AG17+AN17+AV17+BL17+CH17 -> 745.51 | DE17: =DB17+DC17 -> 1899.74 | DF17: =DB17+DD17 -> 1761.21 | DG17: =DB17/DE17 -> 0.53465211 | DH17: =DB17/DF17 -> 0.57670579 | DI17: ='Table 1'!G23 -> 1665.4618 | DJ17: =DF17 -> 1761.21 | DK17: =(DJ17-DI17)/DI17 -> 0.057490503 | DL17: ='Table 1'!M23 -> 0.58565874 | DM17: =DH17 -> 0.57670579 | DN17: =DM17-DL17 -> -0.0089529542
A18: 1958 | B18: 84.9 | C18: 368.9 | D18: 330.29 | E18: =B18+C18 -> 453.8 | F18: =B18+D18 -> 415.19 | G18: =B18/E18 -> 0.18708682 | H18: =B18/F18 -> 0.20448469 | I18: 14.96 | J18: 5.97 | K18: 1.94 | L18: =I18+J18 -> 20.93 | M18: =I18+K18 -> 16.9 | N18: =I18/L18 -> 0.7147635 | O18: =I18/M18 -> 0.8852071 | P18: 285.4 | Q18: 158.781 | R18: 116.791 | S18: =P18+Q18 -> 444.181 | T18: =P18+R18 -> 402.191 | U18: =P18/S18 -> 0.64253086 | V18: =P18/T18 -> 0.70961309 | W18: 1958 | X18: 119.3 | Y18: 59.71 | Z18: 48.67 | AA18: =X18+Y18 -> 179.01 | AB18: =X18+Z18 -> 167.97 | AC18: =X18/AA18 -> 0.66644322 | AD18: =X18/AB18 -> 0.71024588 | AE18: 13.56 | AF18: 28.92 | AG18: 20.65 | AH18: =AE18+AF18 -> 42.48 | AI18: =AE18+AG18 -> 34.21 | AJ18: =AE18/AH18 -> 0.31920904 | AK18: =AE18/AI18 -> 0.39637533 | AL18: 139.15 | AM18: 61.49 | AN18: 39.71 | AO18: =AL18+AM18 -> 200.64 | AP18: =AL18+AN18 -> 178.86 | AQ18: =AL18/AO18 -> 0.6935307 | AR18: =AL18/AP18 -> 0.77798278 | AS18: 1958 | AT18: 182.55 | AU18: 163.18 | AV18: 140.17 | AW18: =AT18+AU18 -> 345.73 | AX18: =AT18+AV18 -> 322.72 | AY18: =AT18/AW18 -> 0.52801319 | AZ18: =AT18/AX18 -> 0.56566063 | BA18: 1958 | BI18: 1958 | BJ18: 45.55 | BK18: 13.18 | BL18: 6.05 | BM18: =BJ18+BL18 -> 51.6 | BN18: =BJ18+BL18 -> 51.6 | BO18: =BJ18/BM18 -> 0.88275194 | BP18: =BJ18/BN18 -> 0.88275194 | CE18: 1958 | CF18: 211.52 | CG18: 63.25 | CH18: 54.96 | CI18: =CF18+CG18 -> 274.77 | CJ18: =CF18+CH18 -> 266.48 | CK18: =CF18/CI18 -> 0.76980748 | CL18: =CF18/CJ18 -> 0.79375563 | CT18: 131.35 | CU18: 2.89 | CV18: 2.89 | CW18: =CT18+CU18 -> 134.24 | CX18: =CT18+CV18 -> 134.24 | CY18: =CT18/CW18 -> 0.97847139 | CZ18: =CT18/CX18 -> 0.97847139 | DA18: 1958 | DB18: =B18+I18+P18+X18+AE18+AL18+AT18+BJ18+CF18 -> 1096.89 | DC18: =C18+J18+Q18+Y18+AF18+AM18+AU18+BQ18+CG18 -> 910.201 | DD18: =D18+K18+R18+Z18+AG18+AN18+AV18+BL18+CH18 -> 759.231 | DE18: =DB18+DC18 -> 2007.091 | DF18: =DB18+DD18 -> 1856.121 | DG18: =DB18/DE18 -> 0.54650736 | DH18: =DB18/DF18 -> 0.59095824 | DI18: ='Table 1'!G24 -> 1779.3277 | DJ18: =DF18 -> 1856.121 | DK18: =(DJ18-DI18)/DI18 -> 0.043158628 | DL18: ='Table 1'!M24 -> 0.59142916 | DM18: =DH18 -> 0.59095824 | DN18: =DM18-DL18 -> -0.00047092039
A19: 1959 | B19: 86.09 | C19: 342.23 | D19: 302.13 | E19: =B19+C19 -> 428.32 | F19: =B19+D19 -> 388.22 | G19: =B19/E19 -> 0.20099458 | H19: =B19/F19 -> 0.22175571 | I19: 15.09 | J19: 6.42 | K19: 2.1 | L19: =I19+J19 -> 21.51 | M19: =I19+K19 -> 17.19 | N19: =I19/L19 -> 0.70153417 | O19: =I19/M19 -> 0.87783595 | P19: 300.14 | Q19: 167.57 | R19: 125.17 | S19: =P19+Q19 -> 467.71 | T19: =P19+R19 -> 425.31 | U19: =P19/S19 -> 0.64172243 | V19: =P19/T19 -> 0.70569702 | W19: 1959 | X19: 128.51 | Y19: 60.864 | Z19: 49.814 | AA19: =X19+Y19 -> 189.374 | AB19: =X19+Z19 -> 178.324 | AC19: =X19/AA19 -> 0.67860424 | AD19: =X19/AB19 -> 0.72065454 | AE19: 13.94 | AF19: 39.44 | AG19: 29.59 | AH19: =AE19+AF19 -> 53.38 | AI19: =AE19+AG19 -> 43.53 | AJ19: =AE19/AH19 -> 0.2611465 | AK19: =AE19/AI19 -> 0.32023892 | AL19: 143.63 | AM19: 66.85 | AN19: 43.95 | AO19: =AL19+AM19 -> 210.48 | AP19: =AL19+AN19 -> 187.58 | AQ19: =AL19/AO19 -> 0.68239263 | AR19: =AL19/AP19 -> 0.76569997 | AS19: 1959 | AT19: 182.9 | AU19: 169.59 | AV19: 145.85 | AW19: =AT19+AU19 -> 352.49 | AX19: =AT19+AV19 -> 328.75 | AY19: =AT19/AW19 -> 0.51887997 | AZ19: =AT19/AX19 -> 0.55634981 | BA19: 1959 | BI19: 1959 | BJ19: 46.68 | BK19: 13.96 | BL19: 6.44 | BM19: =BJ19+BL19 -> 53.12 | BN19: =BJ19+BL19 -> 53.12 | BO19: =BJ19/BM19 -> 0.87876506 | BP19: =BJ19/BN19 -> 0.87876506 | CE19: 1959 | CF19: 224.93 | CG19: 69.64 | CH19: 60.54 | CI19: =CF19+CG19 -> 294.57 | CJ19: =CF19+CH19 -> 285.47 | CK19: =CF19/CI19 -> 0.7635876 | CL19: =CF19/CJ19 -> 0.78792868 | CT19: 140.11 | CU19: 3.01 | CV19: 3.01 | CW19: =CT19+CU19 -> 143.12 | CX19: =CT19+CV19 -> 143.12 | CY19: =CT19/CW19 -> 0.9789687 | CZ19: =CT19/CX19 -> 0.9789687 | DA19: 1959 | DB19: =B19+I19+P19+X19+AE19+AL19+AT19+BJ19+CF19 -> 1141.91 | DC19: =C19+J19+Q19+Y19+AF19+AM19+AU19+BQ19+CG19 -> 922.604 | DD19: =D19+K19+R19+Z19+AG19+AN19+AV19+BL19+CH19 -> 765.584 | DE19: =DB19+DC19 -> 2064.514 | DF19: =DB19+DD19 -> 1907.494 | DG19: =DB19/DE19 -> 0.55311323 | DH19: =DB19/DF19 -> 0.59864408 | DI19: ='Table 1'!G25 -> 1837.8522 | DJ19: =DF19 -> 1907.494 | DK19: =(DJ19-DI19)/DI19 -> 0.037893051 | DL19: ='Table 1'!M25 -> 0.59667194 | DM19: =DH19 -> 0.59864408 | DN19: =DM19-DL19 -> 0.0019721418
A20: 1960 | B20: 90.4 | C20: 376.5 | D20: 337.3 | E20: =B20+C20 -> 466.9 | F20: =B20+D20 -> 427.7 | G20: =B20/E20 -> 0.19361748 | H20: =B20/F20 -> 0.2113631 | I20: 15.4 | J20: 6.7 | K20: 2.2 | L20: =I20+J20 -> 22.1 | M20: =I20+K20 -> 17.6 | N20: =I20/L20 -> 0.69683258 | O20: =I20/M20 -> 0.875 | P20: 317.3 | Q20: 205.7 | R20: 154.1 | S20: =P20+Q20 -> 523 | T20: =P20+R20 -> 471.4 | U20: =P20/S20 -> 0.60669216 | V20: =P20/T20 -> 0.6731014 | W20: 1960 | X20: 131.2 | Y20: 64.2 | Z20: 52.7 | AA20: =X20+Y20 -> 195.4 | AB20: =X20+Z20 -> 183.9 | AC20: =X20/AA20 -> 0.67144319 | AD20: =X20/AB20 -> 0.71343121 | AE20: 15.4 | AF20: 41.3 | AG20: 32.5 | AH20: =AE20+AF20 -> 56.7 | AI20: =AE20+AG20 -> 47.9 | AJ20: =AE20/AH20 -> 0.27160494 | AK20: =AE20/AI20 -> 0.32150313 | AL20: 147.2 | AM20: 68.6 | AN20: 45.5 | AO20: =AL20+AM20 -> 215.8 | AP20: =AL20+AN20 -> 192.7 | AQ20: =AL20/AO20 -> 0.68211307 | AR20: =AL20/AP20 -> 0.76388168 | AS20: 1960 | AT20: 191 | AU20: 174.2 | AV20: 150.5 | AW20: =AT20+AU20 -> 365.2 | AX20: =AT20+AV20 -> 341.5 | AY20: =AT20/AW20 -> 0.5230011 | AZ20: =AT20/AX20 -> 0.55929722 | BA20: 1960 | BB20: 189.9 | BC20: 184.1 | BE20: =BB20+BC20 -> 374 | BG20: =BB20/BE20 -> 0.50775401 | BI20: 1960 | BJ20: 49.3 | BK20: 14.3 | BL20: 6.7 | BM20: =BJ20+BL20 -> 56 | BN20: =BJ20+BL20 -> 56 | BO20: =BJ20/BM20 -> 0.88035714 | BP20: =BJ20/BN20 -> 0.88035714 | BX20: 75.8 | BY20: 115.9 | CA20: =BX20+BY20 -> 191.7 | CC20: =BX20/CA20 -> 0.39540949 | CE20: 1960 | CF20: 249.6 | CG20: 72.9 | CH20: 63.5 | CI20: =CF20+CG20 -> 322.5 | CJ20: =CF20+CH20 -> 313.1 | CK20: =CF20/CI20 -> 0.77395349 | CL20: =CF20/CJ20 -> 0.7971894 | CM20: 225.2 | CN20: 59.1 | CP20: =CM20+CN20 -> 284.3 | CR20: =CM20/CP20 -> 0.792121 | CT20: 157.8 | CU20: 3.4 | CV20: 3.4 | CW20: =CT20+CU20 -> 161.2 | CX20: =CT20+CV20 -> 161.2 | CY20: =CT20/CW20 -> 0.97890819 | CZ20: =CT20/CX20 -> 0.97890819 | DA20: 1960 | DB20: =B20+I20+P20+X20+AE20+AL20+BB20+BX20+CM20 -> 1207.8 | DC20: =C20+J20+Q20+Y20+AF20+AM20+BC20+BY20+CN20 -> 1122.1 | DD20: =D20+K20+R20+Z20+AG20+AN20+BD20+BZ20+CO20 -> 624.3 | DE20: =DB20+DC20 -> 2329.9 | DF20: =DB20+DD20 -> 1832.1 | DG20: =DB20/DE20 -> 0.51839135 | DH20: =DB20/DF20 -> 0.65924349 | DI20: ='Table 1'!G26 -> 1978.3749 | DJ20: =DF20 -> 1832.1 | DK20: =(DJ20-DI20)/DI20 -> -0.073936914 | DL20: ='Table 1'!M26 -> 0.58686743 | DM20: =DH20 -> 0.65924349 | DN20: =DM20-DL20 -> 0.072376058
A21: 1961 | B21: 95.14 | C21: 347.5 | D21: 365.18 | E21: =B21+C21 -> 442.64 | F21: =B21+D21 -> 460.32 | G21: =B21/E21 -> 0.21493765 | H21: =B21/F21 -> 0.20668231 | I21: 16.07 | J21: 8.3 | K21: 2.33 | L21: =I21+J21 -> 24.37 | M21: =I21+K21 -> 18.4 | N21: =I21/L21 -> 0.65941732 | O21: =I21/M21 -> 0.87336957 | P21: 347.53 | Q21: 206.1 | R21: 164.86 | S21: =P21+Q21 -> 553.63 | T21: =P21+R21 -> 512.39 | U21: =P21/S21 -> 0.62772971 | V21: =P21/T21 -> 0.67825289 | W21: 1961 | X21: 140.6 | Y21: 67.652988 | Z21: 60.9 | AA21: =X21+Y21 -> 208.25299 | AB21: =X21+Z21 -> 201.5 | AC21: =X21/AA21 -> 0.67514037 | AD21: =X21/AB21 -> 0.69776675 | AE21: 16.06 | AF21: 43.9 | AG21: 34.68 | AH21: =AE21+AF21 -> 59.96 | AI21: =AE21+AG21 -> 50.74 | AJ21: =AE21/AH21 -> 0.26784523 | AK21: =AE21/AI21 -> 0.31651557 | AL21: 157.98 | AM21: 78.36 | AN21: 52.31 | AO21: =AL21+AM21 -> 236.34 | AP21: =AL21+AN21 -> 210.29 | AQ21: =AL21/AO21 -> 0.66844377 | AR21: =AL21/AP21 -> 0.75124828 | AS21: 1961 | AT21: 206.62 | AU21: 192.81 | AV21: 168.23 | AW21: =AT21+AU21 -> 399.43 | AX21: =AT21+AV21 -> 374.85 | AY21: =AT21/AW21 -> 0.51728713 | AZ21: =AT21/AX21 -> 0.55120715 | BA21: 1961 | BB21: 212.8 | BC21: 205.1 | BE21: =BB21+BC21 -> 417.9 | BG21: =BB21/BE21 -> 0.50921273 | BI21: 1961 | BJ21: 52.39 | BK21: 16.08 | BL21: 7.39 | BM21: =BJ21+BL21 -> 59.78 | BN21: =BJ21+BL21 -> 59.78 | BO21: =BJ21/BM21 -> 0.87638006 | BP21: =BJ21/BN21 -> 0.87638006 | BX21: 78.2 | BY21: 149.6 | CA21: =BX21+BY21 -> 227.8 | CC21: =BX21/CA21 -> 0.34328358 | CE21: 1961 | CF21: 274.05 | CG21: 83.08 | CH21: 71.96 | CI21: =CF21+CG21 -> 357.13 | CJ21: =CF21+CH21 -> 346.01 | CK21: =CF21/CI21 -> 0.76736763 | CL21: =CF21/CJ21 -> 0.79202913 | CM21: 244.6 | CN21: 66.7 | CP21: =CM21+CN21 -> 311.3 | CR21: =CM21/CP21 -> 0.78573723 | CT21: 171.95 | CU21: 3.67 | CV21: 3.67 | CW21: =CT21+CU21 -> 175.62 | CX21: =CT21+CV21 -> 175.62 | CY21: =CT21/CW21 -> 0.97910261 | CZ21: =CT21/CX21 -> 0.97910261 | DA21: 1961 | DB21: =B21+I21+P21+X21+AE21+AL21+BB21+BX21+CM21 -> 1308.98 | DC21: =C21+J21+Q21+Y21+AF21+AM21+BC21+BY21+CN21 -> 1173.213 | DD21: =D21+K21+R21+Z21+AG21+AN21+BD21+BZ21+CO21 -> 680.26 | DE21: =DB21+DC21 -> 2482.193 | DF21: =DB21+DD21 -> 1989.24 | DG21: =DB21/DE21 -> 0.5273482 | DH21: =DB21/DF21 -> 0.6580302 | DI21: ='Table 1'!G27 -> 2156.6015 | DJ21: =DF21 -> 1989.24 | DK21: =(DJ21-DI21)/DI21 -> -0.077604282 | DL21: ='Table 1'!M27 -> 0.58163298 | DM21: =DH21 -> 0.6580302 | DN21: =DM21-DL21 -> 0.076397218
A22: 1962 | B22: 100.82 | C22: 312.2 | D22: 315.14 | E22: =B22+C22 -> 413.02 | F22: =B22+D22 -> 415.96 | G22: =B22/E22 -> 0.2441044 | H22: =B22/F22 -> 0.24237907 | I22: 16.43 | J22: 8.4 | K22: 1.92 | L22: =I22+J22 -> 24.83 | M22: =I22+K22 -> 18.35 | N22: =I22/L22 -> 0.66169956 | O22: =I22/M22 -> 0.89536785 | P22: 375.93 | Q22: 241.2 | R22: 182.24 | S22: =P22+Q22 -> 617.13 | T22: =P22+R22 -> 558.17 | U22: =P22/S22 -> 0.60915852 | V22: =P22/T22 -> 0.67350449 | W22: 1962 | X22: 147.95 | Y22: 71.233865 | Z22: 56.45 | AA22: =X22+Y22 -> 219.18386 | AB22: =X22+Z22 -> 204.4 | AC22: =X22/AA22 -> 0.67500407 | AD22: =X22/AB22 -> 0.72382583 | AE22: 16.88 | AF22: 45.9 | AG22: 38.47 | AH22: =AE22+AF22 -> 62.78 | AI22: =AE22+AG22 -> 55.35 | AJ22: =AE22/AH22 -> 0.26887544 | AK22: =AE22/AI22 -> 0.30496838 | AL22: 171.19 | AM22: 82.37 | AN22: 54.7 | AO22: =AL22+AM22 -> 253.56 | AP22: =AL22+AN22 -> 225.89 | AQ22: =AL22/AO22 -> 0.67514592 | AR22: =AL22/AP22 -> 0.75784674 | AS22: 1962 | AT22: 220.82 | AU22: 199.39 | AV22: 170.13 | AW22: =AT22+AU22 -> 420.21 | AX22: =AT22+AV22 -> 390.95 | AY22: =AT22/AW22 -> 0.52549916 | AZ22: =AT22/AX22 -> 0.56482926 | BA22: 1962 | BB22: 234.9 | BC22: 214.5 | BE22: =BB22+BC22 -> 449.4 | BG22: =BB22/BE22 -> 0.52269693 | BI22: 1962 | BJ22: 54.59 | BK22: 16.26 | BL22: 7.27 | BM22: =BJ22+BL22 -> 61.86 | BN22: =BJ22+BL22 -> 61.86 | BO22: =BJ22/BM22 -> 0.88247656 | BP22: =BJ22/BN22 -> 0.88247656 | BX22: 82.3 | BY22: 157.2 | CA22: =BX22+BY22 -> 239.5 | CC22: =BX22/CA22 -> 0.34363257 | CE22: 1962 | CF22: 288.02 | CG22: 86.35 | CH22: 74.29 | CI22: =CF22+CG22 -> 374.37 | CJ22: =CF22+CH22 -> 362.31 | CK22: =CF22/CI22 -> 0.76934583 | CL22: =CF22/CJ22 -> 0.7949546 | CM22: 268.7 | CN22: 68.2 | CP22: =CM22+CN22 -> 336.9 | CR22: =CM22/CP22 -> 0.79756604 | CT22: 177.29 | CU22: 3.72 | CV22: 3.72 | CW22: =CT22+CU22 -> 181.01 | CX22: =CT22+CV22 -> 181.01 | CY22: =CT22/CW22 -> 0.97944865 | CZ22: =CT22/CX22 -> 0.97944865 | DA22: 1962 | DB22: =B22+I22+P22+X22+AE22+AL22+BB22+BX22+CM22 -> 1415.1 | DC22: =C22+J22+Q22+Y22+AF22+AM22+BC22+BY22+CN22 -> 1201.2039 | DD22: =D22+K22+R22+Z22+AG22+AN22+BD22+BZ22+CO22 -> 648.92 | DE22: =DB22+DC22 -> 2616.3039 | DF22: =DB22+DD22 -> 2064.02 | DG22: =DB22/DE22 -> 0.54087754 | DH22: =DB22/DF22 -> 0.68560382 | DI22: ='Table 1'!G28 -> 2212.5449 | DJ22: =DF22 -> 2064.02 | DK22: =(DJ22-DI22)/DI22 -> -0.067128521 | DL22: ='Table 1'!M28 -> 0.60518547 | DM22: =DH22 -> 0.68560382 | DN22: =DM22-DL22 -> 0.080418353
A23: 1963 | B23: 102.88 | C23: 368.8 | D23: 362.05 | E23: =B23+C23 -> 471.68 | F23: =B23+D23 -> 464.93 | G23: =B23/E23 -> 0.21811398 | H23: =B23/F23 -> 0.22128062 | I23: 17.13 | J23: 9.2 | K23: 2.19 | L23: =I23+J23 -> 26.33 | M23: =I23+K23 -> 19.32 | N23: =I23/L23 -> 0.65058868 | O23: =I23/M23 -> 0.88664596 | P23: 397.26 | Q23: 253.3 | R23: 198.984 | S23: =P23+Q23 -> 650.56 | T23: =P23+R23 -> 596.244 | U23: =P23/S23 -> 0.61064314 | V23: =P23/T23 -> 0.66627086 | W23: 1963 | X23: 150.45 | Y23: 78.523506 | Z23: 62.86 | AA23: =X23+Y23 -> 228.97351 | AB23: =X23+Z23 -> 213.31 | AC23: =X23/AA23 -> 0.65706292 | AD23: =X23/AB23 -> 0.70531152 | AE23: 18.12 | AF23: 54.4 | AG23: 46.84 | AH23: =AE23+AF23 -> 72.52 | AI23: =AE23+AG23 -> 64.96 | AJ23: =AE23/AH23 -> 0.24986211 | AK23: =AE23/AI23 -> 0.27894089 | AL23: 180.11 | AM23: 82.2 | AN23: 54.25 | AO23: =AL23+AM23 -> 262.31 | AP23: =AL23+AN23 -> 234.36 | AQ23: =AL23/AO23 -> 0.68663032 | AR23: =AL23/AP23 -> 0.76851852 | AS23: 1963 | AT23: 233.7 | AU23: 220.11 | AV23: 189.74 | AW23: =AT23+AU23 -> 453.81 | AX23: =AT23+AV23 -> 423.44 | AY23: =AT23/AW23 -> 0.51497323 | AZ23: =AT23/AX23 -> 0.55190818 | BA23: 1963 | BB23: 249.4 | BC23: 236.6 | BE23: =BB23+BC23 -> 486 | BG23: =BB23/BE23 -> 0.51316872 | BI23: 1963 | BJ23: 57.38 | BK23: 17.33 | BL23: 8.06 | BM23: =BJ23+BL23 -> 65.44 | BN23: =BJ23+BL23 -> 65.44 | BO23: =BJ23/BM23 -> 0.87683374 | BP23: =BJ23/BN23 -> 0.87683374 | BX23: 85.3 | BY23: 167.8 | CA23: =BX23+BY23 -> 253.1 | CC23: =BX23/CA23 -> 0.33702094 | CE23: 1963 | CF23: 317.77 | CG23: 93.86 | CH23: 81.22 | CI23: =CF23+CG23 -> 411.63 | CJ23: =CF23+CH23 -> 398.99 | CK23: =CF23/CI23 -> 0.77197969 | CL23: =CF23/CJ23 -> 0.796436 | CM23: 283.3 | CN23: 73.1 | CP23: =CM23+CN23 -> 356.4 | CR23: =CM23/CP23 -> 0.79489338 | CT23: 198.14 | CU23: 3.88 | CV23: 3.88 | CW23: =CT23+CU23 -> 202.02 | CX23: =CT23+CV23 -> 202.02 | CY23: =CT23/CW23 -> 0.98079398 | CZ23: =CT23/CX23 -> 0.98079398 | DA23: 1963 | DB23: =B23+I23+P23+X23+AE23+AL23+BB23+BX23+CM23 -> 1483.95 | DC23: =C23+J23+Q23+Y23+AF23+AM23+BC23+BY23+CN23 -> 1323.9235 | DD23: =D23+K23+R23+Z23+AG23+AN23+BD23+BZ23+CO23 -> 727.174 | DE23: =DB23+DC23 -> 2807.8735 | DF23: =DB23+DD23 -> 2211.124 | DG23: =DB23/DE23 -> 0.52849603 | DH23: =DB23/DF23 -> 0.67112925 | DI23: ='Table 1'!G29 -> 2406.0872 | DJ23: =DF23 -> 2211.124 | DK23: =(DJ23-DI23)/DI23 -> -0.081029152 | DL23: ='Table 1'!M29 -> 0.58975419 | DM23: =DH23 -> 0.67112925 | DN23: =DM23-DL23 -> 0.081375068
A24: 1964 | B24: 108.82 | C24: 421.1 | D24: 405.47 | E24: =B24+C24 -> 529.92 | F24: =B24+D24 -> 514.29 | G24: =B24/E24 -> 0.20535175 | H24: =B24/F24 -> 0.21159268 | I24: 18.11 | J24: 10.1 | K24: 2.38 | L24: =I24+J24 -> 28.21 | M24: =I24+K24 -> 20.49 | N24: =I24/L24 -> 0.64197093 | O24: =I24/M24 -> 0.88384578 | P24: 429.32 | Q24: 308.9 | R24: 242.13 | S24: =P24+Q24 -> 738.22 | T24: =P24+R24 -> 671.45 | U24: =P24/S24 -> 0.58156105 | V24: =P24/T24 -> 0.63939236 | W24: 1964 | X24: 163.37 | Y24: 73.663745 | Z24: 67.44 | AA24: =X24+Y24 -> 237.03375 | AB24: =X24+Z24 -> 230.81 | AC24: =X24/AA24 -> 0.68922676 | AD24: =X24/AB24 -> 0.70781162 | AE24: 19.05 | AF24: 59 | AG24: 50.33 | AH24: =AE24+AF24 -> 78.05 | AI24: =AE24+AG24 -> 69.38 | AJ24: =AE24/AH24 -> 0.24407431 | AK24: =AE24/AI24 -> 0.27457481 | AL24: 191.72 | AM24: 95.17 | AN24: 65.9 | AO24: =AL24+AM24 -> 286.89 | AP24: =AL24+AN24 -> 257.62 | AQ24: =AL24/AO24 -> 0.66827007 | AR24: =AL24/AP24 -> 0.74419688 | AS24: 1964 | AT24: 251 | AU24: 234.3 | AV24: 202.23 | AW24: =AT24+AU24 -> 485.3 | AX24: =AT24+AV24 -> 453.23 | AY24: =AT24/AW24 -> 0.51720585 | AZ24: =AT24/AX24 -> 0.55380271 | BA24: 1964 | BB24: 274.2 | BC24: 278.4 | BE24: =BB24+BC24 -> 552.6 | BG24: =BB24/BE24 -> 0.49619978 | BI24: 1964 | BJ24: 64.26 | BK24: 19.16 | BL24: 8.96 | BM24: =BJ24+BL24 -> 73.22 | BN24: =BJ24+BL24 -> 73.22 | BO24: =BJ24/BM24 -> 0.87762906 | BP24: =BJ24/BN24 -> 0.87762906 | BX24: 89.5 | BY24: 179.5 | CA24: =BX24+BY24 -> 269 | CC24: =BX24/CA24 -> 0.33271375 | CE24: 1964 | CF24: 340.47 | CG24: 99.11 | CH24: 85.85 | CI24: =CF24+CG24 -> 439.58 | CJ24: =CF24+CH24 -> 426.32 | CK24: =CF24/CI24 -> 0.77453478 | CL24: =CF24/CJ24 -> 0.79862545 | CM24: 306.4 | CN24: 76.3 | CP24: =CM24+CN24 -> 382.7 | CR24: =CM24/CP24 -> 0.80062712 | CT24: 211.88 | CU24: 4.16 | CV24: 4.16 | CW24: =CT24+CU24 -> 216.04 | CX24: =CT24+CV24 -> 216.04 | CY24: =CT24/CW24 -> 0.98074431 | CZ24: =CT24/CX24 -> 0.98074431 | DA24: 1964 | DB24: =B24+I24+P24+X24+AE24+AL24+BB24+BX24+CM24 -> 1600.49 | DC24: =C24+J24+Q24+Y24+AF24+AM24+BC24+BY24+CN24 -> 1502.1337 | DD24: =D24+K24+R24+Z24+AG24+AN24+BD24+BZ24+CO24 -> 833.65 | DE24: =DB24+DC24 -> 3102.6237 | DF24: =DB24+DD24 -> 2434.14 | DG24: =DB24/DE24 -> 0.5158505 | DH24: =DB24/DF24 -> 0.65751764 | DI24: ='Table 1'!G30 -> 2629.7323 | DJ24: =DF24 -> 2434.14 | DK24: =(DJ24-DI24)/DI24 -> -0.07437728 | DL24: ='Table 1'!M30 -> 0.57990693 | DM24: =DH24 -> 0.65751764 | DN24: =DM24-DL24 -> 0.077610717
A25: 1965 | B25: 117.22 | C25: 435.9 | D25: 418.83 | E25: =B25+C25 -> 553.12 | F25: =B25+D25 -> 536.05 | G25: =B25/E25 -> 0.21192508 | H25: =B25/F25 -> 0.21867363 | I25: 17.53 | J25: 8.1 | K25: 2.46 | L25: =I25+J25 -> 25.63 | M25: =I25+K25 -> 19.99 | N25: =I25/L25 -> 0.6839641 | O25: =I25/M25 -> 0.87693847 | P25: 472.25 | Q25: 313.9 | R25: 262.8 | S25: =P25+Q25 -> 786.15 | T25: =P25+R25 -> 735.05 | U25: =P25/S25 -> 0.60071233 | V25: =P25/T25 -> 0.6424733 | W25: 1965 | X25: 179.71 | Y25: 80.058167 | Z25: 74.5 | AA25: =X25+Y25 -> 259.76817 | AB25: =X25+Z25 -> 254.21 | AC25: =X25/AA25 -> 0.69180917 | AD25: =X25/AB25 -> 0.70693521 | AE25: 20.4 | AF25: 63.2 | AG25: 54.11 | AH25: =AE25+AF25 -> 83.6 | AI25: =AE25+AG25 -> 74.51 | AJ25: =AE25/AH25 -> 0.24401914 | AK25: =AE25/AI25 -> 0.27378875 | AL25: 222.81 | AM25: 108.07 | AN25: 76.7 | AO25: =AL25+AM25 -> 330.88 | AP25: =AL25+AN25 -> 299.51 | AQ25: =AL25/AO25 -> 0.67338612 | AR25: =AL25/AP25 -> 0.74391506 | AS25: 1965 | AT25: 285.44 | AU25: 266.86 | AV25: 230.46 | AW25: =AT25+AU25 -> 552.3 | AX25: =AT25+AV25 -> 515.9 | AY25: =AT25/AW25 -> 0.51682057 | AZ25: =AT25/AX25 -> 0.55328552 | BA25: 1965 | BB25: 309.7 | BC25: 318.5 | BE25: =BB25+BC25 -> 628.2 | BG25: =BB25/BE25 -> 0.49299586 | BI25: 1965 | BJ25: 69.73 | BK25: 20.79 | BL25: 9.74 | BM25: =BJ25+BL25 -> 79.47 | BN25: =BJ25+BL25 -> 79.47 | BO25: =BJ25/BM25 -> 0.87743803 | BP25: =BJ25/BN25 -> 0.87743803 | BX25: 96.8 | BY25: 192.7 | CA25: =BX25+BY25 -> 289.5 | CC25: =BX25/CA25 -> 0.3343696 | CE25: 1965 | CF25: 371.65 | CG25: 109.12 | CH25: 94.42 | CI25: =CF25+CG25 -> 480.77 | CJ25: =CF25+CH25 -> 466.07 | CK25: =CF25/CI25 -> 0.77303076 | CL25: =CF25/CJ25 -> 0.79741241 | CM25: 352.9 | CN25: 82.8 | CP25: =CM25+CN25 -> 435.7 | CR25: =CM25/CP25 -> 0.80996098 | CT25: 228.85 | CU25: 4.5 | CV25: 4.5 | CW25: =CT25+CU25 -> 233.35 | CX25: =CT25+CV25 -> 233.35 | CY25: =CT25/CW25 -> 0.98071566 | CZ25: =CT25/CX25 -> 0.98071566 | DA25: 1965 | DB25: =B25+I25+P25+X25+AE25+AL25+BB25+BX25+CM25 -> 1789.32 | DC25: =C25+J25+Q25+Y25+AF25+AM25+BC25+BY25+CN25 -> 1603.2282 | DD25: =D25+K25+R25+Z25+AG25+AN25+BD25+BZ25+CO25 -> 889.4 | DE25: =DB25+DC25 -> 3392.5482 | DF25: =DB25+DD25 -> 2678.72 | DG25: =DB25/DE25 -> 0.52742656 | DH25: =DB25/DF25 -> 0.66797575 | DI25: ='Table 1'!G31 -> 2886.1756 | DJ25: =DF25 -> 2678.72 | DK25: =(DJ25-DI25)/DI25 -> -0.071879066 | DL25: ='Table 1'!M31 -> 0.58520348 | DM25: =DH25 -> 0.66797575 | DN25: =DM25-DL25 -> 0.082772273
A26: 1966 | B26: 122.69 | C26: 464.8 | D26: 420.77 | E26: =B26+C26 -> 587.49 | F26: =B26+D26 -> 543.46 | G26: =B26/E26 -> 0.2088376 | H26: =B26/F26 -> 0.22575719 | I26: 18.4 | J26: 8.8 | K26: 2.65 | L26: =I26+J26 -> 27.2 | M26: =I26+K26 -> 21.05 | N26: =I26/L26 -> 0.67647059 | O26: =I26/M26 -> 0.87410926 | P26: 516.19 | Q26: 376.6 | R26: 295.88 | S26: =P26+Q26 -> 892.79 | T26: =P26+R26 -> 812.07 | U26: =P26/S26 -> 0.57817628 | V26: =P26/T26 -> 0.63564717 | W26: 1966 | X26: 200.48 | Y26: 89.138247 | Z26: 76.82 | AA26: =X26+Y26 -> 289.61825 | AB26: =X26+Z26 -> 277.3 | AC26: =X26/AA26 -> 0.69222158 | AD26: =X26/AB26 -> 0.72297151 | AE26: 21.64 | AF26: 71.2 | AG26: 54.94 | AH26: =AE26+AF26 -> 92.84 | AI26: =AE26+AG26 -> 76.58 | AJ26: =AE26/AH26 -> 0.23308919 | AK26: =AE26/AI26 -> 0.28258031 | AL26: 244.68 | AM26: 112.59 | AN26: 80.23 | AO26: =AL26+AM26 -> 357.27 | AP26: =AL26+AN26 -> 324.91 | AQ26: =AL26/AO26 -> 0.68486019 | AR26: =AL26/AP26 -> 0.75307008 | AS26: 1966 | AT26: 303.22 | AU26: 275.84 | AV26: 237.92 | AW26: =AT26+AU26 -> 579.06 | AX26: =AT26+AV26 -> 541.14 | AY26: =AT26/AW26 -> 0.52364176 | AZ26: =AT26/AX26 -> 0.56033559 | BA26: 1966 | BB26: 344.9 | BC26: 332 | BE26: =BB26+BC26 -> 676.9 | BG26: =BB26/BE26 -> 0.50952873 | BI26: 1966 | BJ26: 77.35 | BK26: 22.48 | BL26: 10.51 | BM26: =BJ26+BL26 -> 87.86 | BN26: =BJ26+BL26 -> 87.86 | BO26: =BJ26/BM26 -> 0.88037787 | BP26: =BJ26/BN26 -> 0.88037787 | BX26: 104.3 | BY26: 206.8 | CA26: =BX26+BY26 -> 311.1 | CC26: =BX26/CA26 -> 0.33526197 | CE26: 1966 | CF26: 415.69 | CG26: 116.35 | CH26: 100.57 | CI26: =CF26+CG26 -> 532.04 | CJ26: =CF26+CH26 -> 516.26 | CK26: =CF26/CI26 -> 0.78131344 | CL26: =CF26/CJ26 -> 0.80519506 | CM26: 380.6 | CN26: 85.9 | CP26: =CM26+CN26 -> 466.5 | CR26: =CM26/CP26 -> 0.81586281 | CT26: 258.08 | CU26: 4.99 | CV26: 4.99 | CW26: =CT26+CU26 -> 263.07 | CX26: =CT26+CV26 -> 263.07 | CY26: =CT26/CW26 -> 0.98103166 | CZ26: =CT26/CX26 -> 0.98103166 | DA26: 1966 | DB26: =B26+I26+P26+X26+AE26+AL26+BB26+BX26+CM26 -> 1953.88 | DC26: =C26+J26+Q26+Y26+AF26+AM26+BC26+BY26+CN26 -> 1747.8282 | DD26: =D26+K26+R26+Z26+AG26+AN26+BD26+BZ26+CO26 -> 931.29 | DE26: =DB26+DC26 -> 3701.7082 | DF26: =DB26+DD26 -> 2885.17 | DG26: =DB26/DE26 -> 0.52783198 | DH26: =DB26/DF26 -> 0.67721486 | DI26: ='Table 1'!G32 -> 3106.8704 | DJ26: =DF26 -> 2885.17 | DK26: =(DJ26-DI26)/DI26 -> -0.071358121 | DL26: ='Table 1'!M32 -> 0.59674197 | DM26: =DH26 -> 0.67721486 | DN26: =DM26-DL26 -> 0.080472886
A27: 1967 | B27: 129.4 | C27: 437.3 | D27: 375.14466 | E27: =B27+C27 -> 566.7 | F27: =B27+D27 -> 504.54466 | G27: =B27/E27 -> 0.22833951 | H27: =B27/F27 -> 0.25646887 | I27: 17.3 | J27: 8.2 | K27: 5.8963383 | L27: =I27+J27 -> 25.5 | M27: =I27+K27 -> 23.196338 | N27: =I27/L27 -> 0.67843137 | O27: =I27/M27 -> 0.74580737 | P27: 550.4 | Q27: 376.8 | R27: 309.95695 | S27: =P27+Q27 -> 927.2 | T27: =P27+R27 -> 860.35695 | U27: =P27/S27 -> 0.59361519 | V27: =P27/T27 -> 0.63973447 | W27: 1967 | X27: 191.8 | Y27: 93.998008 | Z27: 534.33553 | AA27: =X27+Y27 -> 285.79801 | AB27: =X27+Z27 -> 726.13553 | AC27: =X27/AA27 -> 0.67110335 | AD27: =X27/AB27 -> 0.26413802 | AE27: 24.1 | AF27: 79.6 | AG27: 32.421009 | AH27: =AE27+AF27 -> 103.7 | AI27: =AE27+AG27 -> 56.521009 | AJ27: =AE27/AH27 -> 0.23240116 | AK27: =AE27/AI27 -> 0.42639012 | AL27: 225.6 | AM27: 122.18182 | AN27: 21.097691 | AO27: =AL27+AM27 -> 347.78182 | AP27: =AL27+AN27 -> 246.69769 | AQ27: =AL27/AO27 -> 0.64868256 | AR27: =AL27/AP27 -> 0.91447958 | AS27: 1967 | AT27: 334.01667 | AU27: 300.03333 | AV27: 251.1 | AW27: =AT27+AU27 -> 634.05 | AX27: =AT27+AV27 -> 585.11667 | AY27: =AT27/AW27 -> 0.52679862 | AZ27: =AT27/AX27 -> 0.57085482 | BA27: 1967 | BB27: 369.4 | BC27: 351.4 | BE27: =BB27+BC27 -> 720.8 | BG27: =BB27/BE27 -> 0.51248613 | BI27: 1967 | BJ27: 84.291667 | BK27: 29.066667 | BL27: 16.758333 | BM27: =BJ27+BK27 -> 113.35833 | BN27: =BJ27+BL27 -> 101.05 | BO27: =BJ27/BM27 -> 0.74358597 | BP27: =BJ27/BN27 -> 0.83415801 | BX27: 112.9 | BY27: 229.1 | CA27: =BX27+BY27 -> 342 | CC27: =BX27/CA27 -> 0.33011696 | CE27: 1967 | CF27: 508.24167 | CG27: 185.45833 | CH27: 140.975 | CI27: =CF27+CG27 -> 693.7 | CJ27: =CF27+CH27 -> 649.21667 | CK27: =CF27/CI27 -> 0.7326534 | CL27: =CF27/CJ27 -> 0.7828537 | CM27: 418.8 | CN27: 94.7 | CP27: =CM27+CN27 -> 513.5 | CR27: =CM27/CP27 -> 0.81557936 | CT27: 251.4 | CU27: 10.825 | CV27: 5.9916667 | CW27: =CT27+CU27 -> 262.225 | CX27: =CT27+CV27 -> 257.39167 | CY27: =CT27/CW27 -> 0.95871866 | CZ27: =CT27/CX27 -> 0.9767216 | DA27: 1967 | DB27: =B27+I27+P27+X27+AE27+AL27+BB27+BX27+CM27 -> 2039.7 | DC27: =C27+J27+Q27+Y27+AF27+AM27+BC27+BY27+CN27 -> 1793.2798 | DD27: =D27+K27+R27+Z27+AG27+AN27+BD27+BZ27+CO27 -> 1278.8522 | DE27: =DB27+DC27 -> 3832.9798 | DF27: =DB27+DD27 -> 3318.5522 | DG27: =DB27/DE27 -> 0.53214473 | DH27: =DB27/DF27 -> 0.61463551 | DI27: ='Table 1'!G33 -> 3182.9035 | DJ27: =DF27 -> 3318.5522 | DK27: =(DJ27-DI27)/DI27 -> 0.042617891 | DL27: ='Table 1'!M33 -> 0.62929962 | DM27: =DH27 -> 0.61463551 | DN27: =DM27-DL27 -> -0.014664116
A28: 1968 | B28: 133.6 | C28: 439.1 | D28: 376.68882 | E28: =B28+C28 -> 572.7 | F28: =B28+D28 -> 510.28882 | G28: =B28/E28 -> 0.23328095 | H28: =B28/F28 -> 0.26181252 | I28: 15 | J28: 8.2 | K28: 5.5694676 | L28: =I28+J28 -> 23.2 | M28: =I28+K28 -> 20.569468 | N28: =I28/L28 -> 0.64655172 | O28: =I28/M28 -> 0.72923618 | P28: 550.9 | Q28: 405.5 | R28: 333.62348 | S28: =P28+Q28 -> 956.4 | T28: =P28+R28 -> 884.52348 | U28: =P28/S28 -> 0.57601422 | V28: =P28/T28 -> 0.62282123 | W28: 1968 | X28: 191.4 | Y28: 93.998008 | Z28: 594.4571 | AA28: =X28+Y28 -> 285.39801 | AB28: =X28+Z28 -> 785.8571 | AC28: =X28/AA28 -> 0.67064238 | AD28: =X28/AB28 -> 0.24355573 | AE28: 27.8 | AF28: 91.1 | AG28: 41.342182 | AH28: =AE28+AF28 -> 118.9 | AI28: =AE28+AG28 -> 69.142182 | AJ28: =AE28/AH28 -> 0.23380992 | AK28: =AE28/AI28 -> 0.40207004 | AL28: 236.3 | AM28: 135.87692 | AN28: 30.638746 | AO28: =AL28+AM28 -> 372.17692 | AP28: =AL28+AN28 -> 266.93875 | AQ28: =AL28/AO28 -> 0.63491309 | AR28: =AL28/AP28 -> 0.88522181 | AS28: 1968 | AT28: 364.81333 | AU28: 324.22667 | AV28: 264.28 | AW28: =AT28+AU28 -> 689.04 | AX28: =AT28+AV28 -> 629.09333 | AY28: =AT28/AW28 -> 0.5294516 | AZ28: =AT28/AX28 -> 0.57990335 | BA28: 1968 | BB28: 378.9 | BC28: 348.2 | BE28: =BB28+BC28 -> 727.1 | BG28: =BB28/BE28 -> 0.52111126 | BI28: 1968 | BJ28: 91.233333 | BK28: 35.653333 | BL28: 23.006667 | BM28: =BJ28+BK28 -> 126.88667 | BN28: =BJ28+BL28 -> 114.24 | BO28: =BJ28/BM28 -> 0.71901434 | BP28: =BJ28/BN28 -> 0.79861111 | BX28: 125.6 | BY28: 243.9 | CA28: =BX28+BY28 -> 369.5 | CC28: =BX28/CA28 -> 0.33991881 | CE28: 1968 | CF28: 600.79333 | CG28: 254.56667 | CH28: 181.38 | CI28: =CF28+CG28 -> 855.36 | CJ28: =CF28+CH28 -> 782.17333 | CK28: =CF28/CI28 -> 0.70238652 | CL28: =CF28/CJ28 -> 0.76810767 | CM28: 460.8 | CN28: 92.4 | CP28: =CM28+CN28 -> 553.2 | CR28: =CM28/CP28 -> 0.8329718 | CT28: 244.72 | CU28: 16.66 | CV28: 6.9933333 | CW28: =CT28+CU28 -> 261.38 | CX28: =CT28+CV28 -> 251.71333 | CY28: =CT28/CW28 -> 0.93626138 | CZ28: =CT28/CX28 -> 0.97221707 | DA28: 1968 | DB28: =B28+I28+P28+X28+AE28+AL28+BB28+BX28+CM28 -> 2120.3 | DC28: =C28+J28+Q28+Y28+AF28+AM28+BC28+BY28+CN28 -> 1858.2749 | DD28: =D28+K28+R28+Z28+AG28+AN28+BD28+BZ28+CO28 -> 1382.3198 | DE28: =DB28+DC28 -> 3978.5749 | DF28: =DB28+DD28 -> 3502.6198 | DG28: =DB28/DE28 -> 0.53292951 | DH28: =DB28/DF28 -> 0.60534689 | DI28: ='Table 1'!G34 -> 3294.4233 | DJ28: =DF28 -> 3502.6198 | DK28: =(DJ28-DI28)/DI28 -> 0.063196638 | DL28: ='Table 1'!M34 -> 0.63379833 | DM28: =DH28 -> 0.60534689 | DN28: =DM28-DL28 -> -0.028451441
A29: 1969 | B29: 137.1 | C29: 517.2 | D29: 443.68813 | E29: =B29+C29 -> 654.3 | F29: =B29+D29 -> 580.78813 | G29: =B29/E29 -> 0.20953691 | H29: =B29/F29 -> 0.23605854 | I29: 15.7 | J29: 9.8 | K29: 6.6571252 | L29: =I29+J29 -> 25.5 | M29: =I29+K29 -> 22.357125 | N29: =I29/L29 -> 0.61568627 | O29: =I29/M29 -> 0.70223698 | P29: 581.7 | Q29: 435.6 | R29: 356.90953 | S29: =P29+Q29 -> 1017.3 | T29: =P29+R29 -> 938.60953 | U29: =P29/S29 -> 0.57180773 | V29: =P29/T29 -> 0.61974653 | W29: 1969 | X29: 192.8 | Y29: 93.102789 | Z29: 558.54089 | AA29: =X29+Y29 -> 285.90279 | AB29: =X29+Z29 -> 751.34089 | AC29: =X29/AA29 -> 0.67435509 | AD29: =X29/AB29 -> 0.25660789 | AE29: 29.7 | AF29: 103.2 | AG29: 48.74327 | AH29: =AE29+AF29 -> 132.9 | AI29: =AE29+AG29 -> 78.44327 | AJ29: =AE29/AH29 -> 0.2234763 | AK29: =AE29/AI29 -> 0.37861757 | AL29: 249.8 | AM29: 149.57203 | AN29: 34.211786 | AO29: =AL29+AM29 -> 399.37203 | AP29: =AL29+AN29 -> 284.01179 | AQ29: =AL29/AO29 -> 0.62548196 | AR29: =AL29/AP29 -> 0.87954097 | AS29: 1969 | AT29: 395.61 | AU29: 348.42 | AV29: 277.46 | AW29: =AT29+AU29 -> 744.03 | AX29: =AT29+AV29 -> 673.07 | AY29: =AT29/AW29 -> 0.53171243 | AZ29: =AT29/AX29 -> 0.58776947 | BA29: 1969 | BB29: 396.5 | BC29: 382.3 | BE29: =BB29+BC29 -> 778.8 | BG29: =BB29/BE29 -> 0.50911659 | BI29: 1969 | BJ29: 98.175 | BK29: 42.24 | BL29: 29.255 | BM29: =BJ29+BK29 -> 140.415 | BN29: =BJ29+BL29 -> 127.43 | BO29: =BJ29/BM29 -> 0.69917744 | BP29: =BJ29/BN29 -> 0.77042298 | BX29: 136.2 | BY29: 253.5 | CA29: =BX29+BY29 -> 389.7 | CC29: =BX29/CA29 -> 0.34949962 | CE29: 1969 | CF29: 693.345 | CG29: 323.675 | CH29: 221.785 | CI29: =CF29+CG29 -> 1017.02 | CJ29: =CF29+CH29 -> 915.13 | CK29: =CF29/CI29 -> 0.68174176 | CL29: =CF29/CJ29 -> 0.75764645 | CM29: 493.9 | CN29: 90.2 | CP29: =CM29+CN29 -> 584.1 | CR29: =CM29/CP29 -> 0.84557439 | CT29: 238.04 | CU29: 22.495 | CV29: 7.995 | CW29: =CT29+CU29 -> 260.535 | CX29: =CT29+CV29 -> 246.035 | CY29: =CT29/CW29 -> 0.91365843 | CZ29: =CT29/CX29 -> 0.96750462 | DA29: 1969 | DB29: =B29+I29+P29+X29+AE29+AL29+BB29+BX29+CM29 -> 2233.4 | DC29: =C29+J29+Q29+Y29+AF29+AM29+BC29+BY29+CN29 -> 2034.4748 | DD29: =D29+K29+R29+Z29+AG29+AN29+BD29+BZ29+CO29 -> 1448.7507 | DE29: =DB29+DC29 -> 4267.8748 | DF29: =DB29+DD29 -> 3682.1507 | DG29: =DB29/DE29 -> 0.52330495 | DH29: =DB29/DF29 -> 0.60654768 | DI29: ='Table 1'!G35 -> 3469.6204 | DJ29: =DF29 -> 3682.1507 | DK29: =(DJ29-DI29)/DI29 -> 0.061254626 | DL29: ='Table 1'!M35 -> 0.63407512 | DM29: =DH29 -> 0.60654768 | DN29: =DM29-DL29 -> -0.027527439
A30: 1970 | B30: 146.5 | C30: 532.4 | D30: 456.72769 | E30: =B30+C30 -> 678.9 | F30: =B30+D30 -> 603.22769 | G30: =B30/E30 -> 0.21579025 | H30: =B30/F30 -> 0.24286021 | I30: 15.2 | J30: 12.6 | K30: 8.264604 | L30: =I30+J30 -> 27.8 | M30: =I30+K30 -> 23.464604 | N30: =I30/L30 -> 0.54676259 | O30: =I30/M30 -> 0.64778421 | P30: 663.6 | Q30: 479.9 | R30: 392.87908 | S30: =P30+Q30 -> 1143.5 | T30: =P30+R30 -> 1056.4791 | U30: =P30/S30 -> 0.58032357 | V30: =P30/T30 -> 0.62812412 | W30: 1970 | X30: 210.3 | Y30: 106.65896 | Z30: 847.21904 | AA30: =X30+Y30 -> 316.95896 | AB30: =X30+Z30 -> 1057.519 | AC30: =X30/AA30 -> 0.66349283 | AD30: =X30/AB30 -> 0.19886167 | AE30: 33.3 | AF30: 106 | AG30: 47.08091 | AH30: =AE30+AF30 -> 139.3 | AI30: =AE30+AG30 -> 80.38091 | AJ30: =AE30/AH30 -> 0.2390524 | AK30: =AE30/AI30 -> 0.41427747 | AL30: 280.7 | AM30: 155.21119 | AN30: 32.67762 | AO30: =AL30+AM30 -> 435.91119 | AP30: =AL30+AN30 -> 313.37762 | AQ30: =AL30/AO30 -> 0.64393851 | AR30: =AL30/AP30 -> 0.89572446 | AS30: 1970 | AT30: 426.40667 | AU30: 372.61333 | AV30: 290.64 | AW30: =AT30+AU30 -> 799.02 | AX30: =AT30+AV30 -> 717.04667 | AY30: =AT30/AW30 -> 0.53366207 | AZ30: =AT30/AX30 -> 0.59467073 | BA30: 1970 | BB30: 438.1 | BC30: 481.2 | BE30: =BB30+BC30 -> 919.3 | BG30: =BB30/BE30 -> 0.47655825 | BI30: 1970 | BJ30: 105.11667 | BK30: 48.826667 | BL30: 35.503333 | BM30: =BJ30+BK30 -> 153.94333 | BN30: =BJ30+BL30 -> 140.62 | BO30: =BJ30/BM30 -> 0.68282701 | BP30: =BJ30/BN30 -> 0.74752287 | BX30: 156.5 | BY30: 275.3 | CA30: =BX30+BY30 -> 431.8 | CC30: =BX30/CA30 -> 0.36243631 | CE30: 1970 | CF30: 785.89667 | CG30: 392.78333 | CH30: 262.19 | CI30: =CF30+CG30 -> 1178.68 | CJ30: =CF30+CH30 -> 1048.0867 | CK30: =CF30/CI30 -> 0.66675999 | CL30: =CF30/CJ30 -> 0.74983939 | CM30: 548.7 | CN30: 96.2 | CP30: =CM30+CN30 -> 644.9 | CR30: =CM30/CP30 -> 0.85082959 | CT30: 231.36 | CU30: 28.33 | CV30: 8.9966667 | CW30: =CT30+CU30 -> 259.69 | CX30: =CT30+CV30 -> 240.35667 | CY30: =CT30/CW30 -> 0.89090839 | CZ30: =CT30/CX30 -> 0.96256951 | DA30: 1970 | DB30: =B30+I30+P30+X30+AE30+AL30+BB30+BX30+CM30 -> 2492.9 | DC30: =C30+J30+Q30+Y30+AF30+AM30+BC30+BY30+CN30 -> 2245.4702 | DD30: =D30+K30+R30+Z30+AG30+AN30+BD30+BZ30+CO30 -> 1784.8489 | DE30: =DB30+DC30 -> 4738.3702 | DF30: =DB30+DD30 -> 4277.7489 | DG30: =DB30/DE30 -> 0.52610917 | DH30: =DB30/DF30 -> 0.58275977 | DI30: ='Table 1'!G36 -> 3858.5883 | DJ30: =DF30 -> 4277.7489 | DK30: =(DJ30-DI30)/DI30 -> 0.10863057 | DL30: ='Table 1'!M36 -> 0.63339227 | DM30: =DH30 -> 0.58275977 | DN30: =DM30-DL30 -> -0.0506325
A31: 1971 | B31: 160.3 | C31: 523.1 | D31: 448.74954 | E31: =B31+C31 -> 683.4 | F31: =B31+D31 -> 609.04954 | G31: =B31/E31 -> 0.23456248 | H31: =B31/F31 -> 0.26319698 | I31: 16.8 | J31: 11.3 | K31: 5.2507479 | L31: =I31+J31 -> 28.1 | M31: =I31+K31 -> 22.050748 | N31: =I31/L31 -> 0.59786477 | O31: =I31/M31 -> 0.76187892 | P31: 794.2 | Q31: 538.6 | R31: 436.2014 | S31: =P31+Q31 -> 1332.8 | T31: =P31+R31 -> 1230.4014 | U31: =P31/S31 -> 0.59588836 | V31: =P31/T31 -> 0.64548041 | W31: 1971 | X31: 246.8 | Y31: 126.48167 | Z31: 658 | AA31: =X31+Y31 -> 373.28167 | AB31: =X31+Z31 -> 904.8 | AC31: =X31/AA31 -> 0.66116292 | AD31: =X31/AB31 -> 0.27276746 | AE31: 41.9 | AF31: 108.6 | AG31: 44.090037 | AH31: =AE31+AF31 -> 150.5 | AI31: =AE31+AG31 -> 85.990037 | AJ31: =AE31/AH31 -> 0.27840532 | AK31: =AE31/AI31 -> 0.48726575 | AL31: 349.8 | AM31: 148.63217 | AN31: 17.883231 | AO31: =AL31+AM31 -> 498.43217 | AP31: =AL31+AN31 -> 367.68323 | AQ31: =AL31/AO31 -> 0.70180061 | AR31: =AL31/AP31 -> 0.9513624 | AS31: 1971 | AT31: 457.20333 | AU31: 396.80667 | AV31: 303.82 | AW31: =AT31+AU31 -> 854.01 | AX31: =AT31+AV31 -> 761.02333 | AY31: =AT31/AW31 -> 0.53536063 | AZ31: =AT31/AX31 -> 0.6007744 | BA31: 1971 | BB31: 514.8 | BC31: 585.7 | BE31: =BB31+BC31 -> 1100.5 | BG31: =BB31/BE31 -> 0.46778737 | BI31: 1971 | BJ31: 112.05833 | BK31: 55.413333 | BL31: 41.751667 | BM31: =BJ31+BK31 -> 167.47167 | BN31: =BJ31+BL31 -> 153.81 | BO31: =BJ31/BM31 -> 0.66911816 | BP31: =BJ31/BN31 -> 0.72855038 | BX31: 187.6 | BY31: 305.6 | CA31: =BX31+BY31 -> 493.2 | CC31: =BX31/CA31 -> 0.38037307 | CE31: 1971 | CF31: 878.44833 | CG31: 461.89167 | CH31: 302.595 | CI31: =CF31+CG31 -> 1340.34 | CJ31: =CF31+CH31 -> 1181.0433 | CK31: =CF31/CI31 -> 0.65539216 | CL31: =CF31/CJ31 -> 0.7437901 | CM31: 681.2 | CN31: 106.2 | CP31: =CM31+CN31 -> 787.4 | CR31: =CM31/CP31 -> 0.86512573 | CT31: 224.68 | CU31: 34.165 | CV31: 9.9983333 | CW31: =CT31+CU31 -> 258.845 | CX31: =CT31+CV31 -> 234.67833 | CY31: =CT31/CW31 -> 0.86800981 | CZ31: =CT31/CX31 -> 0.95739558 | DA31: 1971 | DB31: =B31+I31+P31+X31+AE31+AL31+BB31+BX31+CM31 -> 2993.4 | DC31: =C31+J31+Q31+Y31+AF31+AM31+BC31+BY31+CN31 -> 2454.2138 | DD31: =D31+K31+R31+Z31+AG31+AN31+BD31+BZ31+CO31 -> 1610.175 | DE31: =DB31+DC31 -> 5447.6138 | DF31: =DB31+DD31 -> 4603.575 | DG31: =DB31/DE31 -> 0.54948829 | DH31: =DB31/DF31 -> 0.65023379 | DI31: ='Table 1'!G37 -> 4395.644 | DJ31: =DF31 -> 4603.575 | DK31: =(DJ31-DI31)/DI31 -> 0.047303873 | DL31: ='Table 1'!M37 -> 0.66998147 | DM31: =DH31 -> 0.65023379 | DN31: =DM31-DL31 -> -0.019747676
A32: 1972 | B32: 144 | C32: 640 | D32: 527 | E32: =B32+C32 -> 784 | F32: =B32+D32 -> 671 | G32: =B32/E32 -> 0.18367347 | H32: =B32/F32 -> 0.21460507 | I32: 21 | J32: 29 | K32: 17 | L32: =I32+J32 -> 50 | M32: =I32+K32 -> 38 | N32: =I32/L32 -> 0.42 | O32: =I32/M32 -> 0.55263158 | P32: 868 | Q32: 583 | R32: 457 | S32: =P32+Q32 -> 1451 | T32: =P32+R32 -> 1325 | U32: =P32/S32 -> 0.59820813 | V32: =P32/T32 -> 0.65509434 | W32: 1972 | X32: 291 | Y32: 154 | Z32: 120 | AA32: =X32+Y32 -> 445 | AB32: =X32+Z32 -> 411 | AC32: =X32/AA32 -> 0.65393258 | AD32: =X32/AB32 -> 0.7080292 | AE32: 59 | AF32: 122 | AG32: 77 | AH32: =AE32+AF32 -> 181 | AI32: =AE32+AG32 -> 136 | AJ32: =AE32/AH32 -> 0.32596685 | AK32: =AE32/AI32 -> 0.43382353 | AL32: 417 | AM32: 192 | AN32: 48 | AO32: =AL32+AM32 -> 609 | AP32: =AL32+AN32 -> 465 | AQ32: =AL32/AO32 -> 0.68472906 | AR32: =AL32/AP32 -> 0.89677419 | AS32: 1972 | AT32: 488 | AU32: 367 | AV32: 317 | AW32: =AT32+AU32 -> 855 | AX32: =AT32+AV32 -> 805 | AY32: =AT32/AW32 -> 0.57076023 | AZ32: =AT32/AX32 -> 0.60621118 | BA32: 1972 | BB32: 560 | BC32: 421 | BD32: 363 | BE32: =BB32+BC32 -> 981 | BF32: =BB32+BD32 -> 923 | BG32: =BB32/BE32 -> 0.57084608 | BH32: =BB32/BF32 -> 0.60671723 | BI32: 1972 | BJ32: 119 | BK32: 62 | BL32: 48 | BM32: =BJ32+BL32 -> 167 | BN32: =BJ32+BL32 -> 167 | BO32: =BJ32/BM32 -> 0.71257485 | BP32: =BJ32/BN32 -> 0.71257485 | BQ32: 153 | BR32: 245 | BS32: 164 | BT32: =BQ32+BR32 -> 398 | BU32: =BQ32+BS32 -> 317 | BV32: =BQ32/BT32 -> 0.38442211 | BW32: =BQ32/BU32 -> 0.48264984 | BX32: 267 | BY32: 365 | BZ32: 249 | CA32: =BX32+BY32 -> 632 | CB32: =BX32+BZ32 -> 516 | CC32: =BX32/CA32 -> 0.42246835 | CD32: =BX32/CB32 -> 0.51744186 | CE32: 1972 | CF32: 971 | CG32: 531 | CH32: 343 | CI32: =CF32+CG32 -> 1502 | CJ32: =CF32+CH32 -> 1314 | CK32: =CF32/CI32 -> 0.64647137 | CL32: =CF32/CJ32 -> 0.73896499 | CM32: 751 | CN32: 174 | CO32: 92 | CP32: =CM32+CN32 -> 925 | CQ32: =CM32+CO32 -> 843 | CR32: =CM32/CP32 -> 0.81189189 | CS32: =CM32/CQ32 -> 0.89086595 | CT32: 218 | CU32: 40 | CV32: 11 | CW32: =CT32+CU32 -> 258 | CX32: =CT32+CV32 -> 229 | CY32: =CT32/CW32 -> 0.84496124 | CZ32: =CT32/CX32 -> 0.95196507 | DA32: 1972 | DB32: =B32+I32+P32+X32+AE32+AL32+BB32+BX32+CM32 -> 3378 | DC32: =C32+J32+Q32+Y32+AF32+AM32+BC32+BY32+CN32 -> 2680 | DD32: =D32+K32+R32+Z32+AG32+AN32+BD32+BZ32+CO32 -> 1950 | DE32: =DB32+DC32 -> 6058 | DF32: =DB32+DD32 -> 5328 | DG32: =DB32/DE32 -> 0.55760977 | DH32: =DB32/DF32 -> 0.63400901 | DI32: ='Table 1'!G38 -> 5331 | DJ32: =DF32 -> 5328 | DK32: =(DJ32-DI32)/DI32 -> -0.0005627462 | DL32: ='Table 1'!M38 -> 0.63365222 | DM32: =DH32 -> 0.63400901 | DN32: =DM32-DL32 -> 0.00035678616
A33: 1973 | B33: 176 | C33: 848 | D33: 721 | E33: =B33+C33 -> 1024 | F33: =B33+D33 -> 897 | G33: =B33/E33 -> 0.171875 | H33: =B33/F33 -> 0.19620959 | I33: 24 | J33: 32 | K33: 19 | L33: =I33+J33 -> 56 | M33: =I33+K33 -> 43 | N33: =I33/L33 -> 0.42857143 | O33: =I33/M33 -> 0.55813953 | P33: 974 | Q33: 630 | R33: 484 | S33: =P33+Q33 -> 1604 | T33: =P33+R33 -> 1458 | U33: =P33/S33 -> 0.60723192 | V33: =P33/T33 -> 0.66803841 | W33: 1973 | X33: 323 | Y33: 203 | Z33: 164 | AA33: =X33+Y33 -> 526 | AB33: =X33+Z33 -> 487 | AC33: =X33/AA33 -> 0.61406844 | AD33: =X33/AB33 -> 0.66324435 | AE33: 68 | AF33: 129 | AG33: 79 | AH33: =AE33+AF33 -> 197 | AI33: =AE33+AG33 -> 147 | AJ33: =AE33/AH33 -> 0.34517766 | AK33: =AE33/AI33 -> 0.46258503 | AL33: 455 | AM33: 210 | AN33: 47 | AO33: =AL33+AM33 -> 665 | AP33: =AL33+AN33 -> 502 | AQ33: =AL33/AO33 -> 0.68421053 | AR33: =AL33/AP33 -> 0.9063745 | AS33: 1973 | AT33: 554 | AU33: 432 | AV33: 373 | AW33: =AT33+AU33 -> 986 | AX33: =AT33+AV33 -> 927 | AY33: =AT33/AW33 -> 0.56186613 | AZ33: =AT33/AX33 -> 0.59762675 | BA33: 1973 | BB33: 631 | BC33: 492 | BD33: 423 | BE33: =BB33+BC33 -> 1123 | BF33: =BB33+BD33 -> 1054 | BG33: =BB33/BE33 -> 0.5618878 | BH33: =BB33/BF33 -> 0.59867173 | BI33: 1973 | BJ33: 128 | BK33: 95 | BL33: 77 | BM33: =BJ33+BL33 -> 205 | BN33: =BJ33+BL33 -> 205 | BO33: =BJ33/BM33 -> 0.62439024 | BP33: =BJ33/BN33 -> 0.62439024 | BQ33: 170 | BR33: 298 | BS33: 204 | BT33: =BQ33+BR33 -> 468 | BU33: =BQ33+BS33 -> 374 | BV33: =BQ33/BT33 -> 0.36324786 | BW33: =BQ33/BU33 -> 0.45454545 | BX33: 296 | BY33: 439 | BZ33: 305 | CA33: =BX33+BY33 -> 735 | CB33: =BX33+BZ33 -> 601 | CC33: =BX33/CA33 -> 0.40272109 | CD33: =BX33/CB33 -> 0.49251248 | CE33: 1973 | CF33: 1098 | CG33: 599 | CH33: 383 | CI33: =CF33+CG33 -> 1697 | CJ33: =CF33+CH33 -> 1481 | CK33: =CF33/CI33 -> 0.64702416 | CL33: =CF33/CJ33 -> 0.74139095 | CM33: 853 | CN33: 195 | CO33: 103 | CP33: =CM33+CN33 -> 1048 | CQ33: =CM33+CO33 -> 956 | CR33: =CM33/CP33 -> 0.8139313 | CS33: =CM33/CQ33 -> 0.89225941 | CT33: 243 | CU33: 47 | CV33: 16 | CW33: =CT33+CU33 -> 290 | CX33: =CT33+CV33 -> 259 | CY33: =CT33/CW33 -> 0.83793103 | CZ33: =CT33/CX33 -> 0.93822394 | DA33: 1973 | DB33: =B33+I33+P33+X33+AE33+AL33+BB33+BX33+CM33 -> 3800 | DC33: =C33+J33+Q33+Y33+AF33+AM33+BC33+BY33+CN33 -> 3178 | DD33: =D33+K33+R33+Z33+AG33+AN33+BD33+BZ33+CO33 -> 2345 | DE33: =DB33+DC33 -> 6978 | DF33: =DB33+DD33 -> 6145 | DG33: =DB33/DE33 -> 0.54456864 | DH33: =DB33/DF33 -> 0.61838893 | DI33: ='Table 1'!G39 -> 6146 | DJ33: =DF33 -> 6145 | DK33: =(DJ33-DI33)/DI33 -> -0.00016270745 | DL33: ='Table 1'!M39 -> 0.6178002 | DM33: =DH33 -> 0.61838893 | DN33: =DM33-DL33 -> 0.00058873884
